Workbook

Sheet Analitico

Sheet Banco
B1: BANCO DE CUSTOS - REFERÊNCIA 1.10 | I1: AS = ATRIBUÍDO SÃO PAULO
B2: DATA PREÇO / RT (SINAPI): | D2: LOCALIDADE / DATA EMISSÃO (SINAPI): | I2: CR = COEFICIENTE DE REPRESENTATIVIDADE
B3: 07/2024 | D3: BELO HORIZONTE | I3: C = COLETADO
B4: 14/08/2024 | I4: ORIGEM DO PREÇO
B5: FONTE | C5: CÓDIGO | D5: DESCRIÇÃO | E5: UNIDADE | F5: CUSTO UNITÁRIO DESONERADO | G5: CUSTO UNITÁRIO NÃO DESONERADO | J5: % MO DESONERADO | K5: % MO NÃO DESONERADO
A7: =CONCATENAR -> 0 0 | B7: =OFFSET(Composições!$A$1,MATCH(COUNTIF($H$1:$H7,"Composições"),Composições!$K:$K,0)-1,COLUMN(Banco!B$6)-1) -> 0 | C7: =OFFSET(Composições!$A$1,MATCH(COUNTIF($H$1:$H7,"Composições"),Composições!$K:$K,0)-1,COLUMN(Banco!C$6)-1) -> 0 | D7: =IF(COUNTIF(OFFSET(Banco!$A$6,1,0,NCOMPOSICOES),$A7)>1,"CÓDIGO REPETIDO",OFFSET(Composições!$A$1,MATCH(COUNTIF($H$1:$H7,"Composições"),Composições!$K:$K,0)-1,COLUMN(Banco!D$6)-1)) -> CÓDIGO REPETIDO | E7: =OFFSET(Composições!$A$1,MATCH(COUNTIF($H$1:$H7,"Composições"),Composições!$K:$K,0)-1,COLUMN(Banco!E$6)-1) -> 0 | F7: =OFFSET(Composições!$A$1,MATCH(COUNTIF($H$1:$H7,"Composições"),Composições!$K:$K,0)-1,COLUMN(Banco!F$6)-1) -> 0 | G7: =OFFSET(Composições!$A$1,MATCH(COUNTIF($H$1:$H7,"Composições"),Composições!$K:$K,0)-1,COLUMN(Banco!G$6)-1) -> 0 | H7: Composições
A8: =CONCATENAR -> 0 0 | B8: =OFFSET(Composições!$A$1,MATCH(COUNTIF($H$1:$H8,"Composições"),Composições!$K:$K,0)-1,COLUMN(Banco!B$6)-1) -> 0 | C8: =OFFSET(Composições!$A$1,MATCH(COUNTIF($H$1:$H8,"Composições"),Composições!$K:$K,0)-1,COLUMN(Banco!C$6)-1) -> 0 | D8: =IF(COUNTIF(OFFSET(Banco!$A$6,1,0,NCOMPOSICOES),$A8)>1,"CÓDIGO REPETIDO",OFFSET(Composições!$A$1,MATCH(COUNTIF($H$1:$H8,"Composições"),Composições!$K:$K,0)-1,COLUMN(Banco!D$6)-1)) -> CÓDIGO REPETIDO | E8: =OFFSET(Composições!$A$1,MATCH(COUNTIF($H$1:$H8,"Composições"),Composições!$K:$K,0)-1,COLUMN(Banco!E$6)-1) -> 0 | F8: =OFFSET(Composições!$A$1,MATCH(COUNTIF($H$1:$H8,"Composições"),Composições!$K:$K,0)-1,COLUMN(Banco!F$6)-1) -> 0 | G8: =OFFSET(Composições!$A$1,MATCH(COUNTIF($H$1:$H8,"Composições"),Composições!$K:$K,0)-1,COLUMN(Banco!G$6)-1) -> 0 | H8: Composições
A9: =CONCATENAR -> 0 0 | B9: =OFFSET(Composições!$A$1,MATCH(COUNTIF($H$1:$H9,"Composições"),Composições!$K:$K,0)-1,COLUMN(Banco!B$6)-1) -> 0 | C9: =OFFSET(Composições!$A$1,MATCH(COUNTIF($H$1:$H9,"Composições"),Composições!$K:$K,0)-1,COLUMN(Banco!C$6)-1) -> 0 | D9: =IF(COUNTIF(OFFSET(Banco!$A$6,1,0,NCOMPOSICOES),$A9)>1,"CÓDIGO REPETIDO",OFFSET(Composições!$A$1,MATCH(COUNTIF($H$1:$H9,"Composições"),Composições!$K:$K,0)-1,COLUMN(Banco!D$6)-1)) -> CÓDIGO REPETIDO | E9: =OFFSET(Composições!$A$1,MATCH(COUNTIF($H$1:$H9,"Composições"),Composições!$K:$K,0)-1,COLUMN(Banco!E$6)-1) -> 0 | F9: =OFFSET(Composições!$A$1,MATCH(COUNTIF($H$1:$H9,"Composições"),Composições!$K:$K,0)-1,COLUMN(Banco!F$6)-1) -> 0 | G9: =OFFSET(Composições!$A$1,MATCH(COUNTIF($H$1:$H9,"Composições"),Composições!$K:$K,0)-1,COLUMN(Banco!G$6)-1) -> 0 | H9: Composições
A10: =CONCATENAR -> 0 0 | B10: =OFFSET(Composições!$A$1,MATCH(COUNTIF($H$1:$H10,"Composições"),Composições!$K:$K,0)-1,COLUMN(Banco!B$6)-1) -> 0 | C10: =OFFSET(Composições!$A$1,MATCH(COUNTIF($H$1:$H10,"Composições"),Composições!$K:$K,0)-1,COLUMN(Banco!C$6)-1) -> 0 | D10: =IF(COUNTIF(OFFSET(Banco!$A$6,1,0,NCOMPOSICOES),$A10)>1,"CÓDIGO REPETIDO",OFFSET(Composições!$A$1,MATCH(COUNTIF($H$1:$H10,"Composições"),Composições!$K:$K,0)-1,COLUMN(Banco!D$6)-1)) -> CÓDIGO REPETIDO | E10: =OFFSET(Composições!$A$1,MATCH(COUNTIF($H$1:$H10,"Composições"),Composições!$K:$K,0)-1,COLUMN(Banco!E$6)-1) -> 0 | F10: =OFFSET(Composições!$A$1,MATCH(COUNTIF($H$1:$H10,"Composições"),Composições!$K:$K,0)-1,COLUMN(Banco!F$6)-1) -> 0 | G10: =OFFSET(Composições!$A$1,MATCH(COUNTIF($H$1:$H10,"Composições"),Composições!$K:$K,0)-1,COLUMN(Banco!G$6)-1) -> 0 | H10: Composições
A11: =CONCATENAR -> 0 0 | B11: =OFFSET(Composições!$A$1,MATCH(COUNTIF($H$1:$H11,"Composições"),Composições!$K:$K,0)-1,COLUMN(Banco!B$6)-1) -> 0 | C11: =OFFSET(Composições!$A$1,MATCH(COUNTIF($H$1:$H11,"Composições"),Composições!$K:$K,0)-1,COLUMN(Banco!C$6)-1) -> 0 | D11: =IF(COUNTIF(OFFSET(Banco!$A$6,1,0,NCOMPOSICOES),$A11)>1,"CÓDIGO REPETIDO",OFFSET(Composições!$A$1,MATCH(COUNTIF($H$1:$H11,"Composições"),Composições!$K:$K,0)-1,COLUMN(Banco!D$6)-1)) -> CÓDIGO REPETIDO | E11: =OFFSET(Composições!$A$1,MATCH(COUNTIF($H$1:$H11,"Composições"),Composições!$K:$K,0)-1,COLUMN(Banco!E$6)-1) -> 0 | F11: =OFFSET(Composições!$A$1,MATCH(COUNTIF($H$1:$H11,"Composições"),Composições!$K:$K,0)-1,COLUMN(Banco!F$6)-1) -> 0 | G11: =OFFSET(Composições!$A$1,MATCH(COUNTIF($H$1:$H11,"Composições"),Composições!$K:$K,0)-1,COLUMN(Banco!G$6)-1) -> 0 | H11: Composições
A12: =CONCATENAR -> 0 0 | B12: =OFFSET(Composições!$A$1,MATCH(COUNTIF($H$1:$H12,"Composições"),Composições!$K:$K,0)-1,COLUMN(Banco!B$6)-1) -> 0 | C12: =OFFSET(Composições!$A$1,MATCH(COUNTIF($H$1:$H12,"Composições"),Composições!$K:$K,0)-1,COLUMN(Banco!C$6)-1) -> 0 | D12: =IF(COUNTIF(OFFSET(Banco!$A$6,1,0,NCOMPOSICOES),$A12)>1,"CÓDIGO REPETIDO",OFFSET(Composições!$A$1,MATCH(COUNTIF($H$1:$H12,"Composições"),Composições!$K:$K,0)-1,COLUMN(Banco!D$6)-1)) -> CÓDIGO REPETIDO | E12: =OFFSET(Composições!$A$1,MATCH(COUNTIF($H$1:$H12,"Composições"),Composições!$K:$K,0)-1,COLUMN(Banco!E$6)-1) -> 0 | F12: =OFFSET(Composições!$A$1,MATCH(COUNTIF($H$1:$H12,"Composições"),Composições!$K:$K,0)-1,COLUMN(Banco!F$6)-1) -> 0 | G12: =OFFSET(Composições!$A$1,MATCH(COUNTIF($H$1:$H12,"Composições"),Composições!$K:$K,0)-1,COLUMN(Banco!G$6)-1) -> 0 | H12: Composições
A13: =CONCATENAR -> 0 0 | B13: =OFFSET(Composições!$A$1,MATCH(COUNTIF($H$1:$H13,"Composições"),Composições!$K:$K,0)-1,COLUMN(Banco!B$6)-1) -> 0 | C13: =OFFSET(Composições!$A$1,MATCH(COUNTIF($H$1:$H13,"Composições"),Composições!$K:$K,0)-1,COLUMN(Banco!C$6)-1) -> 0 | D13: =IF(COUNTIF(OFFSET(Banco!$A$6,1,0,NCOMPOSICOES),$A13)>1,"CÓDIGO REPETIDO",OFFSET(Composições!$A$1,MATCH(COUNTIF($H$1:$H13,"Composições"),Composições!$K:$K,0)-1,COLUMN(Banco!D$6)-1)) -> CÓDIGO REPETIDO | E13: =OFFSET(Composições!$A$1,MATCH(COUNTIF($H$1:$H13,"Composições"),Composições!$K:$K,0)-1,COLUMN(Banco!E$6)-1) -> 0 | F13: =OFFSET(Composições!$A$1,MATCH(COUNTIF($H$1:$H13,"Composições"),Composições!$K:$K,0)-1,COLUMN(Banco!F$6)-1) -> 0 | G13: =OFFSET(Composições!$A$1,MATCH(COUNTIF($H$1:$H13,"Composições"),Composições!$K:$K,0)-1,COLUMN(Banco!G$6)-1) -> 0 | H13: Composições
A14: =CONCATENAR -> 0 0 | B14: =OFFSET(Composições!$A$1,MATCH(COUNTIF($H$1:$H14,"Composições"),Composições!$K:$K,0)-1,COLUMN(Banco!B$6)-1) -> 0 | C14: =OFFSET(Composições!$A$1,MATCH(COUNTIF($H$1:$H14,"Composições"),Composições!$K:$K,0)-1,COLUMN(Banco!C$6)-1) -> 0 | D14: =IF(COUNTIF(OFFSET(Banco!$A$6,1,0,NCOMPOSICOES),$A14)>1,"CÓDIGO REPETIDO",OFFSET(Composições!$A$1,MATCH(COUNTIF($H$1:$H14,"Composições"),Composições!$K:$K,0)-1,COLUMN(Banco!D$6)-1)) -> CÓDIGO REPETIDO | E14: =OFFSET(Composições!$A$1,MATCH(COUNTIF($H$1:$H14,"Composições"),Composições!$K:$K,0)-1,COLUMN(Banco!E$6)-1) -> 0 | F14: =OFFSET(Composições!$A$1,MATCH(COUNTIF($H$1:$H14,"Composições"),Composições!$K:$K,0)-1,COLUMN(Banco!F$6)-1) -> 0 | G14: =OFFSET(Composições!$A$1,MATCH(COUNTIF($H$1:$H14,"Composições"),Composições!$K:$K,0)-1,COLUMN(Banco!G$6)-1) -> 0 | H14: Composições
A15: =CONCATENAR -> 0 0 | B15: =OFFSET(Composições!$A$1,MATCH(COUNTIF($H$1:$H15,"Composições"),Composições!$K:$K,0)-1,COLUMN(Banco!B$6)-1) -> 0 | C15: =OFFSET(Composições!$A$1,MATCH(COUNTIF($H$1:$H15,"Composições"),Composições!$K:$K,0)-1,COLUMN(Banco!C$6)-1) -> 0 | D15: =IF(COUNTIF(OFFSET(Banco!$A$6,1,0,NCOMPOSICOES),$A15)>1,"CÓDIGO REPETIDO",OFFSET(Composições!$A$1,MATCH(COUNTIF($H$1:$H15,"Composições"),Composições!$K:$K,0)-1,COLUMN(Banco!D$6)-1)) -> CÓDIGO REPETIDO | E15: =OFFSET(Composições!$A$1,MATCH(COUNTIF($H$1:$H15,"Composições"),Composições!$K:$K,0)-1,COLUMN(Banco!E$6)-1) -> 0 | F15: =OFFSET(Composições!$A$1,MATCH(COUNTIF($H$1:$H15,"Composições"),Composições!$K:$K,0)-1,COLUMN(Banco!F$6)-1) -> 0 | G15: =OFFSET(Composições!$A$1,MATCH(COUNTIF($H$1:$H15,"Composições"),Composições!$K:$K,0)-1,COLUMN(Banco!G$6)-1) -> 0 | H15: Composições
A16: =CONCATENAR -> 0 0 | B16: =OFFSET(Composições!$A$1,MATCH(COUNTIF($H$1:$H16,"Composições"),Composições!$K:$K,0)-1,COLUMN(Banco!B$6)-1) -> 0 | C16: =OFFSET(Composições!$A$1,MATCH(COUNTIF($H$1:$H16,"Composições"),Composições!$K:$K,0)-1,COLUMN(Banco!C$6)-1) -> 0 | D16: =IF(COUNTIF(OFFSET(Banco!$A$6,1,0,NCOMPOSICOES),$A16)>1,"CÓDIGO REPETIDO",OFFSET(Composições!$A$1,MATCH(COUNTIF($H$1:$H16,"Composições"),Composições!$K:$K,0)-1,COLUMN(Banco!D$6)-1)) -> CÓDIGO REPETIDO | E16: =OFFSET(Composições!$A$1,MATCH(COUNTIF($H$1:$H16,"Composições"),Composições!$K:$K,0)-1,COLUMN(Banco!E$6)-1) -> 0 | F16: =OFFSET(Composições!$A$1,MATCH(COUNTIF($H$1:$H16,"Composições"),Composições!$K:$K,0)-1,COLUMN(Banco!F$6)-1) -> 0 | G16: =OFFSET(Composições!$A$1,MATCH(COUNTIF($H$1:$H16,"Composições"),Composições!$K:$K,0)-1,COLUMN(Banco!G$6)-1) -> 0 | H16: Composições
A17: =CONCATENAR -> 0 0 | B17: =OFFSET(Composições!$A$1,MATCH(COUNTIF($H$1:$H17,"Composições"),Composições!$K:$K,0)-1,COLUMN(Banco!B$6)-1) -> 0 | C17: =OFFSET(Composições!$A$1,MATCH(COUNTIF($H$1:$H17,"Composições"),Composições!$K:$K,0)-1,COLUMN(Banco!C$6)-1) -> 0 | D17: =IF(COUNTIF(OFFSET(Banco!$A$6,1,0,NCOMPOSICOES),$A17)>1,"CÓDIGO REPETIDO",OFFSET(Composições!$A$1,MATCH(COUNTIF($H$1:$H17,"Composições"),Composições!$K:$K,0)-1,COLUMN(Banco!D$6)-1)) -> CÓDIGO REPETIDO | E17: =OFFSET(Composições!$A$1,MATCH(COUNTIF($H$1:$H17,"Composições"),Composições!$K:$K,0)-1,COLUMN(Banco!E$6)-1) -> 0 | F17: =OFFSET(Composições!$A$1,MATCH(COUNTIF($H$1:$H17,"Composições"),Composições!$K:$K,0)-1,COLUMN(Banco!F$6)-1) -> 0 | G17: =OFFSET(Composições!$A$1,MATCH(COUNTIF($H$1:$H17,"Composições"),Composições!$K:$K,0)-1,COLUMN(Banco!G$6)-1) -> 0 | H17: Composições
A18: =CONCATENAR -> 0 0 | B18: =OFFSET(Composições!$A$1,MATCH(COUNTIF($H$1:$H18,"Composições"),Composições!$K:$K,0)-1,COLUMN(Banco!B$6)-1) -> 0 | C18: =OFFSET(Composições!$A$1,MATCH(COUNTIF($H$1:$H18,"Composições"),Composições!$K:$K,0)-1,COLUMN(Banco!C$6)-1) -> 0 | D18: =IF(COUNTIF(OFFSET(Banco!$A$6,1,0,NCOMPOSICOES),$A18)>1,"CÓDIGO REPETIDO",OFFSET(Composições!$A$1,MATCH(COUNTIF($H$1:$H18,"Composições"),Composições!$K:$K,0)-1,COLUMN(Banco!D$6)-1)) -> CÓDIGO REPETIDO | E18: =OFFSET(Composições!$A$1,MATCH(COUNTIF($H$1:$H18,"Composições"),Composições!$K:$K,0)-1,COLUMN(Banco!E$6)-1) -> 0 | F18: =OFFSET(Composições!$A$1,MATCH(COUNTIF($H$1:$H18,"Composições"),Composições!$K:$K,0)-1,COLUMN(Banco!F$6)-1) -> 0 | G18: =OFFSET(Composições!$A$1,MATCH(COUNTIF($H$1:$H18,"Composições"),Composições!$K:$K,0)-1,COLUMN(Banco!G$6)-1) -> 0 | H18: Composições
... A21: =CONCATENAR -> 0 0 | B21: =OFFSET(Composições!$A$1,MATCH(COUNTIF($H$1:$H21,"Composições"),Composições!$K:$K,0)-1,COLUMN(Banco!B$6)-1) -> 0 | C21: =OFFSET(Composições!$A$1,MATCH(COUNTIF($H$1:$H21,"Composições"),Composições!$K:$K,0)-1,COLUMN(Banco!C$6)-1) -> 0 | D21: =IF(COUNTIF(OFFSET(Banco!$A$6,1,0,NCOMPOSICOES),$A21)>1,"CÓDIGO REPETIDO",OFFSET(Composições!$A$1,MATCH(COUNTIF($H$1:$H21,"Composições"),Composições!$K:$K,0)-1,COLUMN(Banco!D$6)-1)) -> CÓDIGO REPETIDO | E21: =OFFSET(Composições!$A$1,MATCH(COUNTIF($H$1:$H21,"Composições"),Composições!$K:$K,0)-1,COLUMN(Banco!E$6)-1) -> 0 | F21: =OFFSET(Composições!$A$1,MATCH(COUNTIF($H$1:$H21,"Composições"),Composições!$K:$K,0)-1,COLUMN(Banco!F$6)-1) -> 0 | G21: =OFFSET(Composições!$A$1,MATCH(COUNTIF($H$1:$H21,"Composições"),Composições!$K:$K,0)-1,COLUMN(Banco!G$6)-1) -> 0 | H21: Composições
A22: =CONCATENAR -> COTAÇÃO 0 | B22: =OFFSET(Cotações!$A$1,MATCH(COUNTIF($H$1:$H22,"Cotações"),Cotações!$J:$J,0)-1,COLUMN(Banco!B$6)-1) -> COTAÇÃO | C22: =OFFSET(Cotações!$A$1,MATCH(COUNTIF($H$1:$H22,"Cotações"),Cotações!$J:$J,0)-1,COLUMN(Banco!C$6)-1) -> 0 | D22: =IF(COUNTIF(OFFSET(Banco!$A$6,1+NCOMPOSICOES,0,NCOTACOES),$A22)>1,"CÓDIGO REPETIDO",OFFSET(Cotações!$A$1,MATCH(COUNTIF($H$1:$H22,"Cotações"),Cotações!$J:$J,0)-1,COLUMN(Banco!D$6)-1)) -> CÓDIGO REPETIDO | E22: =OFFSET(Cotações!$A$1,MATCH(COUNTIF($H$1:$H22,"Cotações"),Cotações!$J:$J,0)-1,COLUMN(Banco!E$6)-1) -> 0 | F22: =OFFSET(Cotações!$A$1,MATCH(COUNTIF($H$1:$H22,"Cotações"),Cotações!$J:$J,0)-1,COLUMN(Banco!F$6)-1) -> #NUM! | G22: =OFFSET(Cotações!$A$1,MATCH(COUNTIF($H$1:$H22,"Cotações"),Cotações!$J:$J,0)-1,COLUMN(Banco!F$6)-1) -> #NUM! | H22: Cotações
A23: =CONCATENAR -> COTAÇÃO 0 | B23: =OFFSET(Cotações!$A$1,MATCH(COUNTIF($H$1:$H23,"Cotações"),Cotações!$J:$J,0)-1,COLUMN(Banco!B$6)-1) -> COTAÇÃO | C23: =OFFSET(Cotações!$A$1,MATCH(COUNTIF($H$1:$H23,"Cotações"),Cotações!$J:$J,0)-1,COLUMN(Banco!C$6)-1) -> 0 | D23: =IF(COUNTIF(OFFSET(Banco!$A$6,1+NCOMPOSICOES,0,NCOTACOES),$A23)>1,"CÓDIGO REPETIDO",OFFSET(Cotações!$A$1,MATCH(COUNTIF($H$1:$H23,"Cotações"),Cotações!$J:$J,0)-1,COLUMN(Banco!D$6)-1)) -> CÓDIGO REPETIDO | E23: =OFFSET(Cotações!$A$1,MATCH(COUNTIF($H$1:$H23,"Cotações"),Cotações!$J:$J,0)-1,COLUMN(Banco!E$6)-1) -> 0 | F23: =OFFSET(Cotações!$A$1,MATCH(COUNTIF($H$1:$H23,"Cotações"),Cotações!$J:$J,0)-1,COLUMN(Banco!F$6)-1) -> #NUM! | G23: =OFFSET(Cotações!$A$1,MATCH(COUNTIF($H$1:$H23,"Cotações"),Cotações!$J:$J,0)-1,COLUMN(Banco!F$6)-1) -> #NUM! | H23: Cotações
A24: =CONCATENAR -> COTAÇÃO 0 | B24: =OFFSET(Cotações!$A$1,MATCH(COUNTIF($H$1:$H24,"Cotações"),Cotações!$J:$J,0)-1,COLUMN(Banco!B$6)-1) -> COTAÇÃO | C24: =OFFSET(Cotações!$A$1,MATCH(COUNTIF($H$1:$H24,"Cotações"),Cotações!$J:$J,0)-1,COLUMN(Banco!C$6)-1) -> 0 | D24: =IF(COUNTIF(OFFSET(Banco!$A$6,1+NCOMPOSICOES,0,NCOTACOES),$A24)>1,"CÓDIGO REPETIDO",OFFSET(Cotações!$A$1,MATCH(COUNTIF($H$1:$H24,"Cotações"),Cotações!$J:$J,0)-1,COLUMN(Banco!D$6)-1)) -> CÓDIGO REPETIDO | E24: =OFFSET(Cotações!$A$1,MATCH(COUNTIF($H$1:$H24,"Cotações"),Cotações!$J:$J,0)-1,COLUMN(Banco!E$6)-1) -> 0 | F24: =OFFSET(Cotações!$A$1,MATCH(COUNTIF($H$1:$H24,"Cotações"),Cotações!$J:$J,0)-1,COLUMN(Banco!F$6)-1) -> #NUM! | G24: =OFFSET(Cotações!$A$1,MATCH(COUNTIF($H$1:$H24,"Cotações"),Cotações!$J:$J,0)-1,COLUMN(Banco!F$6)-1) -> #NUM! | H24: Cotações
A25: =CONCATENAR -> COTAÇÃO 0 | B25: =OFFSET(Cotações!$A$1,MATCH(COUNTIF($H$1:$H25,"Cotações"),Cotações!$J:$J,0)-1,COLUMN(Banco!B$6)-1) -> COTAÇÃO | C25: =OFFSET(Cotações!$A$1,MATCH(COUNTIF($H$1:$H25,"Cotações"),Cotações!$J:$J,0)-1,COLUMN(Banco!C$6)-1) -> 0 | D25: =IF(COUNTIF(OFFSET(Banco!$A$6,1+NCOMPOSICOES,0,NCOTACOES),$A25)>1,"CÓDIGO REPETIDO",OFFSET(Cotações!$A$1,MATCH(COUNTIF($H$1:$H25,"Cotações"),Cotações!$J:$J,0)-1,COLUMN(Banco!D$6)-1)) -> CÓDIGO REPETIDO | E25: =OFFSET(Cotações!$A$1,MATCH(COUNTIF($H$1:$H25,"Cotações"),Cotações!$J:$J,0)-1,COLUMN(Banco!E$6)-1) -> 0 | F25: =OFFSET(Cotações!$A$1,MATCH(COUNTIF($H$1:$H25,"Cotações"),Cotações!$J:$J,0)-1,COLUMN(Banco!F$6)-1) -> #NUM! | G25: =OFFSET(Cotações!$A$1,MATCH(COUNTIF($H$1:$H25,"Cotações"),Cotações!$J:$J,0)-1,COLUMN(Banco!F$6)-1) -> #NUM! | H25: Cotações
A26: =CONCATENAR -> COTAÇÃO 0 | B26: =OFFSET(Cotações!$A$1,MATCH(COUNTIF($H$1:$H26,"Cotações"),Cotações!$J:$J,0)-1,COLUMN(Banco!B$6)-1) -> COTAÇÃO | C26: =OFFSET(Cotações!$A$1,MATCH(COUNTIF($H$1:$H26,"Cotações"),Cotações!$J:$J,0)-1,COLUMN(Banco!C$6)-1) -> 0 | D26: =IF(COUNTIF(OFFSET(Banco!$A$6,1+NCOMPOSICOES,0,NCOTACOES),$A26)>1,"CÓDIGO REPETIDO",OFFSET(Cotações!$A$1,MATCH(COUNTIF($H$1:$H26,"Cotações"),Cotações!$J:$J,0)-1,COLUMN(Banco!D$6)-1)) -> CÓDIGO REPETIDO | E26: =OFFSET(Cotações!$A$1,MATCH(COUNTIF($H$1:$H26,"Cotações"),Cotações!$J:$J,0)-1,COLUMN(Banco!E$6)-1) -> 0 | F26: =OFFSET(Cotações!$A$1,MATCH(COUNTIF($H$1:$H26,"Cotações"),Cotações!$J:$J,0)-1,COLUMN(Banco!F$6)-1) -> #NUM! | G26: =OFFSET(Cotações!$A$1,MATCH(COUNTIF($H$1:$H26,"Cotações"),Cotações!$J:$J,0)-1,COLUMN(Banco!F$6)-1) -> #NUM! | H26: Cotações
A27: =CONCATENAR -> COTAÇÃO 0 | B27: =OFFSET(Cotações!$A$1,MATCH(COUNTIF($H$1:$H27,"Cotações"),Cotações!$J:$J,0)-1,COLUMN(Banco!B$6)-1) -> COTAÇÃO | C27: =OFFSET(Cotações!$A$1,MATCH(COUNTIF($H$1:$H27,"Cotações"),Cotações!$J:$J,0)-1,COLUMN(Banco!C$6)-1) -> 0 | D27: =IF(COUNTIF(OFFSET(Banco!$A$6,1+NCOMPOSICOES,0,NCOTACOES),$A27)>1,"CÓDIGO REPETIDO",OFFSET(Cotações!$A$1,MATCH(COUNTIF($H$1:$H27,"Cotações"),Cotações!$J:$J,0)-1,COLUMN(Banco!D$6)-1)) -> CÓDIGO REPETIDO | E27: =OFFSET(Cotações!$A$1,MATCH(COUNTIF($H$1:$H27,"Cotações"),Cotações!$J:$J,0)-1,COLUMN(Banco!E$6)-1) -> 0 | F27: =OFFSET(Cotações!$A$1,MATCH(COUNTIF($H$1:$H27,"Cotações"),Cotações!$J:$J,0)-1,COLUMN(Banco!F$6)-1) -> #NUM! | G27: =OFFSET(Cotações!$A$1,MATCH(COUNTIF($H$1:$H27,"Cotações"),Cotações!$J:$J,0)-1,COLUMN(Banco!F$6)-1) -> #NUM! | H27: Cotações
A28: =CONCATENAR -> COTAÇÃO 0 | B28: =OFFSET(Cotações!$A$1,MATCH(COUNTIF($H$1:$H28,"Cotações"),Cotações!$J:$J,0)-1,COLUMN(Banco!B$6)-1) -> COTAÇÃO | C28: =OFFSET(Cotações!$A$1,MATCH(COUNTIF($H$1:$H28,"Cotações"),Cotações!$J:$J,0)-1,COLUMN(Banco!C$6)-1) -> 0 | D28: =IF(COUNTIF(OFFSET(Banco!$A$6,1+NCOMPOSICOES,0,NCOTACOES),$A28)>1,"CÓDIGO REPETIDO",OFFSET(Cotações!$A$1,MATCH(COUNTIF($H$1:$H28,"Cotações"),Cotações!$J:$J,0)-1,COLUMN(Banco!D$6)-1)) -> CÓDIGO REPETIDO | E28: =OFFSET(Cotações!$A$1,MATCH(COUNTIF($H$1:$H28,"Cotações"),Cotações!$J:$J,0)-1,COLUMN(Banco!E$6)-1) -> 0 | F28: =OFFSET(Cotações!$A$1,MATCH(COUNTIF($H$1:$H28,"Cotações"),Cotações!$J:$J,0)-1,COLUMN(Banco!F$6)-1) -> #NUM! | G28: =OFFSET(Cotações!$A$1,MATCH(COUNTIF($H$1:$H28,"Cotações"),Cotações!$J:$J,0)-1,COLUMN(Banco!F$6)-1) -> #NUM! | H28: Cotações
A29: =CONCATENAR -> COTAÇÃO 0 | B29: =OFFSET(Cotações!$A$1,MATCH(COUNTIF($H$1:$H29,"Cotações"),Cotações!$J:$J,0)-1,COLUMN(Banco!B$6)-1) -> COTAÇÃO | C29: =OFFSET(Cotações!$A$1,MATCH(COUNTIF($H$1:$H29,"Cotações"),Cotações!$J:$J,0)-1,COLUMN(Banco!C$6)-1) -> 0 | D29: =IF(COUNTIF(OFFSET(Banco!$A$6,1+NCOMPOSICOES,0,NCOTACOES),$A29)>1,"CÓDIGO REPETIDO",OFFSET(Cotações!$A$1,MATCH(COUNTIF($H$1:$H29,"Cotações"),Cotações!$J:$J,0)-1,COLUMN(Banco!D$6)-1)) -> CÓDIGO REPETIDO | E29: =OFFSET(Cotações!$A$1,MATCH(COUNTIF($H$1:$H29,"Cotações"),Cotações!$J:$J,0)-1,COLUMN(Banco!E$6)-1) -> 0 | F29: =OFFSET(Cotações!$A$1,MATCH(COUNTIF($H$1:$H29,"Cotações"),Cotações!$J:$J,0)-1,COLUMN(Banco!F$6)-1) -> #NUM! | G29: =OFFSET(Cotações!$A$1,MATCH(COUNTIF($H$1:$H29,"Cotações"),Cotações!$J:$J,0)-1,COLUMN(Banco!F$6)-1) -> #NUM! | H29: Cotações
A30: =CONCATENAR -> COTAÇÃO 0 | B30: =OFFSET(Cotações!$A$1,MATCH(COUNTIF($H$1:$H30,"Cotações"),Cotações!$J:$J,0)-1,COLUMN(Banco!B$6)-1) -> COTAÇÃO | C30: =OFFSET(Cotações!$A$1,MATCH(COUNTIF($H$1:$H30,"Cotações"),Cotações!$J:$J,0)-1,COLUMN(Banco!C$6)-1) -> 0 | D30: =IF(COUNTIF(OFFSET(Banco!$A$6,1+NCOMPOSICOES,0,NCOTACOES),$A30)>1,"CÓDIGO REPETIDO",OFFSET(Cotações!$A$1,MATCH(COUNTIF($H$1:$H30,"Cotações"),Cotações!$J:$J,0)-1,COLUMN(Banco!D$6)-1)) -> CÓDIGO REPETIDO | E30: =OFFSET(Cotações!$A$1,MATCH(COUNTIF($H$1:$H30,"Cotações"),Cotações!$J:$J,0)-1,COLUMN(Banco!E$6)-1) -> 0 | F30: =OFFSET(Cotações!$A$1,MATCH(COUNTIF($H$1:$H30,"Cotações"),Cotações!$J:$J,0)-1,COLUMN(Banco!F$6)-1) -> #NUM! | G30: =OFFSET(Cotações!$A$1,MATCH(COUNTIF($H$1:$H30,"Cotações"),Cotações!$J:$J,0)-1,COLUMN(Banco!F$6)-1) -> #NUM! | H30: Cotações
A31: =CONCATENAR -> COTAÇÃO 0 | B31: =OFFSET(Cotações!$A$1,MATCH(COUNTIF($H$1:$H31,"Cotações"),Cotações!$J:$J,0)-1,COLUMN(Banco!B$6)-1) -> COTAÇÃO | C31: =OFFSET(Cotações!$A$1,MATCH(COUNTIF($H$1:$H31,"Cotações"),Cotações!$J:$J,0)-1,COLUMN(Banco!C$6)-1) -> 0 | D31: =IF(COUNTIF(OFFSET(Banco!$A$6,1+NCOMPOSICOES,0,NCOTACOES),$A31)>1,"CÓDIGO REPETIDO",OFFSET(Cotações!$A$1,MATCH(COUNTIF($H$1:$H31,"Cotações"),Cotações!$J:$J,0)-1,COLUMN(Banco!D$6)-1)) -> CÓDIGO REPETIDO | E31: =OFFSET(Cotações!$A$1,MATCH(COUNTIF($H$1:$H31,"Cotações"),Cotações!$J:$J,0)-1,COLUMN(Banco!E$6)-1) -> 0 | F31: =OFFSET(Cotações!$A$1,MATCH(COUNTIF($H$1:$H31,"Cotações"),Cotações!$J:$J,0)-1,COLUMN(Banco!F$6)-1) -> #NUM! | G31: =OFFSET(Cotações!$A$1,MATCH(COUNTIF($H$1:$H31,"Cotações"),Cotações!$J:$J,0)-1,COLUMN(Banco!F$6)-1) -> #NUM! | H31: Cotações
A32: =CONCATENAR -> COTAÇÃO 0 | B32: =OFFSET(Cotações!$A$1,MATCH(COUNTIF($H$1:$H32,"Cotações"),Cotações!$J:$J,0)-1,COLUMN(Banco!B$6)-1) -> COTAÇÃO | C32: =OFFSET(Cotações!$A$1,MATCH(COUNTIF($H$1:$H32,"Cotações"),Cotações!$J:$J,0)-1,COLUMN(Banco!C$6)-1) -> 0 | D32: =IF(COUNTIF(OFFSET(Banco!$A$6,1+NCOMPOSICOES,0,NCOTACOES),$A32)>1,"CÓDIGO REPETIDO",OFFSET(Cotações!$A$1,MATCH(COUNTIF($H$1:$H32,"Cotações"),Cotações!$J:$J,0)-1,COLUMN(Banco!D$6)-1)) -> CÓDIGO REPETIDO | E32: =OFFSET(Cotações!$A$1,MATCH(COUNTIF($H$1:$H32,"Cotações"),Cotações!$J:$J,0)-1,COLUMN(Banco!E$6)-1) -> 0 | F32: =OFFSET(Cotações!$A$1,MATCH(COUNTIF($H$1:$H32,"Cotações"),Cotações!$J:$J,0)-1,COLUMN(Banco!F$6)-1) -> #NUM! | G32: =OFFSET(Cotações!$A$1,MATCH(COUNTIF($H$1:$H32,"Cotações"),Cotações!$J:$J,0)-1,COLUMN(Banco!F$6)-1) -> #NUM! | H32: Cotações
A33: =CONCATENAR -> COTAÇÃO 0 | B33: =OFFSET(Cotações!$A$1,MATCH(COUNTIF($H$1:$H33,"Cotações"),Cotações!$J:$J,0)-1,COLUMN(Banco!B$6)-1) -> COTAÇÃO | C33: =OFFSET(Cotações!$A$1,MATCH(COUNTIF($H$1:$H33,"Cotações"),Cotações!$J:$J,0)-1,COLUMN(Banco!C$6)-1) -> 0 | D33: =IF(COUNTIF(OFFSET(Banco!$A$6,1+NCOMPOSICOES,0,NCOTACOES),$A33)>1,"CÓDIGO REPETIDO",OFFSET(Cotações!$A$1,MATCH(COUNTIF($H$1:$H33,"Cotações"),Cotações!$J:$J,0)-1,COLUMN(Banco!D$6)-1)) -> CÓDIGO REPETIDO | E33: =OFFSET(Cotações!$A$1,MATCH(COUNTIF($H$1:$H33,"Cotações"),Cotações!$J:$J,0)-1,COLUMN(Banco!E$6)-1) -> 0 | F33: =OFFSET(Cotações!$A$1,MATCH(COUNTIF($H$1:$H33,"Cotações"),Cotações!$J:$J,0)-1,COLUMN(Banco!F$6)-1) -> #NUM! | G33: =OFFSET(Cotações!$A$1,MATCH(COUNTIF($H$1:$H33,"Cotações"),Cotações!$J:$J,0)-1,COLUMN(Banco!F$6)-1) -> #NUM! | H33: Cotações
A34: =CONCATENAR -> COTAÇÃO 0 | B34: =OFFSET(Cotações!$A$1,MATCH(COUNTIF($H$1:$H34,"Cotações"),Cotações!$J:$J,0)-1,COLUMN(Banco!B$6)-1) -> COTAÇÃO | C34: =OFFSET(Cotações!$A$1,MATCH(COUNTIF($H$1:$H34,"Cotações"),Cotações!$J:$J,0)-1,COLUMN(Banco!C$6)-1) -> 0 | D34: =IF(COUNTIF(OFFSET(Banco!$A$6,1+NCOMPOSICOES,0,NCOTACOES),$A34)>1,"CÓDIGO REPETIDO",OFFSET(Cotações!$A$1,MATCH(COUNTIF($H$1:$H34,"Cotações"),Cotações!$J:$J,0)-1,COLUMN(Banco!D$6)-1)) -> CÓDIGO REPETIDO | E34: =OFFSET(Cotações!$A$1,MATCH(COUNTIF($H$1:$H34,"Cotações"),Cotações!$J:$J,0)-1,COLUMN(Banco!E$6)-1) -> 0 | F34: =OFFSET(Cotações!$A$1,MATCH(COUNTIF($H$1:$H34,"Cotações"),Cotações!$J:$J,0)-1,COLUMN(Banco!F$6)-1) -> #NUM! | G34: =OFFSET(Cotações!$A$1,MATCH(COUNTIF($H$1:$H34,"Cotações"),Cotações!$J:$J,0)-1,COLUMN(Banco!F$6)-1) -> #NUM! | H34: Cotações
A35: =CONCATENAR -> SINAPI-I 38605 | B35: SINAPI-I | C35: 38605 | D35: ABERTURA PARA ENCAIXE DE CUBA OU LAVATORIO EM BANCADA DE MARMORE/ GRANITO OU OUTRO TIPO DE PEDRA NATURAL | E35: UN | F35: 115,31 | G35: 115,31 | H35: SINAPI-I - | I35: CR
A36: =CONCATENAR -> SINAPI-I 11270 | B36: SINAPI-I | C36: 11270 | D36: ABRACADEIRA DE LATAO PARA FIXACAO DE CABO PARA-RAIO, DIMENSOES 32 X 24 X 24 MM | E36: UN | F36: 3,54 | G36: 3,54 | I36: CR
A37: =CONCATENAR -> SINAPI-I 412 | B37: SINAPI-I | C37: 412 | D37: ABRACADEIRA DE NYLON PARA AMARRACAO DE CABOS, COMPRIMENTO DE *230* X *7,6* MM | E37: UN | F37: 0,97 | G37: 0,97 | I37: CR
A38: =CONCATENAR -> SINAPI-I 414 | B38: SINAPI-I | C38: 414 | D38: ABRACADEIRA DE NYLON PARA AMARRACAO DE CABOS, COMPRIMENTO DE 100 X 2,5 MM | E38: UN | F38: 0,06 | G38: 0,06 | I38: CR
A39: =CONCATENAR -> SINAPI-I 410 | B39: SINAPI-I | C39: 410 | D39: ABRACADEIRA DE NYLON PARA AMARRACAO DE CABOS, COMPRIMENTO DE 150 X *3,6* MM | E39: UN | F39: 0,15 | G39: 0,15 | I39: CR
A40: =CONCATENAR -> SINAPI-I 411 | B40: SINAPI-I | C40: 411 | D40: ABRACADEIRA DE NYLON PARA AMARRACAO DE CABOS, COMPRIMENTO DE 200 X *4,6* MM | E40: UN | F40: 0,19 | G40: 0,19 | I40: C
A41: =CONCATENAR -> SINAPI-I 408 | B41: SINAPI-I | C41: 408 | D41: ABRACADEIRA DE NYLON PARA AMARRACAO DE CABOS, COMPRIMENTO DE 390 X *4,6* MM | E41: UN | F41: 0,94 | G41: 0,94 | I41: CR
A42: =CONCATENAR -> SINAPI-I 39131 | B42: SINAPI-I | C42: 39131 | D42: ABRACADEIRA EM ACO PARA AMARRACAO DE ELETRODUTOS, TIPO D, COM 1 1/2" E CUNHA DE FIXACAO | E42: UN | F42: 3,16 | G42: 3,16 | I42: CR
A43: =CONCATENAR -> SINAPI-I 394 | B43: SINAPI-I | C43: 394 | D43: ABRACADEIRA EM ACO PARA AMARRACAO DE ELETRODUTOS, TIPO D, COM 1 1/2" E PARAFUSO DE FIXACAO | E43: UN | F43: 3,20 | G43: 3,20 | I43: CR
A44: =CONCATENAR -> SINAPI-I 39130 | B44: SINAPI-I | C44: 39130 | D44: ABRACADEIRA EM ACO PARA AMARRACAO DE ELETRODUTOS, TIPO D, COM 1 1/4" E CUNHA DE FIXACAO | E44: UN | F44: 2,88 | G44: 2,88 | I44: CR
A45: =CONCATENAR -> SINAPI-I 395 | B45: SINAPI-I | C45: 395 | D45: ABRACADEIRA EM ACO PARA AMARRACAO DE ELETRODUTOS, TIPO D, COM 1 1/4" E PARAFUSO DE FIXACAO | E45: UN | F45: 3,08 | G45: 3,08 | I45: CR
A46: =CONCATENAR -> SINAPI-I 39127 | B46: SINAPI-I | C46: 39127 | D46: ABRACADEIRA EM ACO PARA AMARRACAO DE ELETRODUTOS, TIPO D, COM 1/2" E CUNHA DE FIXACAO | E46: UN | F46: 1,52 | G46: 1,52 | I46: CR
A47: =CONCATENAR -> SINAPI-I 392 | B47: SINAPI-I | C47: 392 | D47: ABRACADEIRA EM ACO PARA AMARRACAO DE ELETRODUTOS, TIPO D, COM 1/2" E PARAFUSO DE FIXACAO | E47: UN | F47: 1,56 | G47: 1,56 | I47: CR
... A4859: =CONCATENAR -> SINAPI-I 41096 | B4859: SINAPI-I | C4859: 41096 | D4859: VIGIA DIURNO (MENSALISTA) | E4859: MES | F4859: 2.655,76 | G4859: 3.055,69 | I4859: CR
A4860: =CONCATENAR -> SINAPI 97141 | B4860: SINAPI | C4860: 97141 | D4860: ASSENTAMENTO DE TUBO DE FERRO FUNDIDO PARA REDE DE ÁGUA, DN 80 MM, JUNTA ELÁSTICA, INSTALADO EM LOCAL COM NÍVEL ALTO DE INTERFERÊNCIAS (NÃO INCLUI FORNECIMENTO). AF_05/2024 | E4860: M | F4860: 4,49 | G4860: 4,80 | H4860: SINAPI - CAIXA REFERENCIAL 14/08/2024 | I4860: CR | J4860: =IF($B4860="SINAPI",IF(ISNUMBER(MATCH(Banco!$C4860,Analitico!$A:$A,0)),INDEX(Analitico!E:E,MATCH(Banco!$C4860,Analitico!$A:$A,0))&"%",""),"") | K4860: =IF($B4860="SINAPI",IF(ISNUMBER(MATCH(Banco!$C4860,Analitico!$A:$A,0)),INDEX(Analitico!F:F,MATCH(Banco!$C4860,Analitico!$A:$A,0))&"%",""),"")
A4861: =CONCATENAR -> SINAPI 97142 | B4861: SINAPI | C4861: 97142 | D4861: ASSENTAMENTO DE TUBO DE FERRO FUNDIDO PARA REDE DE ÁGUA, DN 100 MM, JUNTA ELÁSTICA, INSTALADO EM LOCAL COM NÍVEL ALTO DE INTERFERÊNCIAS (NÃO INCLUI FORNECIMENTO). AF_05/2024 | E4861: M | F4861: 5,16 | G4861: 5,53 | I4861: CR | J4861: =IF($B4861="SINAPI",IF(ISNUMBER(MATCH(Banco!$C4861,Analitico!$A:$A,0)),INDEX(Analitico!E:E,MATCH(Banco!$C4861,Analitico!$A:$A,0))&"%",""),"") | K4861: =IF($B4861="SINAPI",IF(ISNUMBER(MATCH(Banco!$C4861,Analitico!$A:$A,0)),INDEX(Analitico!F:F,MATCH(Banco!$C4861,Analitico!$A:$A,0))&"%",""),"")
A4862: =CONCATENAR -> SINAPI 97143 | B4862: SINAPI | C4862: 97143 | D4862: ASSENTAMENTO DE TUBO DE FERRO FUNDIDO PARA REDE DE ÁGUA, DN 150 MM, JUNTA ELÁSTICA, INSTALADO EM LOCAL COM NÍVEL ALTO DE INTERFERÊNCIAS (NÃO INCLUI FORNECIMENTO). AF_05/2024 | E4862: M | F4862: 6,80 | G4862: 7,31 | I4862: CR | J4862: =IF($B4862="SINAPI",IF(ISNUMBER(MATCH(Banco!$C4862,Analitico!$A:$A,0)),INDEX(Analitico!E:E,MATCH(Banco!$C4862,Analitico!$A:$A,0))&"%",""),"") | K4862: =IF($B4862="SINAPI",IF(ISNUMBER(MATCH(Banco!$C4862,Analitico!$A:$A,0)),INDEX(Analitico!F:F,MATCH(Banco!$C4862,Analitico!$A:$A,0))&"%",""),"")
A4863: =CONCATENAR -> SINAPI 97144 | B4863: SINAPI | C4863: 97144 | D4863: ASSENTAMENTO DE TUBO DE FERRO FUNDIDO PARA REDE DE ÁGUA, DN 200 MM, JUNTA ELÁSTICA, INSTALADO EM LOCAL COM NÍVEL ALTO DE INTERFERÊNCIAS (NÃO INCLUI FORNECIMENTO). AF_05/2024 | E4863: M | F4863: 8,43 | G4863: 9,09 | I4863: CR | J4863: =IF($B4863="SINAPI",IF(ISNUMBER(MATCH(Banco!$C4863,Analitico!$A:$A,0)),INDEX(Analitico!E:E,MATCH(Banco!$C4863,Analitico!$A:$A,0))&"%",""),"") | K4863: =IF($B4863="SINAPI",IF(ISNUMBER(MATCH(Banco!$C4863,Analitico!$A:$A,0)),INDEX(Analitico!F:F,MATCH(Banco!$C4863,Analitico!$A:$A,0))&"%",""),"")
A4864: =CONCATENAR -> SINAPI 97145 | B4864: SINAPI | C4864: 97145 | D4864: ASSENTAMENTO DE TUBO DE FERRO FUNDIDO PARA REDE DE ÁGUA, DN 250 MM, JUNTA ELÁSTICA, INSTALADO EM LOCAL COM NÍVEL ALTO DE INTERFERÊNCIAS (NÃO INCLUI FORNECIMENTO). AF_05/2024 | E4864: M | F4864: 10,10 | G4864: 10,88 | I4864: CR | J4864: =IF($B4864="SINAPI",IF(ISNUMBER(MATCH(Banco!$C4864,Analitico!$A:$A,0)),INDEX(Analitico!E:E,MATCH(Banco!$C4864,Analitico!$A:$A,0))&"%",""),"") | K4864: =IF($B4864="SINAPI",IF(ISNUMBER(MATCH(Banco!$C4864,Analitico!$A:$A,0)),INDEX(Analitico!F:F,MATCH(Banco!$C4864,Analitico!$A:$A,0))&"%",""),"")
A4865: =CONCATENAR -> SINAPI 97146 | B4865: SINAPI | C4865: 97146 | D4865: ASSENTAMENTO DE TUBO DE FERRO FUNDIDO PARA REDE DE ÁGUA, DN 300 MM, JUNTA ELÁSTICA, INSTALADO EM LOCAL COM NÍVEL ALTO DE INTERFERÊNCIAS (NÃO INCLUI FORNECIMENTO). AF_05/2024 | E4865: M | F4865: 11,77 | G4865: 12,71 | I4865: CR | J4865: =IF($B4865="SINAPI",IF(ISNUMBER(MATCH(Banco!$C4865,Analitico!$A:$A,0)),INDEX(Analitico!E:E,MATCH(Banco!$C4865,Analitico!$A:$A,0))&"%",""),"") | K4865: =IF($B4865="SINAPI",IF(ISNUMBER(MATCH(Banco!$C4865,Analitico!$A:$A,0)),INDEX(Analitico!F:F,MATCH(Banco!$C4865,Analitico!$A:$A,0))&"%",""),"")
A4866: =CONCATENAR -> SINAPI 97147 | B4866: SINAPI | C4866: 97147 | D4866: ASSENTAMENTO DE TUBO DE FERRO FUNDIDO PARA REDE DE ÁGUA, DN 350 MM, JUNTA ELÁSTICA, INSTALADO EM LOCAL COM NÍVEL ALTO DE INTERFERÊNCIAS (NÃO INCLUI FORNECIMENTO). AF_05/2024 | E4866: M | F4866: 13,43 | G4866: 14,50 | I4866: CR | J4866: =IF($B4866="SINAPI",IF(ISNUMBER(MATCH(Banco!$C4866,Analitico!$A:$A,0)),INDEX(Analitico!E:E,MATCH(Banco!$C4866,Analitico!$A:$A,0))&"%",""),"") | K4866: =IF($B4866="SINAPI",IF(ISNUMBER(MATCH(Banco!$C4866,Analitico!$A:$A,0)),INDEX(Analitico!F:F,MATCH(Banco!$C4866,Analitico!$A:$A,0))&"%",""),"")
A4867: =CONCATENAR -> SINAPI 97148 | B4867: SINAPI | C4867: 97148 | D4867: ASSENTAMENTO DE TUBO DE FERRO FUNDIDO PARA REDE DE ÁGUA, DN 400 MM, JUNTA ELÁSTICA, INSTALADO EM LOCAL COM NÍVEL ALTO DE INTERFERÊNCIAS (NÃO INCLUI FORNECIMENTO). AF_05/2024 | E4867: M | F4867: 15,07 | G4867: 16,30 | I4867: CR | J4867: =IF($B4867="SINAPI",IF(ISNUMBER(MATCH(Banco!$C4867,Analitico!$A:$A,0)),INDEX(Analitico!E:E,MATCH(Banco!$C4867,Analitico!$A:$A,0))&"%",""),"") | K4867: =IF($B4867="SINAPI",IF(ISNUMBER(MATCH(Banco!$C4867,Analitico!$A:$A,0)),INDEX(Analitico!F:F,MATCH(Banco!$C4867,Analitico!$A:$A,0))&"%",""),"")
A4868: =CONCATENAR -> SINAPI 97149 | B4868: SINAPI | C4868: 97149 | D4868: ASSENTAMENTO DE TUBO DE FERRO FUNDIDO PARA REDE DE ÁGUA, DN 450 MM, JUNTA ELÁSTICA, INSTALADO EM LOCAL COM NÍVEL ALTO DE INTERFERÊNCIAS (NÃO INCLUI FORNECIMENTO). AF_05/2024 | E4868: M | F4868: 16,76 | G4868: 18,13 | I4868: CR | J4868: =IF($B4868="SINAPI",IF(ISNUMBER(MATCH(Banco!$C4868,Analitico!$A:$A,0)),INDEX(Analitico!E:E,MATCH(Banco!$C4868,Analitico!$A:$A,0))&"%",""),"") | K4868: =IF($B4868="SINAPI",IF(ISNUMBER(MATCH(Banco!$C4868,Analitico!$A:$A,0)),INDEX(Analitico!F:F,MATCH(Banco!$C4868,Analitico!$A:$A,0))&"%",""),"")
A4869: =CONCATENAR -> SINAPI 97150 | B4869: SINAPI | C4869: 97150 | D4869: ASSENTAMENTO DE TUBO DE FERRO FUNDIDO PARA REDE DE ÁGUA, DN 500 MM, JUNTA ELÁSTICA, INSTALADO EM LOCAL COM NÍVEL ALTO DE INTERFERÊNCIAS (NÃO INCLUI FORNECIMENTO). AF_05/2024 | E4869: M | F4869: 21,64 | G4869: 23,13 | I4869: CR | J4869: =IF($B4869="SINAPI",IF(ISNUMBER(MATCH(Banco!$C4869,Analitico!$A:$A,0)),INDEX(Analitico!E:E,MATCH(Banco!$C4869,Analitico!$A:$A,0))&"%",""),"") | K4869: =IF($B4869="SINAPI",IF(ISNUMBER(MATCH(Banco!$C4869,Analitico!$A:$A,0)),INDEX(Analitico!F:F,MATCH(Banco!$C4869,Analitico!$A:$A,0))&"%",""),"")
A4870: =CONCATENAR -> SINAPI 97151 | B4870: SINAPI | C4870: 97151 | D4870: ASSENTAMENTO DE TUBO DE FERRO FUNDIDO PARA REDE DE ÁGUA, DN 600 MM, JUNTA ELÁSTICA, INSTALADO EM LOCAL COM NÍVEL ALTO DE INTERFERÊNCIAS (NÃO INCLUI FORNECIMENTO). AF_05/2024 | E4870: M | F4870: 25,48 | G4870: 27,27 | I4870: CR | J4870: =IF($B4870="SINAPI",IF(ISNUMBER(MATCH(Banco!$C4870,Analitico!$A:$A,0)),INDEX(Analitico!E:E,MATCH(Banco!$C4870,Analitico!$A:$A,0))&"%",""),"") | K4870: =IF($B4870="SINAPI",IF(ISNUMBER(MATCH(Banco!$C4870,Analitico!$A:$A,0)),INDEX(Analitico!F:F,MATCH(Banco!$C4870,Analitico!$A:$A,0))&"%",""),"")
A4871: =CONCATENAR -> SINAPI 97152 | B4871: SINAPI | C4871: 97152 | D4871: ASSENTAMENTO DE TUBO DE FERRO FUNDIDO PARA REDE DE ÁGUA, DN 700 MM, JUNTA ELÁSTICA, INSTALADO EM LOCAL COM NÍVEL ALTO DE INTERFERÊNCIAS (NÃO INCLUI FORNECIMENTO). AF_05/2024 | E4871: M | F4871: 29,08 | G4871: 31,16 | I4871: CR | J4871: =IF($B4871="SINAPI",IF(ISNUMBER(MATCH(Banco!$C4871,Analitico!$A:$A,0)),INDEX(Analitico!E:E,MATCH(Banco!$C4871,Analitico!$A:$A,0))&"%",""),"") | K4871: =IF($B4871="SINAPI",IF(ISNUMBER(MATCH(Banco!$C4871,Analitico!$A:$A,0)),INDEX(Analitico!F:F,MATCH(Banco!$C4871,Analitico!$A:$A,0))&"%",""),"")
A4872: =CONCATENAR -> SINAPI 97153 | B4872: SINAPI | C4872: 97153 | D4872: ASSENTAMENTO DE TUBO DE FERRO FUNDIDO PARA REDE DE ÁGUA, DN 800 MM, JUNTA ELÁSTICA, INSTALADO EM LOCAL COM NÍVEL ALTO DE INTERFERÊNCIAS (NÃO INCLUI FORNECIMENTO). AF_05/2024 | E4872: M | F4872: 32,83 | G4872: 35,19 | I4872: CR | J4872: =IF($B4872="SINAPI",IF(ISNUMBER(MATCH(Banco!$C4872,Analitico!$A:$A,0)),INDEX(Analitico!E:E,MATCH(Banco!$C4872,Analitico!$A:$A,0))&"%",""),"") | K4872: =IF($B4872="SINAPI",IF(ISNUMBER(MATCH(Banco!$C4872,Analitico!$A:$A,0)),INDEX(Analitico!F:F,MATCH(Banco!$C4872,Analitico!$A:$A,0))&"%",""),"")
... A12510: =CONCATENAR -> SINAPI 101460 | B12510: SINAPI | C12510: 101460 | D12510: VIGIA DIURNO COM ENCARGOS COMPLEMENTARES | E12510: MES | F12510: 3.776,46 | G12510: 4.178,14 | I12510: CR | J12510: =IF($B12510="SINAPI",IF(ISNUMBER(MATCH(Banco!$C12510,Analitico!$A:$A,0)),INDEX(Analitico!E:E,MATCH(Banco!$C12510,Analitico!$A:$A,0))&"%",""),"") | K12510: =IF($B12510="SINAPI",IF(ISNUMBER(MATCH(Banco!$C12510,Analitico!$A:$A,0)),INDEX(Analitico!F:F,MATCH(Banco!$C12510,Analitico!$A:$A,0))&"%",""),"")
A12511: =CONCATENAR -> SETOP CÓDIGO | B12511: SETOP | C12511: CÓDIGO | D12511: DESCRIÇÃO DO SERVIÇO | E12511: UNIDADE | F12511: CUSTO UNITÁRIO | H12511: SETOP -
A12512: =CONCATENAR -> SETOP 8662 | B12512: SETOP | C12512: 8662 | D12512: MOBILIZAÇÃO E DESMOBILIZAÇÃO DE OBRA
A12513: =CONCATENAR -> SETOP 8700 | B12513: SETOP | C12513: 8700 | D12513: OBRAS EM CENTRO URBANO OU REGIÃO LIMÍTROFE
A12514: =CONCATENAR -> SETOP ED-50394 | B12514: SETOP | C12514: ED-50394 | D12514: MOBILIZAÇÃO E DESMOBILIZAÇÃO DE OBRA EM CENTRO URBANO OU REGIÃO LIMÍTROFE COM VALOR ACIMA DE 3.000.000,01 | E12514: % | F12514: 0.2 | G12514: 0.2
A12515: =CONCATENAR -> SETOP ED-50392 | B12515: SETOP | C12515: ED-50392 | D12515: MOBILIZAÇÃO E DESMOBILIZAÇÃO DE OBRA EM CENTRO URBANO OU REGIÃO LIMÍTROFE COM VALOR ATÉ O VALOR DE 1.000.000,00 | E12515: % | F12515: 0.5 | G12515: 0.5
A12516: =CONCATENAR -> SETOP ED-50393 | B12516: SETOP | C12516: ED-50393 | D12516: MOBILIZAÇÃO E DESMOBILIZAÇÃO DE OBRA EM CENTRO URBANO OU REGIÃO LIMÍTROFE COM VALOR ENTRE 1.000.000,01 E 3.000.000,00 | E12516: % | F12516: 0.3 | G12516: 0.3
A12517: =CONCATENAR -> SETOP 8701 | B12517: SETOP | C12517: 8701 | D12517: OBRA DISTANTE DE CENTRO URBANO
A12518: =CONCATENAR -> SETOP ED-50391 | B12518: SETOP | C12518: ED-50391 | D12518: MOBILIZAÇÃO E DESMOBILIZAÇÃO OBRA DISTANTE DE CENTRO URBANO COM ACIMA DE 3.000.000,01 | E12518: % | F12518: 1 | G12518: 1
A12519: =CONCATENAR -> SETOP ED-50390 | B12519: SETOP | C12519: ED-50390 | D12519: MOBILIZAÇÃO E DESMOBILIZAÇÃO OBRA DISTANTE DE CENTRO URBANO COM ENTRE 1.000.000,01 E 3.000.000,00 | E12519: % | F12519: 1.5 | G12519: 1.5
A12520: =CONCATENAR -> SETOP ED-50389 | B12520: SETOP | C12520: ED-50389 | D12520: MOBILIZAÇÃO E DESMOBILIZAÇÃO OBRA DISTANTE DE CENTRO URBANO COM VALOR ATÉ O VALOR DE 1.000.000,00 | E12520: % | F12520: 2 | G12520: 2
A12521: =CONCATENAR -> SETOP 8663 | B12521: SETOP | C12521: 8663 | D12521: SERVIÇOS PRELIMINARES
A12522: =CONCATENAR -> SETOP 8702 | B12522: SETOP | C12522: 8702 | D12522: LIMPEZA DO TERRENO
A12523: =CONCATENAR -> SETOP ED-50701 | B12523: SETOP | C12523: ED-50701 | D12523: CAPINA MANUAL DO TERRENO, EXCLUSIVE RASTELAMENTO E QUEIMA | E12523: m2 | F12523: 1.24 | G12523: 1.36
A12524: =CONCATENAR -> SETOP ED-28163 | B12524: SETOP | C12524: ED-28163 | D12524: DESTOCAMENTO E AFASTAMENTO DE REMANESCENTE ARBÓREO, INCLUSIVE TRANSPORTE COM RETIRADA DO MATERIAL DESTOCADO (EM CAÇAMBA) | E12524: un | F12524: 423.79 | G12524: 432.75
A12525: =CONCATENAR -> SETOP ED-50703 | B12525: SETOP | C12525: ED-50703 | D12525: LIMPEZA DE TERRENO, INCLUSIVE CAPINA, RASTELAMENTO COM AFASTAMENTO ATÉ VINTE (20) METROS E QUEIMA CONTROLADA | E12525: m2 | F12525: 2.19 | G12525: 2.42
A12526: =CONCATENAR -> SETOP ED-8143 | B12526: SETOP | C12526: ED-8143 | D12526: RASTELAMENTO DE ÁREA COM AFASTAMENTO DE ATÉ VINTE (20) METROS, EXCLUSIVE CAPINA OU ROÇADA MANUAL | E12526: m2 | F12526: 0.82 | G12526: 0.91
A12527: =CONCATENAR -> SETOP ED-28162 | B12527: SETOP | C12527: ED-28162 | D12527: ROÇADA MANUAL DE TERRENO COM ROÇADEIRA COSTAL, EXCLUSIVE RASTELAMENTO E QUEIMA | E12527: m2 | F12527: 0.25 | G12527: 0.26
A12528: =CONCATENAR -> SETOP 8703 | B12528: SETOP | C12528: 8703 | D12528: DESMATAMENTO E DESTOCAMENTO
A12529: =CONCATENAR -> SETOP ED-50702 | B12529: SETOP | C12529: ED-50702 | D12529: DESMATAMENTO, DESTOCAMENTO E LIMPEZA, INCLUSIVE TRANSPORTE ATÉ CINQUENTA (50) METROS | E12529: m2 | F12529: 0.49 | G12529: 0.53
A12530: =CONCATENAR -> SETOP 8704 | B12530: SETOP | C12530: 8704 | D12530: SUPRESSÃO DE ÁRVORE
A12531: =CONCATENAR -> SETOP ED-50699 | B12531: SETOP | C12531: ED-50699 | D12531: CORTE DE ÁRVORE COM MOTOSSERRA, DIÂMETRO DO TRONCO ACIMA DE TRINTA (30) CENTÍMETROS ATÉ CINQUENTA (50) CENTÍMETROS, EXCLUSIVE DESTOCAMENTO E AFASTAMENTO | E12531: un | F12531: 86.02 | G12531: 94
A12532: =CONCATENAR -> SETOP ED-50697 | B12532: SETOP | C12532: ED-50697 | D12532: CORTE DE ÁRVORE COM MOTOSSERRA, DIÂMETRO DO TRONCO DE QUINZE (15) CENTÍMETROS ATÉ TRINTA (30) CENTÍMETROS, EXCLUSIVE DESTOCAMENTO E AFASTAMENTO | E12532: un | F12532: 51.61 | G12532: 56.4
A12533: =CONCATENAR -> SETOP 8706 | B12533: SETOP | C12533: 8706 | D12533: REMOÇÃO DE TELHADO
A12534: =CONCATENAR -> SETOP ED-48438 | B12534: SETOP | C12534: ED-48438 | D12534: REMOÇÃO DE CALHA EM CHAPA GALVANIZADA OU EM PVC, COM REAPROVEITAMENTO, INCLUSIVE AFASTAMENTO E EMPILHAMENTO, EXCLUSIVE TRANSPORTE E RETIRADA DO MATERIAL REMOVIDO NÃO REAPROVEITÁVEL | E12534: m | F12534: 4.29 | G12534: 4.75
A12535: =CONCATENAR -> SETOP ED-48446 | B12535: SETOP | C12535: ED-48446 | D12535: REMOÇÃO MANUAL DE CONDUTOR EM PVC OU METÁLICO, COM REAPROVEITAMENTO, INCLUSIVE AFASTAMENTO E EMPILHAMENTO, EXCLUSIVE TRANSPORTE E RETIRADA DO MATERIAL REMOVIDO NÃO REAPROVEITÁVEL | E12535: m | F12535: 5.15 | G12535: 5.68
A12536: =CONCATENAR -> SETOP ED-48455 | B12536: SETOP | C12536: ED-48455 | D12536: REMOÇÃO MANUAL DE ENGRADAMENTO PARA TELHA TIPO CALHA ESTRUTURAL EM FIBROCIMENTO, COM REAPROVEITAMENTO, INCLUSIVE AFASTAMENTO E EMPILHAMENTO, EXCLUSIVE TRANSPORTE E RETIRADA DO MATERIAL REMOVIDO NÃO REAPROVEITÁVEL | E12536: m2 | F12536: 10.32 | G12536: 11.46
A12537: =CONCATENAR -> SETOP ED-48457 | B12537: SETOP | C12537: ED-48457 | D12537: REMOÇÃO MANUAL DE ENGRADAMENTO PARA TELHA TIPO CERÂMICA OU CONCRETO, INCLUSIVE AFASTAMENTO E EMPILHAMENTO, EXCLUSIVE TRANSPORTE E RETIRADA DO MATERIAL REMOVIDO NÃO REAPROVEITÁVEL | E12537: m2 | F12537: 20.64 | G12537: 22.91
A12538: =CONCATENAR -> SETOP ED-48454 | B12538: SETOP | C12538: ED-48454 | D12538: REMOÇÃO MANUAL DE ENGRADAMENTO PARA TELHA TIPO METÁLICA, PVC OU FIBROCIMENTO, COM REAPROVEITAMENTO, INCLUSIVE AFASTAMENTO E EMPILHAMENTO, EXCLUSIVE TRANSPORTE E RETIRADA DO MATERIAL REMOVIDO NÃO REAPROVEITÁVEL | E12538: m2 | F12538: 13.76 | G12538: 15.27
A12539: =CONCATENAR -> SETOP ED-48506 | B12539: SETOP | C12539: ED-48506 | D12539: REMOÇÃO MANUAL DE RUFO METÁLICO, COM REAPROVEITAMENTO, INCLUSIVE AFASTAMENTO E EMPILHAMENTO, EXCLUSIVE TRANSPORTE E RETIRADA DO MATERIAL REMOVIDO NÃO REAPROVEITÁVEL | E12539: m | F12539: 6.31 | G12539: 6.98
A12540: =CONCATENAR -> SETOP ED-48512 | B12540: SETOP | C12540: ED-48512 | D12540: REMOÇÃO MANUAL DE TELHA EM FIBROCIMENTO, TIPO ONDULADA, COM REAPROVEITAMENTO, INCLUSIVE AFASTAMENTO E EMPILHAMENTO, EXCLUSIVE TRANSPORTE E RETIRADA DO MATERIAL REMOVIDO NÃO REAPROVEITÁVEL | E12540: m2 | F12540: 11.79 | G12540: 13.09
A12541: =CONCATENAR -> SETOP ED-48514 | B12541: SETOP | C12541: ED-48514 | D12541: REMOÇÃO MANUAL DE TELHA CERÂMICA, COM REAPROVEITAMENTO, INCLUSIVE AFASTAMENTO E EMPILHAMENTO, EXCLUSIVE TRANSPORTE E RETIRADA DO MATERIAL REMOVIDO NÃO REAPROVEITÁVEL | E12541: m2 | F12541: 22.29 | G12541: 24.68
A12542: =CONCATENAR -> SETOP ED-48510 | B12542: SETOP | C12542: ED-48510 | D12542: REMOÇÃO MANUAL DE TELHA EM FIBROCIMENTO, TIPO CALHA ESTRUTURAL, COM REAPROVEITAMENTO, INCLUSIVE IÇAMENTO, AFASTAMENTO E EMPILHAMENTO, EXCLUSIVE TRANSPORTE E RETIRADA DO MATERIAL REMOVIDO NÃO REAPROVEITÁVEL | E12542: m2 | F12542: 22.88 | G12542: 24.52
A12543: =CONCATENAR -> SETOP ED-48509 | B12543: SETOP | C12543: ED-48509 | D12543: REMOÇÃO MANUAL DE TELHA METÁLICA OU PVC, COM REAPROVEITAMENTO, INCLUSIVE AFASTAMENTO E EMPILHAMENTO, EXCLUSIVE TRANSPORTE E RETIRADA DO MATERIAL REMOVIDO NÃO REAPROVEITÁVEL | E12543: m2 | F12543: 8.26 | G12543: 9.16
A12544: =CONCATENAR -> SETOP 8707 | B12544: SETOP | C12544: 8707 | D12544: DEMOLIÇÃO E REMOÇÃO DE INSTALAÇÃO
A12545: =CONCATENAR -> SETOP ED-48500 | B12545: SETOP | C12545: ED-48500 | D12545: DEMOLIÇÃO MANUAL DE TUBULAÇÕES EMBUTIDAS DE REDE (ÁGUA, ELÉTRICA, GASES, ETC.), INCLUSIVE RASGO EM ALVENARIA, REMOÇÃO DE ACESSÓRIOS DE FIXAÇÃO, AFASTAMENTO E EMPILHAMENTO, EXCLUSIVE TRANSPORTE E RETIRADA DO MATERIAL DEMOLIDO | E12545: m | F12545: 7.72 | G12545: 8.52
A12546: =CONCATENAR -> SETOP ED-48466 | B12546: SETOP | C12546: ED-48466 | D12546: REMOÇÃO MANUAL DE INTERFONE, COM REAPROVEITAMENTO, INCLUSIVE AFASTAMENTO E EMPILHAMENTO, EXCLUSIVE TRANSPORTE E RETIRADA DO MATERIAL REMOVIDO NÃO REAPROVEITÁVEL | E12546: un | F12546: 40.48 | G12546: 44.89
A12547: =CONCATENAR -> SETOP ED-48468 | B12547: SETOP | C12547: ED-48468 | D12547: REMOÇÃO MANUAL DE LUMINÁRIA COMERCIAL, EMBUTIDA OU SOBREPOR, COM REAPROVEITAMENTO, INCLUSIVE AFASTAMENTO E EMPILHAMENTO, EXCLUSIVE TRANSPORTE E RETIRADA DO MATERIAL REMOVIDO NÃO REAPROVEITÁVEL | E12547: un | F12547: 9.73 | G12547: 10.81
A12548: =CONCATENAR -> SETOP ED-48469 | B12548: SETOP | C12548: ED-48469 | D12548: REMOÇÃO MANUAL DE LUMINÁRIA COMPACTA (PLAFON, PAINEL LED, ETC.) EMBUTIDA OU SOBREPOR, COM REAPROVEITAMENTO, INCLUSIVE AFASTAMENTO E EMPILHAMENTO, EXCLUSIVE TRANSPORTE E RETIRADA DO MATERIAL REMOVIDO NÃO REAPROVEITÁVEL | E12548: un | F12548: 5.68 | G12548: 6.31
A12549: =CONCATENAR -> SETOP ED-48499 | B12549: SETOP | C12549: ED-48499 | D12549: REMOÇÃO MANUAL DE REDES DE DUTOS PARA CLIMATIZAÇÃO, INCLUSIVE AFASTAMENTO E EMPILHAMENTO, EXCLUSIVE TRANSPORTE E RETIRADA DO MATERIAL REMOVIDO NÃO REAPROVEITÁVEL | E12549: m | F12549: 8.58 | G12549: 9.47
A12550: =CONCATENAR -> SETOP ED-48515 | B12550: SETOP | C12550: ED-48515 | D12550: REMOÇÃO MANUAL DE TUBULAÇÕES EMBUTIDAS DE REDE (ÁGUA, ELÉTRICA, GASES, ETC.), COM REAPROVEITAMENTO, INCLUSIVE RASGO EM ALVENARIA, REMOÇÃO DE ACESSÓRIOS DE FIXAÇÃO, AFASTAMENTO E EMPILHAMENTO, EXCLUSIVE TRANSPORTE E RETIRADA DO MATERIAL REMOVIDO NÃO REAPROVEITÁVEL | E12550: m | F12550: 11.14 | G12550: 12.3
A12551: =CONCATENAR -> SETOP 8708 | B12551: SETOP | C12551: 8708 | D12551: DEMOLIÇÃO DE FORRO
...

Sheet Planilha1
A1: 23.56
A2: 28.36

Sheet Composições
B1: COMPOSIÇÕES
I4: CUSTO UNIT | J4: CUSTO UNIT
B5: =OFFSET(Composições!$A$1,MATCH(COUNTIF($H$1:$H5,"Composições"),Composições!$K:$K,0)-1,COLUMN(Banco!B$6)-1) -> 0 | C5: =OFFSET(Composições!$A$1,MATCH(COUNTIF($H$1:$H5,"Composições"),Composições!$K:$K,0)-1,COLUMN(Banco!C$6)-1) -> 0 | D5: =IF(COUNTIF(OFFSET(Banco!$A$6,1,0,NCOMPOSICOES),$A5)>1,"CÓDIGO REPETIDO",OFFSET(Composições!$A$1,MATCH(COUNTIF($H$1:$H5,"Composições"),Composições!$K:$K,0)-1,COLUMN(Banco!D$6)-1)) -> 0 | E5: =OFFSET(Composições!$A$1,MATCH(COUNTIF($H$1:$H5,"Composições"),Composições!$K:$K,0)-1,COLUMN(Banco!E$6)-1) -> 0 | F5: =OFFSET(Composições!$A$1,MATCH(COUNTIF($H$1:$H5,"Composições"),Composições!$K:$K,0)-1,COLUMN(Banco!F$6)-1) -> 0 | G5: =OFFSET(Composições!$A$1,MATCH(COUNTIF($H$1:$H5,"Composições"),Composições!$K:$K,0)-1,COLUMN(Banco!G$6)-1) -> 0 | H5: Composições
A7: =CONCATENAR | F7: =IF($L7>0,SUM(OFFSET(F7,1,0,$L7),0)) -> 0 | G7: =IF($L7>0,SUM(OFFSET(G7,1,0,$L7),0)) -> 0 | I7: =IF(ISERROR(F7),0,F7) -> 0 | J7: =IF(ISERROR(G7),0,G7) -> 0 | K7: =COUNTA($A$1:$A7)-1 -> 0 | L7: =IF(MAX(K:K)=K7,MATCH(9999999,$K:$K)+1,MATCH(K7+1,K:K,0))-ROW(L7)-2 -> 2 | M7: =IF(AND(OR(I7<>0,J7<>0),N7="Sim"),"F","") | N7: Sim
D8: =IF(ISNUMBER($L8),OFFSET(Banco!$A$1,Composições!$L8-1,COLUMN(Composições!D8)-1),"") | E8: =IF(ISNUMBER($L8),OFFSET(Banco!$A$1,Composições!$L8-1,COLUMN(Composições!E8)-1),"") | F8: =TRUNC($H8*ROUND(I8,2),2) -> 0 | G8: =TRUNC($H8*ROUND(J8,2),2) -> 0 | I8: =IF(ISNUMBER($L8),VALUE(OFFSET(Banco!$A$1,Composições!$L8-1,COLUMN(Composições!I8)-4)),0) -> 0 | J8: =IF(ISNUMBER($L8),VALUE(OFFSET(Banco!$A$1,Composições!$L8-1,COLUMN(Composições!J8)-4)),0) -> 0 | K8: =COUNTA($A$1:$A8)-1 -> 0 | L8: =MATCH(Composições!CONCATENAR,Banco!$A:$A,0) -> #N/A | M8: =IF(OR(ISERROR(L8),H8="",H8=0),"",OFFSET($M$1,MATCH(K8,$K$1:$K8,0)-1,0))
K9: =COUNTA($A$1:$A9)-1 -> 0 | M9: =IF(OFFSET($M$1,MATCH(OFFSET(K9,-1,0),$K$1:$K9,0)-1,0)="F","F","")
B10: FONTE | C10: CÓDIGO | D10: DESCRIÇÃO | E10: UNIDADE | H10: COEFIC. | I10: DESONERADO | J10: NÃO DESONER. | M10: FILTRO | N10: IMPRIMIR
A11: =CONCATENAR | F11: =IF($L11>0,SUM(OFFSET(F11,1,0,$L11),0)) -> 0 | G11: =IF($L11>0,SUM(OFFSET(G11,1,0,$L11),0)) -> 0 | I11: =IF(ISERROR(F11),0,F11) -> 0 | J11: =IF(ISERROR(G11),0,G11) -> 0 | K11: =COUNTA($A$1:$A11)-1 -> 1 | L11: =IF(MAX(K:K)=K11,MATCH(9999999,$K:$K)+1,MATCH(K11+1,K:K,0))-ROW(L11)-2 -> 10 | M11: =IF(AND(OR(I11<>0,J11<>0),N11="Sim"),"F","") | N11: Sim
D12: =IF(ISNUMBER($L12),OFFSET(Banco!$A$1,Composições!$L12-1,COLUMN(Composições!D12)-1),"") | E12: =IF(ISNUMBER($L12),OFFSET(Banco!$A$1,Composições!$L12-1,COLUMN(Composições!E12)-1),"") | F12: =TRUNC($H12*ROUND(I12,2),2) -> 0 | G12: =TRUNC($H12*ROUND(J12,2),2) -> 0 | I12: =IF(ISNUMBER($L12),VALUE(OFFSET(Banco!$A$1,Composições!$L12-1,COLUMN(Composições!I12)-4)),0) -> 0 | J12: =IF(ISNUMBER($L12),VALUE(OFFSET(Banco!$A$1,Composições!$L12-1,COLUMN(Composições!J12)-4)),0) -> 0 | K12: =COUNTA($A$1:$A12)-1 -> 1 | L12: =MATCH(Composições!CONCATENAR,Banco!$A:$A,0) -> #N/A | M12: =IF(OR(ISERROR($L12),$H12="",$H12=0),"",OFFSET(M$1,MATCH($K12,$K$1:$K12,0)-1,0))
D13: =IF(ISNUMBER($L13),OFFSET(Banco!$A$1,Composições!$L13-1,COLUMN(Composições!D13)-1),"") | E13: =IF(ISNUMBER($L13),OFFSET(Banco!$A$1,Composições!$L13-1,COLUMN(Composições!E13)-1),"") | F13: =TRUNC($H13*ROUND(I13,2),2) -> 0 | G13: =TRUNC($H13*ROUND(J13,2),2) -> 0 | I13: =IF(ISNUMBER($L13),VALUE(OFFSET(Banco!$A$1,Composições!$L13-1,COLUMN(Composições!I13)-4)),0) -> 0 | J13: =IF(ISNUMBER($L13),VALUE(OFFSET(Banco!$A$1,Composições!$L13-1,COLUMN(Composições!J13)-4)),0) -> 0 | K13: =COUNTA($A$1:$A13)-1 -> 1 | L13: =MATCH(Composições!CONCATENAR,Banco!$A:$A,0) -> #N/A | M13: =IF(OR(ISERROR($L13),$H13="",$H13=0),"",OFFSET(M$1,MATCH($K13,$K$1:$K13,0)-1,0))
D14: =IF(ISNUMBER($L14),OFFSET(Banco!$A$1,Composições!$L14-1,COLUMN(Composições!D14)-1),"") | E14: =IF(ISNUMBER($L14),OFFSET(Banco!$A$1,Composições!$L14-1,COLUMN(Composições!E14)-1),"") | F14: =TRUNC($H14*ROUND(I14,2),2) -> 0 | G14: =TRUNC($H14*ROUND(J14,2),2) -> 0 | I14: =IF(ISNUMBER($L14),VALUE(OFFSET(Banco!$A$1,Composições!$L14-1,COLUMN(Composições!I14)-4)),0) -> 0 | J14: =IF(ISNUMBER($L14),VALUE(OFFSET(Banco!$A$1,Composições!$L14-1,COLUMN(Composições!J14)-4)),0) -> 0 | K14: =COUNTA($A$1:$A14)-1 -> 1 | L14: =MATCH(Composições!CONCATENAR,Banco!$A:$A,0) -> #N/A | M14: =IF(OR(ISERROR($L14),$H14="",$H14=0),"",OFFSET(M$1,MATCH($K14,$K$1:$K14,0)-1,0))
D15: =IF(ISNUMBER($L15),OFFSET(Banco!$A$1,Composições!$L15-1,COLUMN(Composições!D15)-1),"") | E15: =IF(ISNUMBER($L15),OFFSET(Banco!$A$1,Composições!$L15-1,COLUMN(Composições!E15)-1),"") | F15: =TRUNC($H15*ROUND(I15,2),2) -> 0 | G15: =TRUNC($H15*ROUND(J15,2),2) -> 0 | I15: =IF(ISNUMBER($L15),VALUE(OFFSET(Banco!$A$1,Composições!$L15-1,COLUMN(Composições!I15)-4)),0) -> 0 | J15: =IF(ISNUMBER($L15),VALUE(OFFSET(Banco!$A$1,Composições!$L15-1,COLUMN(Composições!J15)-4)),0) -> 0 | K15: =COUNTA($A$1:$A15)-1 -> 1 | L15: =MATCH(Composições!CONCATENAR,Banco!$A:$A,0) -> #N/A | M15: =IF(OR(ISERROR($L15),$H15="",$H15=0),"",OFFSET(M$1,MATCH($K15,$K$1:$K15,0)-1,0))
D16: =IF(ISNUMBER($L16),OFFSET(Banco!$A$1,Composições!$L16-1,COLUMN(Composições!D16)-1),"") | E16: =IF(ISNUMBER($L16),OFFSET(Banco!$A$1,Composições!$L16-1,COLUMN(Composições!E16)-1),"") | F16: =TRUNC($H16*ROUND(I16,2),2) -> 0 | G16: =TRUNC($H16*ROUND(J16,2),2) -> 0 | I16: =IF(ISNUMBER($L16),VALUE(OFFSET(Banco!$A$1,Composições!$L16-1,COLUMN(Composições!I16)-4)),0) -> 0 | J16: =IF(ISNUMBER($L16),VALUE(OFFSET(Banco!$A$1,Composições!$L16-1,COLUMN(Composições!J16)-4)),0) -> 0 | K16: =COUNTA($A$1:$A16)-1 -> 1 | L16: =MATCH(Composições!CONCATENAR,Banco!$A:$A,0) -> #N/A | M16: =IF(OR(ISERROR($L16),$H16="",$H16=0),"",OFFSET(M$1,MATCH($K16,$K$1:$K16,0)-1,0))
D17: =IF(ISNUMBER($L17),OFFSET(Banco!$A$1,Composições!$L17-1,COLUMN(Composições!D17)-1),"") | E17: =IF(ISNUMBER($L17),OFFSET(Banco!$A$1,Composições!$L17-1,COLUMN(Composições!E17)-1),"") | F17: =TRUNC($H17*ROUND(I17,2),2) -> 0 | G17: =TRUNC($H17*ROUND(J17,2),2) -> 0 | I17: =IF(ISNUMBER($L17),VALUE(OFFSET(Banco!$A$1,Composições!$L17-1,COLUMN(Composições!I17)-4)),0) -> 0 | J17: =IF(ISNUMBER($L17),VALUE(OFFSET(Banco!$A$1,Composições!$L17-1,COLUMN(Composições!J17)-4)),0) -> 0 | K17: =COUNTA($A$1:$A17)-1 -> 1 | L17: =MATCH(Composições!CONCATENAR,Banco!$A:$A,0) -> #N/A | M17: =IF(OR(ISERROR($L17),$H17="",$H17=0),"",OFFSET(M$1,MATCH($K17,$K$1:$K17,0)-1,0))
D18: =IF(ISNUMBER($L18),OFFSET(Banco!$A$1,Composições!$L18-1,COLUMN(Composições!D18)-1),"") | E18: =IF(ISNUMBER($L18),OFFSET(Banco!$A$1,Composições!$L18-1,COLUMN(Composições!E18)-1),"") | F18: =TRUNC($H18*ROUND(I18,2),2) -> 0 | G18: =TRUNC($H18*ROUND(J18,2),2) -> 0 | I18: =IF(ISNUMBER($L18),VALUE(OFFSET(Banco!$A$1,Composições!$L18-1,COLUMN(Composições!I18)-4)),0) -> 0 | J18: =IF(ISNUMBER($L18),VALUE(OFFSET(Banco!$A$1,Composições!$L18-1,COLUMN(Composições!J18)-4)),0) -> 0 | K18: =COUNTA($A$1:$A18)-1 -> 1 | L18: =MATCH(Composições!CONCATENAR,Banco!$A:$A,0) -> #N/A | M18: =IF(OR(ISERROR($L18),$H18="",$H18=0),"",OFFSET(M$1,MATCH($K18,$K$1:$K18,0)-1,0))
D19: =IF(ISNUMBER($L19),OFFSET(Banco!$A$1,Composições!$L19-1,COLUMN(Composições!D19)-1),"") | E19: =IF(ISNUMBER($L19),OFFSET(Banco!$A$1,Composições!$L19-1,COLUMN(Composições!E19)-1),"") | F19: =TRUNC($H19*ROUND(I19,2),2) -> 0 | G19: =TRUNC($H19*ROUND(J19,2),2) -> 0 | I19: =IF(ISNUMBER($L19),VALUE(OFFSET(Banco!$A$1,Composições!$L19-1,COLUMN(Composições!I19)-4)),0) -> 0 | J19: =IF(ISNUMBER($L19),VALUE(OFFSET(Banco!$A$1,Composições!$L19-1,COLUMN(Composições!J19)-4)),0) -> 0 | K19: =COUNTA($A$1:$A19)-1 -> 1 | L19: =MATCH(Composições!CONCATENAR,Banco!$A:$A,0) -> #N/A | M19: =IF(OR(ISERROR($L19),$H19="",$H19=0),"",OFFSET(M$1,MATCH($K19,$K$1:$K19,0)-1,0))
D20: =IF(ISNUMBER($L20),OFFSET(Banco!$A$1,Composições!$L20-1,COLUMN(Composições!D20)-1),"") | E20: =IF(ISNUMBER($L20),OFFSET(Banco!$A$1,Composições!$L20-1,COLUMN(Composições!E20)-1),"") | F20: =TRUNC($H20*ROUND(I20,2),2) -> 0 | G20: =TRUNC($H20*ROUND(J20,2),2) -> 0 | I20: =IF(ISNUMBER($L20),VALUE(OFFSET(Banco!$A$1,Composições!$L20-1,COLUMN(Composições!I20)-4)),0) -> 0 | J20: =IF(ISNUMBER($L20),VALUE(OFFSET(Banco!$A$1,Composições!$L20-1,COLUMN(Composições!J20)-4)),0) -> 0 | K20: =COUNTA($A$1:$A20)-1 -> 1 | L20: =MATCH(Composições!CONCATENAR,Banco!$A:$A,0) -> #N/A | M20: =IF(OR(ISERROR($L20),$H20="",$H20=0),"",OFFSET(M$1,MATCH($K20,$K$1:$K20,0)-1,0))
D21: =IF(ISNUMBER($L21),OFFSET(Banco!$A$1,Composições!$L21-1,COLUMN(Composições!D21)-1),"") | E21: =IF(ISNUMBER($L21),OFFSET(Banco!$A$1,Composições!$L21-1,COLUMN(Composições!E21)-1),"") | F21: =TRUNC($H21*ROUND(I21,2),2) -> 0 | G21: =TRUNC($H21*ROUND(J21,2),2) -> 0 | I21: =IF(ISNUMBER($L21),VALUE(OFFSET(Banco!$A$1,Composições!$L21-1,COLUMN(Composições!I21)-4)),0) -> 0 | J21: =IF(ISNUMBER($L21),VALUE(OFFSET(Banco!$A$1,Composições!$L21-1,COLUMN(Composições!J21)-4)),0) -> 0 | K21: =COUNTA($A$1:$A21)-1 -> 1 | L21: =MATCH(Composições!CONCATENAR,Banco!$A:$A,0) -> #N/A | M21: =IF(OR(ISERROR($L21),$H21="",$H21=0),"",OFFSET(M$1,MATCH($K21,$K$1:$K21,0)-1,0))
K22: =COUNTA($A$1:$A22)-1 -> 1 | M22: =IF(OFFSET($M$1,MATCH(OFFSET(K22,-1,0),$K$1:$K22,0)-1,0)="F","F","")
A23: =CONCATENAR | F23: =IF($L23>0,SUM(OFFSET(F23,1,0,$L23),0)) -> 0 | G23: =IF($L23>0,SUM(OFFSET(G23,1,0,$L23),0)) -> 0 | I23: =IF(ISERROR(F23),0,F23) -> 0 | J23: =IF(ISERROR(G23),0,G23) -> 0 | K23: =COUNTA($A$1:$A23)-1 -> 2 | L23: =IF(MAX(K:K)=K23,MATCH(9999999,$K:$K)+1,MATCH(K23+1,K:K,0))-ROW(L23)-2 -> 10 | M23: =IF(AND(OR(I23<>0,J23<>0),N23="Sim"),"F","") | N23: Sim
D24: =IF(ISNUMBER($L24),OFFSET(Banco!$A$1,Composições!$L24-1,COLUMN(Composições!D24)-1),"") | E24: =IF(ISNUMBER($L24),OFFSET(Banco!$A$1,Composições!$L24-1,COLUMN(Composições!E24)-1),"") | F24: =TRUNC($H24*ROUND(I24,2),2) -> 0 | G24: =TRUNC($H24*ROUND(J24,2),2) -> 0 | I24: =IF(ISNUMBER($L24),VALUE(OFFSET(Banco!$A$1,Composições!$L24-1,COLUMN(Composições!I24)-4)),0) -> 0 | J24: =IF(ISNUMBER($L24),VALUE(OFFSET(Banco!$A$1,Composições!$L24-1,COLUMN(Composições!J24)-4)),0) -> 0 | K24: =COUNTA($A$1:$A24)-1 -> 2 | L24: =MATCH(Composições!CONCATENAR,Banco!$A:$A,0) -> #N/A | M24: =IF(OR(ISERROR($L24),$H24="",$H24=0),"",OFFSET(M$1,MATCH($K24,$K$1:$K24,0)-1,0))
D25: =IF(ISNUMBER($L25),OFFSET(Banco!$A$1,Composições!$L25-1,COLUMN(Composições!D25)-1),"") | E25: =IF(ISNUMBER($L25),OFFSET(Banco!$A$1,Composições!$L25-1,COLUMN(Composições!E25)-1),"") | F25: =TRUNC($H25*ROUND(I25,2),2) -> 0 | G25: =TRUNC($H25*ROUND(J25,2),2) -> 0 | I25: =IF(ISNUMBER($L25),VALUE(OFFSET(Banco!$A$1,Composições!$L25-1,COLUMN(Composições!I25)-4)),0) -> 0 | J25: =IF(ISNUMBER($L25),VALUE(OFFSET(Banco!$A$1,Composições!$L25-1,COLUMN(Composições!J25)-4)),0) -> 0 | K25: =COUNTA($A$1:$A25)-1 -> 2 | L25: =MATCH(Composições!CONCATENAR,Banco!$A:$A,0) -> #N/A | M25: =IF(OR(ISERROR($L25),$H25="",$H25=0),"",OFFSET(M$1,MATCH($K25,$K$1:$K25,0)-1,0))
D26: =IF(ISNUMBER($L26),OFFSET(Banco!$A$1,Composições!$L26-1,COLUMN(Composições!D26)-1),"") | E26: =IF(ISNUMBER($L26),OFFSET(Banco!$A$1,Composições!$L26-1,COLUMN(Composições!E26)-1),"") | F26: =TRUNC($H26*ROUND(I26,2),2) -> 0 | G26: =TRUNC($H26*ROUND(J26,2),2) -> 0 | I26: =IF(ISNUMBER($L26),VALUE(OFFSET(Banco!$A$1,Composições!$L26-1,COLUMN(Composições!I26)-4)),0) -> 0 | J26: =IF(ISNUMBER($L26),VALUE(OFFSET(Banco!$A$1,Composições!$L26-1,COLUMN(Composições!J26)-4)),0) -> 0 | K26: =COUNTA($A$1:$A26)-1 -> 2 | L26: =MATCH(Composições!CONCATENAR,Banco!$A:$A,0) -> #N/A | M26: =IF(OR(ISERROR($L26),$H26="",$H26=0),"",OFFSET(M$1,MATCH($K26,$K$1:$K26,0)-1,0))
D27: =IF(ISNUMBER($L27),OFFSET(Banco!$A$1,Composições!$L27-1,COLUMN(Composições!D27)-1),"") | E27: =IF(ISNUMBER($L27),OFFSET(Banco!$A$1,Composições!$L27-1,COLUMN(Composições!E27)-1),"") | F27: =TRUNC($H27*ROUND(I27,2),2) -> 0 | G27: =TRUNC($H27*ROUND(J27,2),2) -> 0 | I27: =IF(ISNUMBER($L27),VALUE(OFFSET(Banco!$A$1,Composições!$L27-1,COLUMN(Composições!I27)-4)),0) -> 0 | J27: =IF(ISNUMBER($L27),VALUE(OFFSET(Banco!$A$1,Composições!$L27-1,COLUMN(Composições!J27)-4)),0) -> 0 | K27: =COUNTA($A$1:$A27)-1 -> 2 | L27: =MATCH(Composições!CONCATENAR,Banco!$A:$A,0) -> #N/A | M27: =IF(OR(ISERROR($L27),$H27="",$H27=0),"",OFFSET(M$1,MATCH($K27,$K$1:$K27,0)-1,0))
D28: =IF(ISNUMBER($L28),OFFSET(Banco!$A$1,Composições!$L28-1,COLUMN(Composições!D28)-1),"") | E28: =IF(ISNUMBER($L28),OFFSET(Banco!$A$1,Composições!$L28-1,COLUMN(Composições!E28)-1),"") | F28: =TRUNC($H28*ROUND(I28,2),2) -> 0 | G28: =TRUNC($H28*ROUND(J28,2),2) -> 0 | I28: =IF(ISNUMBER($L28),VALUE(OFFSET(Banco!$A$1,Composições!$L28-1,COLUMN(Composições!I28)-4)),0) -> 0 | J28: =IF(ISNUMBER($L28),VALUE(OFFSET(Banco!$A$1,Composições!$L28-1,COLUMN(Composições!J28)-4)),0) -> 0 | K28: =COUNTA($A$1:$A28)-1 -> 2 | L28: =MATCH(Composições!CONCATENAR,Banco!$A:$A,0) -> #N/A | M28: =IF(OR(ISERROR($L28),$H28="",$H28=0),"",OFFSET(M$1,MATCH($K28,$K$1:$K28,0)-1,0))
D29: =IF(ISNUMBER($L29),OFFSET(Banco!$A$1,Composições!$L29-1,COLUMN(Composições!D29)-1),"") | E29: =IF(ISNUMBER($L29),OFFSET(Banco!$A$1,Composições!$L29-1,COLUMN(Composições!E29)-1),"") | F29: =TRUNC($H29*ROUND(I29,2),2) -> 0 | G29: =TRUNC($H29*ROUND(J29,2),2) -> 0 | I29: =IF(ISNUMBER($L29),VALUE(OFFSET(Banco!$A$1,Composições!$L29-1,COLUMN(Composições!I29)-4)),0) -> 0 | J29: =IF(ISNUMBER($L29),VALUE(OFFSET(Banco!$A$1,Composições!$L29-1,COLUMN(Composições!J29)-4)),0) -> 0 | K29: =COUNTA($A$1:$A29)-1 -> 2 | L29: =MATCH(Composições!CONCATENAR,Banco!$A:$A,0) -> #N/A | M29: =IF(OR(ISERROR($L29),$H29="",$H29=0),"",OFFSET(M$1,MATCH($K29,$K$1:$K29,0)-1,0))
D30: =IF(ISNUMBER($L30),OFFSET(Banco!$A$1,Composições!$L30-1,COLUMN(Composições!D30)-1),"") | E30: =IF(ISNUMBER($L30),OFFSET(Banco!$A$1,Composições!$L30-1,COLUMN(Composições!E30)-1),"") | F30: =TRUNC($H30*ROUND(I30,2),2) -> 0 | G30: =TRUNC($H30*ROUND(J30,2),2) -> 0 | I30: =IF(ISNUMBER($L30),VALUE(OFFSET(Banco!$A$1,Composições!$L30-1,COLUMN(Composições!I30)-4)),0) -> 0 | J30: =IF(ISNUMBER($L30),VALUE(OFFSET(Banco!$A$1,Composições!$L30-1,COLUMN(Composições!J30)-4)),0) -> 0 | K30: =COUNTA($A$1:$A30)-1 -> 2 | L30: =MATCH(Composições!CONCATENAR,Banco!$A:$A,0) -> #N/A | M30: =IF(OR(ISERROR($L30),$H30="",$H30=0),"",OFFSET(M$1,MATCH($K30,$K$1:$K30,0)-1,0))
D31: =IF(ISNUMBER($L31),OFFSET(Banco!$A$1,Composições!$L31-1,COLUMN(Composições!D31)-1),"") | E31: =IF(ISNUMBER($L31),OFFSET(Banco!$A$1,Composições!$L31-1,COLUMN(Composições!E31)-1),"") | F31: =TRUNC($H31*ROUND(I31,2),2) -> 0 | G31: =TRUNC($H31*ROUND(J31,2),2) -> 0 | I31: =IF(ISNUMBER($L31),VALUE(OFFSET(Banco!$A$1,Composições!$L31-1,COLUMN(Composições!I31)-4)),0) -> 0 | J31: =IF(ISNUMBER($L31),VALUE(OFFSET(Banco!$A$1,Composições!$L31-1,COLUMN(Composições!J31)-4)),0) -> 0 | K31: =COUNTA($A$1:$A31)-1 -> 2 | L31: =MATCH(Composições!CONCATENAR,Banco!$A:$A,0) -> #N/A | M31: =IF(OR(ISERROR($L31),$H31="",$H31=0),"",OFFSET(M$1,MATCH($K31,$K$1:$K31,0)-1,0))
D32: =IF(ISNUMBER($L32),OFFSET(Banco!$A$1,Composições!$L32-1,COLUMN(Composições!D32)-1),"") | E32: =IF(ISNUMBER($L32),OFFSET(Banco!$A$1,Composições!$L32-1,COLUMN(Composições!E32)-1),"") | F32: =TRUNC($H32*ROUND(I32,2),2) -> 0 | G32: =TRUNC($H32*ROUND(J32,2),2) -> 0 | I32: =IF(ISNUMBER($L32),VALUE(OFFSET(Banco!$A$1,Composições!$L32-1,COLUMN(Composições!I32)-4)),0) -> 0 | J32: =IF(ISNUMBER($L32),VALUE(OFFSET(Banco!$A$1,Composições!$L32-1,COLUMN(Composições!J32)-4)),0) -> 0 | K32: =COUNTA($A$1:$A32)-1 -> 2 | L32: =MATCH(Composições!CONCATENAR,Banco!$A:$A,0) -> #N/A | M32: =IF(OR(ISERROR($L32),$H32="",$H32=0),"",OFFSET(M$1,MATCH($K32,$K$1:$K32,0)-1,0))
D33: =IF(ISNUMBER($L33),OFFSET(Banco!$A$1,Composições!$L33-1,COLUMN(Composições!D33)-1),"") | E33: =IF(ISNUMBER($L33),OFFSET(Banco!$A$1,Composições!$L33-1,COLUMN(Composições!E33)-1),"") | F33: =TRUNC($H33*ROUND(I33,2),2) -> 0 | G33: =TRUNC($H33*ROUND(J33,2),2) -> 0 | I33: =IF(ISNUMBER($L33),VALUE(OFFSET(Banco!$A$1,Composições!$L33-1,COLUMN(Composições!I33)-4)),0) -> 0 | J33: =IF(ISNUMBER($L33),VALUE(OFFSET(Banco!$A$1,Composições!$L33-1,COLUMN(Composições!J33)-4)),0) -> 0 | K33: =COUNTA($A$1:$A33)-1 -> 2 | L33: =MATCH(Composições!CONCATENAR,Banco!$A:$A,0) -> #N/A | M33: =IF(OR(ISERROR($L33),$H33="",$H33=0),"",OFFSET(M$1,MATCH($K33,$K$1:$K33,0)-1,0))
K34: =COUNTA($A$1:$A34)-1 -> 2 | M34: =IF(OFFSET($M$1,MATCH(OFFSET(K34,-1,0),$K$1:$K34,0)-1,0)="F","F","")
A35: =CONCATENAR | F35: =IF($L35>0,SUM(OFFSET(F35,1,0,$L35),0)) -> 0 | G35: =IF($L35>0,SUM(OFFSET(G35,1,0,$L35),0)) -> 0 | I35: =IF(ISERROR(F35),0,F35) -> 0 | J35: =IF(ISERROR(G35),0,G35) -> 0 | K35: =COUNTA($A$1:$A35)-1 -> 3 | L35: =IF(MAX(K:K)=K35,MATCH(9999999,$K:$K)+1,MATCH(K35+1,K:K,0))-ROW(L35)-2 -> 10 | M35: =IF(AND(OR(I35<>0,J35<>0),N35="Sim"),"F","") | N35: Sim
D36: =IF(ISNUMBER($L36),OFFSET(Banco!$A$1,Composições!$L36-1,COLUMN(Composições!D36)-1),"") | E36: =IF(ISNUMBER($L36),OFFSET(Banco!$A$1,Composições!$L36-1,COLUMN(Composições!E36)-1),"") | F36: =TRUNC($H36*ROUND(I36,2),2) -> 0 | G36: =TRUNC($H36*ROUND(J36,2),2) -> 0 | I36: =IF(ISNUMBER($L36),VALUE(OFFSET(Banco!$A$1,Composições!$L36-1,COLUMN(Composições!I36)-4)),0) -> 0 | J36: =IF(ISNUMBER($L36),VALUE(OFFSET(Banco!$A$1,Composições!$L36-1,COLUMN(Composições!J36)-4)),0) -> 0 | K36: =COUNTA($A$1:$A36)-1 -> 3 | L36: =MATCH(Composições!CONCATENAR,Banco!$A:$A,0) -> #N/A | M36: =IF(OR(ISERROR($L36),$H36="",$H36=0),"",OFFSET(M$1,MATCH($K36,$K$1:$K36,0)-1,0))
D37: =IF(ISNUMBER($L37),OFFSET(Banco!$A$1,Composições!$L37-1,COLUMN(Composições!D37)-1),"") | E37: =IF(ISNUMBER($L37),OFFSET(Banco!$A$1,Composições!$L37-1,COLUMN(Composições!E37)-1),"") | F37: =TRUNC($H37*ROUND(I37,2),2) -> 0 | G37: =TRUNC($H37*ROUND(J37,2),2) -> 0 | I37: =IF(ISNUMBER($L37),VALUE(OFFSET(Banco!$A$1,Composições!$L37-1,COLUMN(Composições!I37)-4)),0) -> 0 | J37: =IF(ISNUMBER($L37),VALUE(OFFSET(Banco!$A$1,Composições!$L37-1,COLUMN(Composições!J37)-4)),0) -> 0 | K37: =COUNTA($A$1:$A37)-1 -> 3 | L37: =MATCH(Composições!CONCATENAR,Banco!$A:$A,0) -> #N/A | M37: =IF(OR(ISERROR($L37),$H37="",$H37=0),"",OFFSET(M$1,MATCH($K37,$K$1:$K37,0)-1,0))
D38: =IF(ISNUMBER($L38),OFFSET(Banco!$A$1,Composições!$L38-1,COLUMN(Composições!D38)-1),"") | E38: =IF(ISNUMBER($L38),OFFSET(Banco!$A$1,Composições!$L38-1,COLUMN(Composições!E38)-1),"") | F38: =TRUNC($H38*ROUND(I38,2),2) -> 0 | G38: =TRUNC($H38*ROUND(J38,2),2) -> 0 | I38: =IF(ISNUMBER($L38),VALUE(OFFSET(Banco!$A$1,Composições!$L38-1,COLUMN(Composições!I38)-4)),0) -> 0 | J38: =IF(ISNUMBER($L38),VALUE(OFFSET(Banco!$A$1,Composições!$L38-1,COLUMN(Composições!J38)-4)),0) -> 0 | K38: =COUNTA($A$1:$A38)-1 -> 3 | L38: =MATCH(Composições!CONCATENAR,Banco!$A:$A,0) -> #N/A | M38: =IF(OR(ISERROR($L38),$H38="",$H38=0),"",OFFSET(M$1,MATCH($K38,$K$1:$K38,0)-1,0))
D39: =IF(ISNUMBER($L39),OFFSET(Banco!$A$1,Composições!$L39-1,COLUMN(Composições!D39)-1),"") | E39: =IF(ISNUMBER($L39),OFFSET(Banco!$A$1,Composições!$L39-1,COLUMN(Composições!E39)-1),"") | F39: =TRUNC($H39*ROUND(I39,2),2) -> 0 | G39: =TRUNC($H39*ROUND(J39,2),2) -> 0 | I39: =IF(ISNUMBER($L39),VALUE(OFFSET(Banco!$A$1,Composições!$L39-1,COLUMN(Composições!I39)-4)),0) -> 0 | J39: =IF(ISNUMBER($L39),VALUE(OFFSET(Banco!$A$1,Composições!$L39-1,COLUMN(Composições!J39)-4)),0) -> 0 | K39: =COUNTA($A$1:$A39)-1 -> 3 | L39: =MATCH(Composições!CONCATENAR,Banco!$A:$A,0) -> #N/A | M39: =IF(OR(ISERROR($L39),$H39="",$H39=0),"",OFFSET(M$1,MATCH($K39,$K$1:$K39,0)-1,0))
D40: =IF(ISNUMBER($L40),OFFSET(Banco!$A$1,Composições!$L40-1,COLUMN(Composições!D40)-1),"") | E40: =IF(ISNUMBER($L40),OFFSET(Banco!$A$1,Composições!$L40-1,COLUMN(Composições!E40)-1),"") | F40: =TRUNC($H40*ROUND(I40,2),2) -> 0 | G40: =TRUNC($H40*ROUND(J40,2),2) -> 0 | I40: =IF(ISNUMBER($L40),VALUE(OFFSET(Banco!$A$1,Composições!$L40-1,COLUMN(Composições!I40)-4)),0) -> 0 | J40: =IF(ISNUMBER($L40),VALUE(OFFSET(Banco!$A$1,Composições!$L40-1,COLUMN(Composições!J40)-4)),0) -> 0 | K40: =COUNTA($A$1:$A40)-1 -> 3 | L40: =MATCH(Composições!CONCATENAR,Banco!$A:$A,0) -> #N/A | M40: =IF(OR(ISERROR($L40),$H40="",$H40=0),"",OFFSET(M$1,MATCH($K40,$K$1:$K40,0)-1,0))
D41: =IF(ISNUMBER($L41),OFFSET(Banco!$A$1,Composições!$L41-1,COLUMN(Composições!D41)-1),"") | E41: =IF(ISNUMBER($L41),OFFSET(Banco!$A$1,Composições!$L41-1,COLUMN(Composições!E41)-1),"") | F41: =TRUNC($H41*ROUND(I41,2),2) -> 0 | G41: =TRUNC($H41*ROUND(J41,2),2) -> 0 | I41: =IF(ISNUMBER($L41),VALUE(OFFSET(Banco!$A$1,Composições!$L41-1,COLUMN(Composições!I41)-4)),0) -> 0 | J41: =IF(ISNUMBER($L41),VALUE(OFFSET(Banco!$A$1,Composições!$L41-1,COLUMN(Composições!J41)-4)),0) -> 0 | K41: =COUNTA($A$1:$A41)-1 -> 3 | L41: =MATCH(Composições!CONCATENAR,Banco!$A:$A,0) -> #N/A | M41: =IF(OR(ISERROR($L41),$H41="",$H41=0),"",OFFSET(M$1,MATCH($K41,$K$1:$K41,0)-1,0))
D42: =IF(ISNUMBER($L42),OFFSET(Banco!$A$1,Composições!$L42-1,COLUMN(Composições!D42)-1),"") | E42: =IF(ISNUMBER($L42),OFFSET(Banco!$A$1,Composições!$L42-1,COLUMN(Composições!E42)-1),"") | F42: =TRUNC($H42*ROUND(I42,2),2) -> 0 | G42: =TRUNC($H42*ROUND(J42,2),2) -> 0 | I42: =IF(ISNUMBER($L42),VALUE(OFFSET(Banco!$A$1,Composições!$L42-1,COLUMN(Composições!I42)-4)),0) -> 0 | J42: =IF(ISNUMBER($L42),VALUE(OFFSET(Banco!$A$1,Composições!$L42-1,COLUMN(Composições!J42)-4)),0) -> 0 | K42: =COUNTA($A$1:$A42)-1 -> 3 | L42: =MATCH(Composições!CONCATENAR,Banco!$A:$A,0) -> #N/A | M42: =IF(OR(ISERROR($L42),$H42="",$H42=0),"",OFFSET(M$1,MATCH($K42,$K$1:$K42,0)-1,0))
D43: =IF(ISNUMBER($L43),OFFSET(Banco!$A$1,Composições!$L43-1,COLUMN(Composições!D43)-1),"") | E43: =IF(ISNUMBER($L43),OFFSET(Banco!$A$1,Composições!$L43-1,COLUMN(Composições!E43)-1),"") | F43: =TRUNC($H43*ROUND(I43,2),2) -> 0 | G43: =TRUNC($H43*ROUND(J43,2),2) -> 0 | I43: =IF(ISNUMBER($L43),VALUE(OFFSET(Banco!$A$1,Composições!$L43-1,COLUMN(Composições!I43)-4)),0) -> 0 | J43: =IF(ISNUMBER($L43),VALUE(OFFSET(Banco!$A$1,Composições!$L43-1,COLUMN(Composições!J43)-4)),0) -> 0 | K43: =COUNTA($A$1:$A43)-1 -> 3 | L43: =MATCH(Composições!CONCATENAR,Banco!$A:$A,0) -> #N/A | M43: =IF(OR(ISERROR($L43),$H43="",$H43=0),"",OFFSET(M$1,MATCH($K43,$K$1:$K43,0)-1,0))
D44: =IF(ISNUMBER($L44),OFFSET(Banco!$A$1,Composições!$L44-1,COLUMN(Composições!D44)-1),"") | E44: =IF(ISNUMBER($L44),OFFSET(Banco!$A$1,Composições!$L44-1,COLUMN(Composições!E44)-1),"") | F44: =TRUNC($H44*ROUND(I44,2),2) -> 0 | G44: =TRUNC($H44*ROUND(J44,2),2) -> 0 | I44: =IF(ISNUMBER($L44),VALUE(OFFSET(Banco!$A$1,Composições!$L44-1,COLUMN(Composições!I44)-4)),0) -> 0 | J44: =IF(ISNUMBER($L44),VALUE(OFFSET(Banco!$A$1,Composições!$L44-1,COLUMN(Composições!J44)-4)),0) -> 0 | K44: =COUNTA($A$1:$A44)-1 -> 3 | L44: =MATCH(Composições!CONCATENAR,Banco!$A:$A,0) -> #N/A | M44: =IF(OR(ISERROR($L44),$H44="",$H44=0),"",OFFSET(M$1,MATCH($K44,$K$1:$K44,0)-1,0))
D45: =IF(ISNUMBER($L45),OFFSET(Banco!$A$1,Composições!$L45-1,COLUMN(Composições!D45)-1),"") | E45: =IF(ISNUMBER($L45),OFFSET(Banco!$A$1,Composições!$L45-1,COLUMN(Composições!E45)-1),"") | F45: =TRUNC($H45*ROUND(I45,2),2) -> 0 | G45: =TRUNC($H45*ROUND(J45,2),2) -> 0 | I45: =IF(ISNUMBER($L45),VALUE(OFFSET(Banco!$A$1,Composições!$L45-1,COLUMN(Composições!I45)-4)),0) -> 0 | J45: =IF(ISNUMBER($L45),VALUE(OFFSET(Banco!$A$1,Composições!$L45-1,COLUMN(Composições!J45)-4)),0) -> 0 | K45: =COUNTA($A$1:$A45)-1 -> 3 | L45: =MATCH(Composições!CONCATENAR,Banco!$A:$A,0) -> #N/A | M45: =IF(OR(ISERROR($L45),$H45="",$H45=0),"",OFFSET(M$1,MATCH($K45,$K$1:$K45,0)-1,0))
K46: =COUNTA($A$1:$A46)-1 -> 3 | M46: =IF(OFFSET($M$1,MATCH(OFFSET(K46,-1,0),$K$1:$K46,0)-1,0)="F","F","")
A47: =CONCATENAR | F47: =IF($L47>0,SUM(OFFSET(F47,1,0,$L47),0)) -> 0 | G47: =IF($L47>0,SUM(OFFSET(G47,1,0,$L47),0)) -> 0 | I47: =IF(ISERROR(F47),0,F47) -> 0 | J47: =IF(ISERROR(G47),0,G47) -> 0 | K47: =COUNTA($A$1:$A47)-1 -> 4 | L47: =IF(MAX(K:K)=K47,MATCH(9999999,$K:$K)+1,MATCH(K47+1,K:K,0))-ROW(L47)-2 -> 10 | M47: =IF(AND(OR(I47<>0,J47<>0),N47="Sim"),"F","") | N47: Sim
D48: =IF(ISNUMBER($L48),OFFSET(Banco!$A$1,Composições!$L48-1,COLUMN(Composições!D48)-1),"") | E48: =IF(ISNUMBER($L48),OFFSET(Banco!$A$1,Composições!$L48-1,COLUMN(Composições!E48)-1),"") | F48: =TRUNC($H48*ROUND(I48,2),2) -> 0 | G48: =TRUNC($H48*ROUND(J48,2),2) -> 0 | I48: =IF(ISNUMBER($L48),VALUE(OFFSET(Banco!$A$1,Composições!$L48-1,COLUMN(Composições!I48)-4)),0) -> 0 | J48: =IF(ISNUMBER($L48),VALUE(OFFSET(Banco!$A$1,Composições!$L48-1,COLUMN(Composições!J48)-4)),0) -> 0 | K48: =COUNTA($A$1:$A48)-1 -> 4 | L48: =MATCH(Composições!CONCATENAR,Banco!$A:$A,0) -> #N/A | M48: =IF(OR(ISERROR($L48),$H48="",$H48=0),"",OFFSET(M$1,MATCH($K48,$K$1:$K48,0)-1,0))
D49: =IF(ISNUMBER($L49),OFFSET(Banco!$A$1,Composições!$L49-1,COLUMN(Composições!D49)-1),"") | E49: =IF(ISNUMBER($L49),OFFSET(Banco!$A$1,Composições!$L49-1,COLUMN(Composições!E49)-1),"") | F49: =TRUNC($H49*ROUND(I49,2),2) -> 0 | G49: =TRUNC($H49*ROUND(J49,2),2) -> 0 | I49: =IF(ISNUMBER($L49),VALUE(OFFSET(Banco!$A$1,Composições!$L49-1,COLUMN(Composições!I49)-4)),0) -> 0 | J49: =IF(ISNUMBER($L49),VALUE(OFFSET(Banco!$A$1,Composições!$L49-1,COLUMN(Composições!J49)-4)),0) -> 0 | K49: =COUNTA($A$1:$A49)-1 -> 4 | L49: =MATCH(Composições!CONCATENAR,Banco!$A:$A,0) -> #N/A | M49: =IF(OR(ISERROR($L49),$H49="",$H49=0),"",OFFSET(M$1,MATCH($K49,$K$1:$K49,0)-1,0))
D50: =IF(ISNUMBER($L50),OFFSET(Banco!$A$1,Composições!$L50-1,COLUMN(Composições!D50)-1),"") | E50: =IF(ISNUMBER($L50),OFFSET(Banco!$A$1,Composições!$L50-1,COLUMN(Composições!E50)-1),"") | F50: =TRUNC($H50*ROUND(I50,2),2) -> 0 | G50: =TRUNC($H50*ROUND(J50,2),2) -> 0 | I50: =IF(ISNUMBER($L50),VALUE(OFFSET(Banco!$A$1,Composições!$L50-1,COLUMN(Composições!I50)-4)),0) -> 0 | J50: =IF(ISNUMBER($L50),VALUE(OFFSET(Banco!$A$1,Composições!$L50-1,COLUMN(Composições!J50)-4)),0) -> 0 | K50: =COUNTA($A$1:$A50)-1 -> 4 | L50: =MATCH(Composições!CONCATENAR,Banco!$A:$A,0) -> #N/A | M50: =IF(OR(ISERROR($L50),$H50="",$H50=0),"",OFFSET(M$1,MATCH($K50,$K$1:$K50,0)-1,0))
D51: =IF(ISNUMBER($L51),OFFSET(Banco!$A$1,Composições!$L51-1,COLUMN(Composições!D51)-1),"") | E51: =IF(ISNUMBER($L51),OFFSET(Banco!$A$1,Composições!$L51-1,COLUMN(Composições!E51)-1),"") | F51: =TRUNC($H51*ROUND(I51,2),2) -> 0 | G51: =TRUNC($H51*ROUND(J51,2),2) -> 0 | I51: =IF(ISNUMBER($L51),VALUE(OFFSET(Banco!$A$1,Composições!$L51-1,COLUMN(Composições!I51)-4)),0) -> 0 | J51: =IF(ISNUMBER($L51),VALUE(OFFSET(Banco!$A$1,Composições!$L51-1,COLUMN(Composições!J51)-4)),0) -> 0 | K51: =COUNTA($A$1:$A51)-1 -> 4 | L51: =MATCH(Composições!CONCATENAR,Banco!$A:$A,0) -> #N/A | M51: =IF(OR(ISERROR($L51),$H51="",$H51=0),"",OFFSET(M$1,MATCH($K51,$K$1:$K51,0)-1,0))
D52: =IF(ISNUMBER($L52),OFFSET(Banco!$A$1,Composições!$L52-1,COLUMN(Composições!D52)-1),"") | E52: =IF(ISNUMBER($L52),OFFSET(Banco!$A$1,Composições!$L52-1,COLUMN(Composições!E52)-1),"") | F52: =TRUNC($H52*ROUND(I52,2),2) -> 0 | G52: =TRUNC($H52*ROUND(J52,2),2) -> 0 | I52: =IF(ISNUMBER($L52),VALUE(OFFSET(Banco!$A$1,Composições!$L52-1,COLUMN(Composições!I52)-4)),0) -> 0 | J52: =IF(ISNUMBER($L52),VALUE(OFFSET(Banco!$A$1,Composições!$L52-1,COLUMN(Composições!J52)-4)),0) -> 0 | K52: =COUNTA($A$1:$A52)-1 -> 4 | L52: =MATCH(Composições!CONCATENAR,Banco!$A:$A,0) -> #N/A | M52: =IF(OR(ISERROR($L52),$H52="",$H52=0),"",OFFSET(M$1,MATCH($K52,$K$1:$K52,0)-1,0))
D53: =IF(ISNUMBER($L53),OFFSET(Banco!$A$1,Composições!$L53-1,COLUMN(Composições!D53)-1),"") | E53: =IF(ISNUMBER($L53),OFFSET(Banco!$A$1,Composições!$L53-1,COLUMN(Composições!E53)-1),"") | F53: =TRUNC($H53*ROUND(I53,2),2) -> 0 | G53: =TRUNC($H53*ROUND(J53,2),2) -> 0 | I53: =IF(ISNUMBER($L53),VALUE(OFFSET(Banco!$A$1,Composições!$L53-1,COLUMN(Composições!I53)-4)),0) -> 0 | J53: =IF(ISNUMBER($L53),VALUE(OFFSET(Banco!$A$1,Composições!$L53-1,COLUMN(Composições!J53)-4)),0) -> 0 | K53: =COUNTA($A$1:$A53)-1 -> 4 | L53: =MATCH(Composições!CONCATENAR,Banco!$A:$A,0) -> #N/A | M53: =IF(OR(ISERROR($L53),$H53="",$H53=0),"",OFFSET(M$1,MATCH($K53,$K$1:$K53,0)-1,0))
D54: =IF(ISNUMBER($L54),OFFSET(Banco!$A$1,Composições!$L54-1,COLUMN(Composições!D54)-1),"") | E54: =IF(ISNUMBER($L54),OFFSET(Banco!$A$1,Composições!$L54-1,COLUMN(Composições!E54)-1),"") | F54: =TRUNC($H54*ROUND(I54,2),2) -> 0 | G54: =TRUNC($H54*ROUND(J54,2),2) -> 0 | I54: =IF(ISNUMBER($L54),VALUE(OFFSET(Banco!$A$1,Composições!$L54-1,COLUMN(Composições!I54)-4)),0) -> 0 | J54: =IF(ISNUMBER($L54),VALUE(OFFSET(Banco!$A$1,Composições!$L54-1,COLUMN(Composições!J54)-4)),0) -> 0 | K54: =COUNTA($A$1:$A54)-1 -> 4 | L54: =MATCH(Composições!CONCATENAR,Banco!$A:$A,0) -> #N/A | M54: =IF(OR(ISERROR($L54),$H54="",$H54=0),"",OFFSET(M$1,MATCH($K54,$K$1:$K54,0)-1,0))
D55: =IF(ISNUMBER($L55),OFFSET(Banco!$A$1,Composições!$L55-1,COLUMN(Composições!D55)-1),"") | E55: =IF(ISNUMBER($L55),OFFSET(Banco!$A$1,Composições!$L55-1,COLUMN(Composições!E55)-1),"") | F55: =TRUNC($H55*ROUND(I55,2),2) -> 0 | G55: =TRUNC($H55*ROUND(J55,2),2) -> 0 | I55: =IF(ISNUMBER($L55),VALUE(OFFSET(Banco!$A$1,Composições!$L55-1,COLUMN(Composições!I55)-4)),0) -> 0 | J55: =IF(ISNUMBER($L55),VALUE(OFFSET(Banco!$A$1,Composições!$L55-1,COLUMN(Composições!J55)-4)),0) -> 0 | K55: =COUNTA($A$1:$A55)-1 -> 4 | L55: =MATCH(Composições!CONCATENAR,Banco!$A:$A,0) -> #N/A | M55: =IF(OR(ISERROR($L55),$H55="",$H55=0),"",OFFSET(M$1,MATCH($K55,$K$1:$K55,0)-1,0))
D56: =IF(ISNUMBER($L56),OFFSET(Banco!$A$1,Composições!$L56-1,COLUMN(Composições!D56)-1),"") | E56: =IF(ISNUMBER($L56),OFFSET(Banco!$A$1,Composições!$L56-1,COLUMN(Composições!E56)-1),"") | F56: =TRUNC($H56*ROUND(I56,2),2) -> 0 | G56: =TRUNC($H56*ROUND(J56,2),2) -> 0 | I56: =IF(ISNUMBER($L56),VALUE(OFFSET(Banco!$A$1,Composições!$L56-1,COLUMN(Composições!I56)-4)),0) -> 0 | J56: =IF(ISNUMBER($L56),VALUE(OFFSET(Banco!$A$1,Composições!$L56-1,COLUMN(Composições!J56)-4)),0) -> 0 | K56: =COUNTA($A$1:$A56)-1 -> 4 | L56: =MATCH(Composições!CONCATENAR,Banco!$A:$A,0) -> #N/A | M56: =IF(OR(ISERROR($L56),$H56="",$H56=0),"",OFFSET(M$1,MATCH($K56,$K$1:$K56,0)-1,0))
D57: =IF(ISNUMBER($L57),OFFSET(Banco!$A$1,Composições!$L57-1,COLUMN(Composições!D57)-1),"") | E57: =IF(ISNUMBER($L57),OFFSET(Banco!$A$1,Composições!$L57-1,COLUMN(Composições!E57)-1),"") | F57: =TRUNC($H57*ROUND(I57,2),2) -> 0 | G57: =TRUNC($H57*ROUND(J57,2),2) -> 0 | I57: =IF(ISNUMBER($L57),VALUE(OFFSET(Banco!$A$1,Composições!$L57-1,COLUMN(Composições!I57)-4)),0) -> 0 | J57: =IF(ISNUMBER($L57),VALUE(OFFSET(Banco!$A$1,Composições!$L57-1,COLUMN(Composições!J57)-4)),0) -> 0 | K57: =COUNTA($A$1:$A57)-1 -> 4 | L57: =MATCH(Composições!CONCATENAR,Banco!$A:$A,0) -> #N/A | M57: =IF(OR(ISERROR($L57),$H57="",$H57=0),"",OFFSET(M$1,MATCH($K57,$K$1:$K57,0)-1,0))
K58: =COUNTA($A$1:$A58)-1 -> 4 | M58: =IF(OFFSET($M$1,MATCH(OFFSET(K58,-1,0),$K$1:$K58,0)-1,0)="F","F","")
A59: =CONCATENAR | F59: =IF($L59>0,SUM(OFFSET(F59,1,0,$L59),0)) -> 0 | G59: =IF($L59>0,SUM(OFFSET(G59,1,0,$L59),0)) -> 0 | I59: =IF(ISERROR(F59),0,F59) -> 0 | J59: =IF(ISERROR(G59),0,G59) -> 0 | K59: =COUNTA($A$1:$A59)-1 -> 5 | L59: =IF(MAX(K:K)=K59,MATCH(9999999,$K:$K)+1,MATCH(K59+1,K:K,0))-ROW(L59)-2 -> 10 | M59: =IF(AND(OR(I59<>0,J59<>0),N59="Sim"),"F","") | N59: Sim
D60: =IF(ISNUMBER($L60),OFFSET(Banco!$A$1,Composições!$L60-1,COLUMN(Composições!D60)-1),"") | E60: =IF(ISNUMBER($L60),OFFSET(Banco!$A$1,Composições!$L60-1,COLUMN(Composições!E60)-1),"") | F60: =TRUNC($H60*ROUND(I60,2),2) -> 0 | G60: =TRUNC($H60*ROUND(J60,2),2) -> 0 | I60: =IF(ISNUMBER($L60),VALUE(OFFSET(Banco!$A$1,Composições!$L60-1,COLUMN(Composições!I60)-4)),0) -> 0 | J60: =IF(ISNUMBER($L60),VALUE(OFFSET(Banco!$A$1,Composições!$L60-1,COLUMN(Composições!J60)-4)),0) -> 0 | K60: =COUNTA($A$1:$A60)-1 -> 5 | L60: =MATCH(Composições!CONCATENAR,Banco!$A:$A,0) -> #N/A | M60: =IF(OR(ISERROR($L60),$H60="",$H60=0),"",OFFSET(M$1,MATCH($K60,$K$1:$K60,0)-1,0))
D61: =IF(ISNUMBER($L61),OFFSET(Banco!$A$1,Composições!$L61-1,COLUMN(Composições!D61)-1),"") | E61: =IF(ISNUMBER($L61),OFFSET(Banco!$A$1,Composições!$L61-1,COLUMN(Composições!E61)-1),"") | F61: =TRUNC($H61*ROUND(I61,2),2) -> 0 | G61: =TRUNC($H61*ROUND(J61,2),2) -> 0 | I61: =IF(ISNUMBER($L61),VALUE(OFFSET(Banco!$A$1,Composições!$L61-1,COLUMN(Composições!I61)-4)),0) -> 0 | J61: =IF(ISNUMBER($L61),VALUE(OFFSET(Banco!$A$1,Composições!$L61-1,COLUMN(Composições!J61)-4)),0) -> 0 | K61: =COUNTA($A$1:$A61)-1 -> 5 | L61: =MATCH(Composições!CONCATENAR,Banco!$A:$A,0) -> #N/A | M61: =IF(OR(ISERROR($L61),$H61="",$H61=0),"",OFFSET(M$1,MATCH($K61,$K$1:$K61,0)-1,0))
D62: =IF(ISNUMBER($L62),OFFSET(Banco!$A$1,Composições!$L62-1,COLUMN(Composições!D62)-1),"") | E62: =IF(ISNUMBER($L62),OFFSET(Banco!$A$1,Composições!$L62-1,COLUMN(Composições!E62)-1),"") | F62: =TRUNC($H62*ROUND(I62,2),2) -> 0 | G62: =TRUNC($H62*ROUND(J62,2),2) -> 0 | I62: =IF(ISNUMBER($L62),VALUE(OFFSET(Banco!$A$1,Composições!$L62-1,COLUMN(Composições!I62)-4)),0) -> 0 | J62: =IF(ISNUMBER($L62),VALUE(OFFSET(Banco!$A$1,Composições!$L62-1,COLUMN(Composições!J62)-4)),0) -> 0 | K62: =COUNTA($A$1:$A62)-1 -> 5 | L62: =MATCH(Composições!CONCATENAR,Banco!$A:$A,0) -> #N/A | M62: =IF(OR(ISERROR($L62),$H62="",$H62=0),"",OFFSET(M$1,MATCH($K62,$K$1:$K62,0)-1,0))
D63: =IF(ISNUMBER($L63),OFFSET(Banco!$A$1,Composições!$L63-1,COLUMN(Composições!D63)-1),"") | E63: =IF(ISNUMBER($L63),OFFSET(Banco!$A$1,Composições!$L63-1,COLUMN(Composições!E63)-1),"") | F63: =TRUNC($H63*ROUND(I63,2),2) -> 0 | G63: =TRUNC($H63*ROUND(J63,2),2) -> 0 | I63: =IF(ISNUMBER($L63),VALUE(OFFSET(Banco!$A$1,Composições!$L63-1,COLUMN(Composições!I63)-4)),0) -> 0 | J63: =IF(ISNUMBER($L63),VALUE(OFFSET(Banco!$A$1,Composições!$L63-1,COLUMN(Composições!J63)-4)),0) -> 0 | K63: =COUNTA($A$1:$A63)-1 -> 5 | L63: =MATCH(Composições!CONCATENAR,Banco!$A:$A,0) -> #N/A | M63: =IF(OR(ISERROR($L63),$H63="",$H63=0),"",OFFSET(M$1,MATCH($K63,$K$1:$K63,0)-1,0))
D64: =IF(ISNUMBER($L64),OFFSET(Banco!$A$1,Composições!$L64-1,COLUMN(Composições!D64)-1),"") | E64: =IF(ISNUMBER($L64),OFFSET(Banco!$A$1,Composições!$L64-1,COLUMN(Composições!E64)-1),"") | F64: =TRUNC($H64*ROUND(I64,2),2) -> 0 | G64: =TRUNC($H64*ROUND(J64,2),2) -> 0 | I64: =IF(ISNUMBER($L64),VALUE(OFFSET(Banco!$A$1,Composições!$L64-1,COLUMN(Composições!I64)-4)),0) -> 0 | J64: =IF(ISNUMBER($L64),VALUE(OFFSET(Banco!$A$1,Composições!$L64-1,COLUMN(Composições!J64)-4)),0) -> 0 | K64: =COUNTA($A$1:$A64)-1 -> 5 | L64: =MATCH(Composições!CONCATENAR,Banco!$A:$A,0) -> #N/A | M64: =IF(OR(ISERROR($L64),$H64="",$H64=0),"",OFFSET(M$1,MATCH($K64,$K$1:$K64,0)-1,0))
D65: =IF(ISNUMBER($L65),OFFSET(Banco!$A$1,Composições!$L65-1,COLUMN(Composições!D65)-1),"") | E65: =IF(ISNUMBER($L65),OFFSET(Banco!$A$1,Composições!$L65-1,COLUMN(Composições!E65)-1),"") | F65: =TRUNC($H65*ROUND(I65,2),2) -> 0 | G65: =TRUNC($H65*ROUND(J65,2),2) -> 0 | I65: =IF(ISNUMBER($L65),VALUE(OFFSET(Banco!$A$1,Composições!$L65-1,COLUMN(Composições!I65)-4)),0) -> 0 | J65: =IF(ISNUMBER($L65),VALUE(OFFSET(Banco!$A$1,Composições!$L65-1,COLUMN(Composições!J65)-4)),0) -> 0 | K65: =COUNTA($A$1:$A65)-1 -> 5 | L65: =MATCH(Composições!CONCATENAR,Banco!$A:$A,0) -> #N/A | M65: =IF(OR(ISERROR($L65),$H65="",$H65=0),"",OFFSET(M$1,MATCH($K65,$K$1:$K65,0)-1,0))
D66: =IF(ISNUMBER($L66),OFFSET(Banco!$A$1,Composições!$L66-1,COLUMN(Composições!D66)-1),"") | E66: =IF(ISNUMBER($L66),OFFSET(Banco!$A$1,Composições!$L66-1,COLUMN(Composições!E66)-1),"") | F66: =TRUNC($H66*ROUND(I66,2),2) -> 0 | G66: =TRUNC($H66*ROUND(J66,2),2) -> 0 | I66: =IF(ISNUMBER($L66),VALUE(OFFSET(Banco!$A$1,Composições!$L66-1,COLUMN(Composições!I66)-4)),0) -> 0 | J66: =IF(ISNUMBER($L66),VALUE(OFFSET(Banco!$A$1,Composições!$L66-1,COLUMN(Composições!J66)-4)),0) -> 0 | K66: =COUNTA($A$1:$A66)-1 -> 5 | L66: =MATCH(Composições!CONCATENAR,Banco!$A:$A,0) -> #N/A | M66: =IF(OR(ISERROR($L66),$H66="",$H66=0),"",OFFSET(M$1,MATCH($K66,$K$1:$K66,0)-1,0))
D67: =IF(ISNUMBER($L67),OFFSET(Banco!$A$1,Composições!$L67-1,COLUMN(Composições!D67)-1),"") | E67: =IF(ISNUMBER($L67),OFFSET(Banco!$A$1,Composições!$L67-1,COLUMN(Composições!E67)-1),"") | F67: =TRUNC($H67*ROUND(I67,2),2) -> 0 | G67: =TRUNC($H67*ROUND(J67,2),2) -> 0 | I67: =IF(ISNUMBER($L67),VALUE(OFFSET(Banco!$A$1,Composições!$L67-1,COLUMN(Composições!I67)-4)),0) -> 0 | J67: =IF(ISNUMBER($L67),VALUE(OFFSET(Banco!$A$1,Composições!$L67-1,COLUMN(Composições!J67)-4)),0) -> 0 | K67: =COUNTA($A$1:$A67)-1 -> 5 | L67: =MATCH(Composições!CONCATENAR,Banco!$A:$A,0) -> #N/A | M67: =IF(OR(ISERROR($L67),$H67="",$H67=0),"",OFFSET(M$1,MATCH($K67,$K$1:$K67,0)-1,0))
D68: =IF(ISNUMBER($L68),OFFSET(Banco!$A$1,Composições!$L68-1,COLUMN(Composições!D68)-1),"") | E68: =IF(ISNUMBER($L68),OFFSET(Banco!$A$1,Composições!$L68-1,COLUMN(Composições!E68)-1),"") | F68: =TRUNC($H68*ROUND(I68,2),2) -> 0 | G68: =TRUNC($H68*ROUND(J68,2),2) -> 0 | I68: =IF(ISNUMBER($L68),VALUE(OFFSET(Banco!$A$1,Composições!$L68-1,COLUMN(Composições!I68)-4)),0) -> 0 | J68: =IF(ISNUMBER($L68),VALUE(OFFSET(Banco!$A$1,Composições!$L68-1,COLUMN(Composições!J68)-4)),0) -> 0 | K68: =COUNTA($A$1:$A68)-1 -> 5 | L68: =MATCH(Composições!CONCATENAR,Banco!$A:$A,0) -> #N/A | M68: =IF(OR(ISERROR($L68),$H68="",$H68=0),"",OFFSET(M$1,MATCH($K68,$K$1:$K68,0)-1,0))
D69: =IF(ISNUMBER($L69),OFFSET(Banco!$A$1,Composições!$L69-1,COLUMN(Composições!D69)-1),"") | E69: =IF(ISNUMBER($L69),OFFSET(Banco!$A$1,Composições!$L69-1,COLUMN(Composições!E69)-1),"") | F69: =TRUNC($H69*ROUND(I69,2),2) -> 0 | G69: =TRUNC($H69*ROUND(J69,2),2) -> 0 | I69: =IF(ISNUMBER($L69),VALUE(OFFSET(Banco!$A$1,Composições!$L69-1,COLUMN(Composições!I69)-4)),0) -> 0 | J69: =IF(ISNUMBER($L69),VALUE(OFFSET(Banco!$A$1,Composições!$L69-1,COLUMN(Composições!J69)-4)),0) -> 0 | K69: =COUNTA($A$1:$A69)-1 -> 5 | L69: =MATCH(Composições!CONCATENAR,Banco!$A:$A,0) -> #N/A | M69: =IF(OR(ISERROR($L69),$H69="",$H69=0),"",OFFSET(M$1,MATCH($K69,$K$1:$K69,0)-1,0))
K70: =COUNTA($A$1:$A70)-1 -> 5 | M70: =IF(OFFSET($M$1,MATCH(OFFSET(K70,-1,0),$K$1:$K70,0)-1,0)="F","F","")
A71: =CONCATENAR | F71: =IF($L71>0,SUM(OFFSET(F71,1,0,$L71),0)) -> 0 | G71: =IF($L71>0,SUM(OFFSET(G71,1,0,$L71),0)) -> 0 | I71: =IF(ISERROR(F71),0,F71) -> 0 | J71: =IF(ISERROR(G71),0,G71) -> 0 | K71: =COUNTA($A$1:$A71)-1 -> 6 | L71: =IF(MAX(K:K)=K71,MATCH(9999999,$K:$K)+1,MATCH(K71+1,K:K,0))-ROW(L71)-2 -> 10 | M71: =IF(AND(OR(I71<>0,J71<>0),N71="Sim"),"F","") | N71: Sim
D72: =IF(ISNUMBER($L72),OFFSET(Banco!$A$1,Composições!$L72-1,COLUMN(Composições!D72)-1),"") | E72: =IF(ISNUMBER($L72),OFFSET(Banco!$A$1,Composições!$L72-1,COLUMN(Composições!E72)-1),"") | F72: =TRUNC($H72*ROUND(I72,2),2) -> 0 | G72: =TRUNC($H72*ROUND(J72,2),2) -> 0 | I72: =IF(ISNUMBER($L72),VALUE(OFFSET(Banco!$A$1,Composições!$L72-1,COLUMN(Composições!I72)-4)),0) -> 0 | J72: =IF(ISNUMBER($L72),VALUE(OFFSET(Banco!$A$1,Composições!$L72-1,COLUMN(Composições!J72)-4)),0) -> 0 | K72: =COUNTA($A$1:$A72)-1 -> 6 | L72: =MATCH(Composições!CONCATENAR,Banco!$A:$A,0) -> #N/A | M72: =IF(OR(ISERROR($L72),$H72="",$H72=0),"",OFFSET(M$1,MATCH($K72,$K$1:$K72,0)-1,0))
D73: =IF(ISNUMBER($L73),OFFSET(Banco!$A$1,Composições!$L73-1,COLUMN(Composições!D73)-1),"") | E73: =IF(ISNUMBER($L73),OFFSET(Banco!$A$1,Composições!$L73-1,COLUMN(Composições!E73)-1),"") | F73: =TRUNC($H73*ROUND(I73,2),2) -> 0 | G73: =TRUNC($H73*ROUND(J73,2),2) -> 0 | I73: =IF(ISNUMBER($L73),VALUE(OFFSET(Banco!$A$1,Composições!$L73-1,COLUMN(Composições!I73)-4)),0) -> 0 | J73: =IF(ISNUMBER($L73),VALUE(OFFSET(Banco!$A$1,Composições!$L73-1,COLUMN(Composições!J73)-4)),0) -> 0 | K73: =COUNTA($A$1:$A73)-1 -> 6 | L73: =MATCH(Composições!CONCATENAR,Banco!$A:$A,0) -> #N/A | M73: =IF(OR(ISERROR($L73),$H73="",$H73=0),"",OFFSET(M$1,MATCH($K73,$K$1:$K73,0)-1,0))
D74: =IF(ISNUMBER($L74),OFFSET(Banco!$A$1,Composições!$L74-1,COLUMN(Composições!D74)-1),"") | E74: =IF(ISNUMBER($L74),OFFSET(Banco!$A$1,Composições!$L74-1,COLUMN(Composições!E74)-1),"") | F74: =TRUNC($H74*ROUND(I74,2),2) -> 0 | G74: =TRUNC($H74*ROUND(J74,2),2) -> 0 | I74: =IF(ISNUMBER($L74),VALUE(OFFSET(Banco!$A$1,Composições!$L74-1,COLUMN(Composições!I74)-4)),0) -> 0 | J74: =IF(ISNUMBER($L74),VALUE(OFFSET(Banco!$A$1,Composições!$L74-1,COLUMN(Composições!J74)-4)),0) -> 0 | K74: =COUNTA($A$1:$A74)-1 -> 6 | L74: =MATCH(Composições!CONCATENAR,Banco!$A:$A,0) -> #N/A | M74: =IF(OR(ISERROR($L74),$H74="",$H74=0),"",OFFSET(M$1,MATCH($K74,$K$1:$K74,0)-1,0))
D75: =IF(ISNUMBER($L75),OFFSET(Banco!$A$1,Composições!$L75-1,COLUMN(Composições!D75)-1),"") | E75: =IF(ISNUMBER($L75),OFFSET(Banco!$A$1,Composições!$L75-1,COLUMN(Composições!E75)-1),"") | F75: =TRUNC($H75*ROUND(I75,2),2) -> 0 | G75: =TRUNC($H75*ROUND(J75,2),2) -> 0 | I75: =IF(ISNUMBER($L75),VALUE(OFFSET(Banco!$A$1,Composições!$L75-1,COLUMN(Composições!I75)-4)),0) -> 0 | J75: =IF(ISNUMBER($L75),VALUE(OFFSET(Banco!$A$1,Composições!$L75-1,COLUMN(Composições!J75)-4)),0) -> 0 | K75: =COUNTA($A$1:$A75)-1 -> 6 | L75: =MATCH(Composições!CONCATENAR,Banco!$A:$A,0) -> #N/A | M75: =IF(OR(ISERROR($L75),$H75="",$H75=0),"",OFFSET(M$1,MATCH($K75,$K$1:$K75,0)-1,0))
D76: =IF(ISNUMBER($L76),OFFSET(Banco!$A$1,Composições!$L76-1,COLUMN(Composições!D76)-1),"") | E76: =IF(ISNUMBER($L76),OFFSET(Banco!$A$1,Composições!$L76-1,COLUMN(Composições!E76)-1),"") | F76: =TRUNC($H76*ROUND(I76,2),2) -> 0 | G76: =TRUNC($H76*ROUND(J76,2),2) -> 0 | I76: =IF(ISNUMBER($L76),VALUE(OFFSET(Banco!$A$1,Composições!$L76-1,COLUMN(Composições!I76)-4)),0) -> 0 | J76: =IF(ISNUMBER($L76),VALUE(OFFSET(Banco!$A$1,Composições!$L76-1,COLUMN(Composições!J76)-4)),0) -> 0 | K76: =COUNTA($A$1:$A76)-1 -> 6 | L76: =MATCH(Composições!CONCATENAR,Banco!$A:$A,0) -> #N/A | M76: =IF(OR(ISERROR($L76),$H76="",$H76=0),"",OFFSET(M$1,MATCH($K76,$K$1:$K76,0)-1,0))
D77: =IF(ISNUMBER($L77),OFFSET(Banco!$A$1,Composições!$L77-1,COLUMN(Composições!D77)-1),"") | E77: =IF(ISNUMBER($L77),OFFSET(Banco!$A$1,Composições!$L77-1,COLUMN(Composições!E77)-1),"") | F77: =TRUNC($H77*ROUND(I77,2),2) -> 0 | G77: =TRUNC($H77*ROUND(J77,2),2) -> 0 | I77: =IF(ISNUMBER($L77),VALUE(OFFSET(Banco!$A$1,Composições!$L77-1,COLUMN(Composições!I77)-4)),0) -> 0 | J77: =IF(ISNUMBER($L77),VALUE(OFFSET(Banco!$A$1,Composições!$L77-1,COLUMN(Composições!J77)-4)),0) -> 0 | K77: =COUNTA($A$1:$A77)-1 -> 6 | L77: =MATCH(Composições!CONCATENAR,Banco!$A:$A,0) -> #N/A | M77: =IF(OR(ISERROR($L77),$H77="",$H77=0),"",OFFSET(M$1,MATCH($K77,$K$1:$K77,0)-1,0))
D78: =IF(ISNUMBER($L78),OFFSET(Banco!$A$1,Composições!$L78-1,COLUMN(Composições!D78)-1),"") | E78: =IF(ISNUMBER($L78),OFFSET(Banco!$A$1,Composições!$L78-1,COLUMN(Composições!E78)-1),"") | F78: =TRUNC($H78*ROUND(I78,2),2) -> 0 | G78: =TRUNC($H78*ROUND(J78,2),2) -> 0 | I78: =IF(ISNUMBER($L78),VALUE(OFFSET(Banco!$A$1,Composições!$L78-1,COLUMN(Composições!I78)-4)),0) -> 0 | J78: =IF(ISNUMBER($L78),VALUE(OFFSET(Banco!$A$1,Composições!$L78-1,COLUMN(Composições!J78)-4)),0) -> 0 | K78: =COUNTA($A$1:$A78)-1 -> 6 | L78: =MATCH(Composições!CONCATENAR,Banco!$A:$A,0) -> #N/A | M78: =IF(OR(ISERROR($L78),$H78="",$H78=0),"",OFFSET(M$1,MATCH($K78,$K$1:$K78,0)-1,0))
D79: =IF(ISNUMBER($L79),OFFSET(Banco!$A$1,Composições!$L79-1,COLUMN(Composições!D79)-1),"") | E79: =IF(ISNUMBER($L79),OFFSET(Banco!$A$1,Composições!$L79-1,COLUMN(Composições!E79)-1),"") | F79: =TRUNC($H79*ROUND(I79,2),2) -> 0 | G79: =TRUNC($H79*ROUND(J79,2),2) -> 0 | I79: =IF(ISNUMBER($L79),VALUE(OFFSET(Banco!$A$1,Composições!$L79-1,COLUMN(Composições!I79)-4)),0) -> 0 | J79: =IF(ISNUMBER($L79),VALUE(OFFSET(Banco!$A$1,Composições!$L79-1,COLUMN(Composições!J79)-4)),0) -> 0 | K79: =COUNTA($A$1:$A79)-1 -> 6 | L79: =MATCH(Composições!CONCATENAR,Banco!$A:$A,0) -> #N/A | M79: =IF(OR(ISERROR($L79),$H79="",$H79=0),"",OFFSET(M$1,MATCH($K79,$K$1:$K79,0)-1,0))
D80: =IF(ISNUMBER($L80),OFFSET(Banco!$A$1,Composições!$L80-1,COLUMN(Composições!D80)-1),"") | E80: =IF(ISNUMBER($L80),OFFSET(Banco!$A$1,Composições!$L80-1,COLUMN(Composições!E80)-1),"") | F80: =TRUNC($H80*ROUND(I80,2),2) -> 0 | G80: =TRUNC($H80*ROUND(J80,2),2) -> 0 | I80: =IF(ISNUMBER($L80),VALUE(OFFSET(Banco!$A$1,Composições!$L80-1,COLUMN(Composições!I80)-4)),0) -> 0 | J80: =IF(ISNUMBER($L80),VALUE(OFFSET(Banco!$A$1,Composições!$L80-1,COLUMN(Composições!J80)-4)),0) -> 0 | K80: =COUNTA($A$1:$A80)-1 -> 6 | L80: =MATCH(Composições!CONCATENAR,Banco!$A:$A,0) -> #N/A | M80: =IF(OR(ISERROR($L80),$H80="",$H80=0),"",OFFSET(M$1,MATCH($K80,$K$1:$K80,0)-1,0))
D81: =IF(ISNUMBER($L81),OFFSET(Banco!$A$1,Composições!$L81-1,COLUMN(Composições!D81)-1),"") | E81: =IF(ISNUMBER($L81),OFFSET(Banco!$A$1,Composições!$L81-1,COLUMN(Composições!E81)-1),"") | F81: =TRUNC($H81*ROUND(I81,2),2) -> 0 | G81: =TRUNC($H81*ROUND(J81,2),2) -> 0 | I81: =IF(ISNUMBER($L81),VALUE(OFFSET(Banco!$A$1,Composições!$L81-1,COLUMN(Composições!I81)-4)),0) -> 0 | J81: =IF(ISNUMBER($L81),VALUE(OFFSET(Banco!$A$1,Composições!$L81-1,COLUMN(Composições!J81)-4)),0) -> 0 | K81: =COUNTA($A$1:$A81)-1 -> 6 | L81: =MATCH(Composições!CONCATENAR,Banco!$A:$A,0) -> #N/A | M81: =IF(OR(ISERROR($L81),$H81="",$H81=0),"",OFFSET(M$1,MATCH($K81,$K$1:$K81,0)-1,0))
K82: =COUNTA($A$1:$A82)-1 -> 6 | M82: =IF(OFFSET($M$1,MATCH(OFFSET(K82,-1,0),$K$1:$K82,0)-1,0)="F","F","")
A83: =CONCATENAR | F83: =IF($L83>0,SUM(OFFSET(F83,1,0,$L83),0)) -> 0 | G83: =IF($L83>0,SUM(OFFSET(G83,1,0,$L83),0)) -> 0 | I83: =IF(ISERROR(F83),0,F83) -> 0 | J83: =IF(ISERROR(G83),0,G83) -> 0 | K83: =COUNTA($A$1:$A83)-1 -> 7 | L83: =IF(MAX(K:K)=K83,MATCH(9999999,$K:$K)+1,MATCH(K83+1,K:K,0))-ROW(L83)-2 -> 10 | M83: =IF(AND(OR(I83<>0,J83<>0),N83="Sim"),"F","") | N83: Sim
D84: =IF(ISNUMBER($L84),OFFSET(Banco!$A$1,Composições!$L84-1,COLUMN(Composições!D84)-1),"") | E84: =IF(ISNUMBER($L84),OFFSET(Banco!$A$1,Composições!$L84-1,COLUMN(Composições!E84)-1),"") | F84: =TRUNC($H84*ROUND(I84,2),2) -> 0 | G84: =TRUNC($H84*ROUND(J84,2),2) -> 0 | I84: =IF(ISNUMBER($L84),VALUE(OFFSET(Banco!$A$1,Composições!$L84-1,COLUMN(Composições!I84)-4)),0) -> 0 | J84: =IF(ISNUMBER($L84),VALUE(OFFSET(Banco!$A$1,Composições!$L84-1,COLUMN(Composições!J84)-4)),0) -> 0 | K84: =COUNTA($A$1:$A84)-1 -> 7 | L84: =MATCH(Composições!CONCATENAR,Banco!$A:$A,0) -> #N/A | M84: =IF(OR(ISERROR($L84),$H84="",$H84=0),"",OFFSET(M$1,MATCH($K84,$K$1:$K84,0)-1,0))
D85: =IF(ISNUMBER($L85),OFFSET(Banco!$A$1,Composições!$L85-1,COLUMN(Composições!D85)-1),"") | E85: =IF(ISNUMBER($L85),OFFSET(Banco!$A$1,Composições!$L85-1,COLUMN(Composições!E85)-1),"") | F85: =TRUNC($H85*ROUND(I85,2),2) -> 0 | G85: =TRUNC($H85*ROUND(J85,2),2) -> 0 | I85: =IF(ISNUMBER($L85),VALUE(OFFSET(Banco!$A$1,Composições!$L85-1,COLUMN(Composições!I85)-4)),0) -> 0 | J85: =IF(ISNUMBER($L85),VALUE(OFFSET(Banco!$A$1,Composições!$L85-1,COLUMN(Composições!J85)-4)),0) -> 0 | K85: =COUNTA($A$1:$A85)-1 -> 7 | L85: =MATCH(Composições!CONCATENAR,Banco!$A:$A,0) -> #N/A | M85: =IF(OR(ISERROR($L85),$H85="",$H85=0),"",OFFSET(M$1,MATCH($K85,$K$1:$K85,0)-1,0))
D86: =IF(ISNUMBER($L86),OFFSET(Banco!$A$1,Composições!$L86-1,COLUMN(Composições!D86)-1),"") | E86: =IF(ISNUMBER($L86),OFFSET(Banco!$A$1,Composições!$L86-1,COLUMN(Composições!E86)-1),"") | F86: =TRUNC($H86*ROUND(I86,2),2) -> 0 | G86: =TRUNC($H86*ROUND(J86,2),2) -> 0 | I86: =IF(ISNUMBER($L86),VALUE(OFFSET(Banco!$A$1,Composições!$L86-1,COLUMN(Composições!I86)-4)),0) -> 0 | J86: =IF(ISNUMBER($L86),VALUE(OFFSET(Banco!$A$1,Composições!$L86-1,COLUMN(Composições!J86)-4)),0) -> 0 | K86: =COUNTA($A$1:$A86)-1 -> 7 | L86: =MATCH(Composições!CONCATENAR,Banco!$A:$A,0) -> #N/A | M86: =IF(OR(ISERROR($L86),$H86="",$H86=0),"",OFFSET(M$1,MATCH($K86,$K$1:$K86,0)-1,0))
D87: =IF(ISNUMBER($L87),OFFSET(Banco!$A$1,Composições!$L87-1,COLUMN(Composições!D87)-1),"") | E87: =IF(ISNUMBER($L87),OFFSET(Banco!$A$1,Composições!$L87-1,COLUMN(Composições!E87)-1),"") | F87: =TRUNC($H87*ROUND(I87,2),2) -> 0 | G87: =TRUNC($H87*ROUND(J87,2),2) -> 0 | I87: =IF(ISNUMBER($L87),VALUE(OFFSET(Banco!$A$1,Composições!$L87-1,COLUMN(Composições!I87)-4)),0) -> 0 | J87: =IF(ISNUMBER($L87),VALUE(OFFSET(Banco!$A$1,Composições!$L87-1,COLUMN(Composições!J87)-4)),0) -> 0 | K87: =COUNTA($A$1:$A87)-1 -> 7 | L87: =MATCH(Composições!CONCATENAR,Banco!$A:$A,0) -> #N/A | M87: =IF(OR(ISERROR($L87),$H87="",$H87=0),"",OFFSET(M$1,MATCH($K87,$K$1:$K87,0)-1,0))
D88: =IF(ISNUMBER($L88),OFFSET(Banco!$A$1,Composições!$L88-1,COLUMN(Composições!D88)-1),"") | E88: =IF(ISNUMBER($L88),OFFSET(Banco!$A$1,Composições!$L88-1,COLUMN(Composições!E88)-1),"") | F88: =TRUNC($H88*ROUND(I88,2),2) -> 0 | G88: =TRUNC($H88*ROUND(J88,2),2) -> 0 | I88: =IF(ISNUMBER($L88),VALUE(OFFSET(Banco!$A$1,Composições!$L88-1,COLUMN(Composições!I88)-4)),0) -> 0 | J88: =IF(ISNUMBER($L88),VALUE(OFFSET(Banco!$A$1,Composições!$L88-1,COLUMN(Composições!J88)-4)),0) -> 0 | K88: =COUNTA($A$1:$A88)-1 -> 7 | L88: =MATCH(Composições!CONCATENAR,Banco!$A:$A,0) -> #N/A | M88: =IF(OR(ISERROR($L88),$H88="",$H88=0),"",OFFSET(M$1,MATCH($K88,$K$1:$K88,0)-1,0))
D89: =IF(ISNUMBER($L89),OFFSET(Banco!$A$1,Composições!$L89-1,COLUMN(Composições!D89)-1),"") | E89: =IF(ISNUMBER($L89),OFFSET(Banco!$A$1,Composições!$L89-1,COLUMN(Composições!E89)-1),"") | F89: =TRUNC($H89*ROUND(I89,2),2) -> 0 | G89: =TRUNC($H89*ROUND(J89,2),2) -> 0 | I89: =IF(ISNUMBER($L89),VALUE(OFFSET(Banco!$A$1,Composições!$L89-1,COLUMN(Composições!I89)-4)),0) -> 0 | J89: =IF(ISNUMBER($L89),VALUE(OFFSET(Banco!$A$1,Composições!$L89-1,COLUMN(Composições!J89)-4)),0) -> 0 | K89: =COUNTA($A$1:$A89)-1 -> 7 | L89: =MATCH(Composições!CONCATENAR,Banco!$A:$A,0) -> #N/A | M89: =IF(OR(ISERROR($L89),$H89="",$H89=0),"",OFFSET(M$1,MATCH($K89,$K$1:$K89,0)-1,0))
D90: =IF(ISNUMBER($L90),OFFSET(Banco!$A$1,Composições!$L90-1,COLUMN(Composições!D90)-1),"") | E90: =IF(ISNUMBER($L90),OFFSET(Banco!$A$1,Composições!$L90-1,COLUMN(Composições!E90)-1),"") | F90: =TRUNC($H90*ROUND(I90,2),2) -> 0 | G90: =TRUNC($H90*ROUND(J90,2),2) -> 0 | I90: =IF(ISNUMBER($L90),VALUE(OFFSET(Banco!$A$1,Composições!$L90-1,COLUMN(Composições!I90)-4)),0) -> 0 | J90: =IF(ISNUMBER($L90),VALUE(OFFSET(Banco!$A$1,Composições!$L90-1,COLUMN(Composições!J90)-4)),0) -> 0 | K90: =COUNTA($A$1:$A90)-1 -> 7 | L90: =MATCH(Composições!CONCATENAR,Banco!$A:$A,0) -> #N/A | M90: =IF(OR(ISERROR($L90),$H90="",$H90=0),"",OFFSET(M$1,MATCH($K90,$K$1:$K90,0)-1,0))
D91: =IF(ISNUMBER($L91),OFFSET(Banco!$A$1,Composições!$L91-1,COLUMN(Composições!D91)-1),"") | E91: =IF(ISNUMBER($L91),OFFSET(Banco!$A$1,Composições!$L91-1,COLUMN(Composições!E91)-1),"") | F91: =TRUNC($H91*ROUND(I91,2),2) -> 0 | G91: =TRUNC($H91*ROUND(J91,2),2) -> 0 | I91: =IF(ISNUMBER($L91),VALUE(OFFSET(Banco!$A$1,Composições!$L91-1,COLUMN(Composições!I91)-4)),0) -> 0 | J91: =IF(ISNUMBER($L91),VALUE(OFFSET(Banco!$A$1,Composições!$L91-1,COLUMN(Composições!J91)-4)),0) -> 0 | K91: =COUNTA($A$1:$A91)-1 -> 7 | L91: =MATCH(Composições!CONCATENAR,Banco!$A:$A,0) -> #N/A | M91: =IF(OR(ISERROR($L91),$H91="",$H91=0),"",OFFSET(M$1,MATCH($K91,$K$1:$K91,0)-1,0))
D92: =IF(ISNUMBER($L92),OFFSET(Banco!$A$1,Composições!$L92-1,COLUMN(Composições!D92)-1),"") | E92: =IF(ISNUMBER($L92),OFFSET(Banco!$A$1,Composições!$L92-1,COLUMN(Composições!E92)-1),"") | F92: =TRUNC($H92*ROUND(I92,2),2) -> 0 | G92: =TRUNC($H92*ROUND(J92,2),2) -> 0 | I92: =IF(ISNUMBER($L92),VALUE(OFFSET(Banco!$A$1,Composições!$L92-1,COLUMN(Composições!I92)-4)),0) -> 0 | J92: =IF(ISNUMBER($L92),VALUE(OFFSET(Banco!$A$1,Composições!$L92-1,COLUMN(Composições!J92)-4)),0) -> 0 | K92: =COUNTA($A$1:$A92)-1 -> 7 | L92: =MATCH(Composições!CONCATENAR,Banco!$A:$A,0) -> #N/A | M92: =IF(OR(ISERROR($L92),$H92="",$H92=0),"",OFFSET(M$1,MATCH($K92,$K$1:$K92,0)-1,0))
D93: =IF(ISNUMBER($L93),OFFSET(Banco!$A$1,Composições!$L93-1,COLUMN(Composições!D93)-1),"") | E93: =IF(ISNUMBER($L93),OFFSET(Banco!$A$1,Composições!$L93-1,COLUMN(Composições!E93)-1),"") | F93: =TRUNC($H93*ROUND(I93,2),2) -> 0 | G93: =TRUNC($H93*ROUND(J93,2),2) -> 0 | I93: =IF(ISNUMBER($L93),VALUE(OFFSET(Banco!$A$1,Composições!$L93-1,COLUMN(Composições!I93)-4)),0) -> 0 | J93: =IF(ISNUMBER($L93),VALUE(OFFSET(Banco!$A$1,Composições!$L93-1,COLUMN(Composições!J93)-4)),0) -> 0 | K93: =COUNTA($A$1:$A93)-1 -> 7 | L93: =MATCH(Composições!CONCATENAR,Banco!$A:$A,0) -> #N/A | M93: =IF(OR(ISERROR($L93),$H93="",$H93=0),"",OFFSET(M$1,MATCH($K93,$K$1:$K93,0)-1,0))
K94: =COUNTA($A$1:$A94)-1 -> 7 | M94: =IF(OFFSET($M$1,MATCH(OFFSET(K94,-1,0),$K$1:$K94,0)-1,0)="F","F","")
A95: =CONCATENAR | F95: =IF($L95>0,SUM(OFFSET(F95,1,0,$L95),0)) -> 0 | G95: =IF($L95>0,SUM(OFFSET(G95,1,0,$L95),0)) -> 0 | I95: =IF(ISERROR(F95),0,F95) -> 0 | J95: =IF(ISERROR(G95),0,G95) -> 0 | K95: =COUNTA($A$1:$A95)-1 -> 8 | L95: =IF(MAX(K:K)=K95,MATCH(9999999,$K:$K)+1,MATCH(K95+1,K:K,0))-ROW(L95)-2 -> 10 | M95: =IF(AND(OR(I95<>0,J95<>0),N95="Sim"),"F","") | N95: Sim
D96: =IF(ISNUMBER($L96),OFFSET(Banco!$A$1,Composições!$L96-1,COLUMN(Composições!D96)-1),"") | E96: =IF(ISNUMBER($L96),OFFSET(Banco!$A$1,Composições!$L96-1,COLUMN(Composições!E96)-1),"") | F96: =TRUNC($H96*ROUND(I96,2),2) -> 0 | G96: =TRUNC($H96*ROUND(J96,2),2) -> 0 | I96: =IF(ISNUMBER($L96),VALUE(OFFSET(Banco!$A$1,Composições!$L96-1,COLUMN(Composições!I96)-4)),0) -> 0 | J96: =IF(ISNUMBER($L96),VALUE(OFFSET(Banco!$A$1,Composições!$L96-1,COLUMN(Composições!J96)-4)),0) -> 0 | K96: =COUNTA($A$1:$A96)-1 -> 8 | L96: =MATCH(Composições!CONCATENAR,Banco!$A:$A,0) -> #N/A | M96: =IF(OR(ISERROR($L96),$H96="",$H96=0),"",OFFSET(M$1,MATCH($K96,$K$1:$K96,0)-1,0))
D97: =IF(ISNUMBER($L97),OFFSET(Banco!$A$1,Composições!$L97-1,COLUMN(Composições!D97)-1),"") | E97: =IF(ISNUMBER($L97),OFFSET(Banco!$A$1,Composições!$L97-1,COLUMN(Composições!E97)-1),"") | F97: =TRUNC($H97*ROUND(I97,2),2) -> 0 | G97: =TRUNC($H97*ROUND(J97,2),2) -> 0 | I97: =IF(ISNUMBER($L97),VALUE(OFFSET(Banco!$A$1,Composições!$L97-1,COLUMN(Composições!I97)-4)),0) -> 0 | J97: =IF(ISNUMBER($L97),VALUE(OFFSET(Banco!$A$1,Composições!$L97-1,COLUMN(Composições!J97)-4)),0) -> 0 | K97: =COUNTA($A$1:$A97)-1 -> 8 | L97: =MATCH(Composições!CONCATENAR,Banco!$A:$A,0) -> #N/A | M97: =IF(OR(ISERROR($L97),$H97="",$H97=0),"",OFFSET(M$1,MATCH($K97,$K$1:$K97,0)-1,0))
D98: =IF(ISNUMBER($L98),OFFSET(Banco!$A$1,Composições!$L98-1,COLUMN(Composições!D98)-1),"") | E98: =IF(ISNUMBER($L98),OFFSET(Banco!$A$1,Composições!$L98-1,COLUMN(Composições!E98)-1),"") | F98: =TRUNC($H98*ROUND(I98,2),2) -> 0 | G98: =TRUNC($H98*ROUND(J98,2),2) -> 0 | I98: =IF(ISNUMBER($L98),VALUE(OFFSET(Banco!$A$1,Composições!$L98-1,COLUMN(Composições!I98)-4)),0) -> 0 | J98: =IF(ISNUMBER($L98),VALUE(OFFSET(Banco!$A$1,Composições!$L98-1,COLUMN(Composições!J98)-4)),0) -> 0 | K98: =COUNTA($A$1:$A98)-1 -> 8 | L98: =MATCH(Composições!CONCATENAR,Banco!$A:$A,0) -> #N/A | M98: =IF(OR(ISERROR($L98),$H98="",$H98=0),"",OFFSET(M$1,MATCH($K98,$K$1:$K98,0)-1,0))
D99: =IF(ISNUMBER($L99),OFFSET(Banco!$A$1,Composições!$L99-1,COLUMN(Composições!D99)-1),"") | E99: =IF(ISNUMBER($L99),OFFSET(Banco!$A$1,Composições!$L99-1,COLUMN(Composições!E99)-1),"") | F99: =TRUNC($H99*ROUND(I99,2),2) -> 0 | G99: =TRUNC($H99*ROUND(J99,2),2) -> 0 | I99: =IF(ISNUMBER($L99),VALUE(OFFSET(Banco!$A$1,Composições!$L99-1,COLUMN(Composições!I99)-4)),0) -> 0 | J99: =IF(ISNUMBER($L99),VALUE(OFFSET(Banco!$A$1,Composições!$L99-1,COLUMN(Composições!J99)-4)),0) -> 0 | K99: =COUNTA($A$1:$A99)-1 -> 8 | L99: =MATCH(Composições!CONCATENAR,Banco!$A:$A,0) -> #N/A | M99: =IF(OR(ISERROR($L99),$H99="",$H99=0),"",OFFSET(M$1,MATCH($K99,$K$1:$K99,0)-1,0))
D100: =IF(ISNUMBER($L100),OFFSET(Banco!$A$1,Composições!$L100-1,COLUMN(Composições!D100)-1),"") | E100: =IF(ISNUMBER($L100),OFFSET(Banco!$A$1,Composições!$L100-1,COLUMN(Composições!E100)-1),"") | F100: =TRUNC($H100*ROUND(I100,2),2) -> 0 | G100: =TRUNC($H100*ROUND(J100,2),2) -> 0 | I100: =IF(ISNUMBER($L100),VALUE(OFFSET(Banco!$A$1,Composições!$L100-1,COLUMN(Composições!I100)-4)),0) -> 0 | J100: =IF(ISNUMBER($L100),VALUE(OFFSET(Banco!$A$1,Composições!$L100-1,COLUMN(Composições!J100)-4)),0) -> 0 | K100: =COUNTA($A$1:$A100)-1 -> 8 | L100: =MATCH(Composições!CONCATENAR,Banco!$A:$A,0) -> #N/A | M100: =IF(OR(ISERROR($L100),$H100="",$H100=0),"",OFFSET(M$1,MATCH($K100,$K$1:$K100,0)-1,0))
D101: =IF(ISNUMBER($L101),OFFSET(Banco!$A$1,Composições!$L101-1,COLUMN(Composições!D101)-1),"") | E101: =IF(ISNUMBER($L101),OFFSET(Banco!$A$1,Composições!$L101-1,COLUMN(Composições!E101)-1),"") | F101: =TRUNC($H101*ROUND(I101,2),2) -> 0 | G101: =TRUNC($H101*ROUND(J101,2),2) -> 0 | I101: =IF(ISNUMBER($L101),VALUE(OFFSET(Banco!$A$1,Composições!$L101-1,COLUMN(Composições!I101)-4)),0) -> 0 | J101: =IF(ISNUMBER($L101),VALUE(OFFSET(Banco!$A$1,Composições!$L101-1,COLUMN(Composições!J101)-4)),0) -> 0 | K101: =COUNTA($A$1:$A101)-1 -> 8 | L101: =MATCH(Composições!CONCATENAR,Banco!$A:$A,0) -> #N/A | M101: =IF(OR(ISERROR($L101),$H101="",$H101=0),"",OFFSET(M$1,MATCH($K101,$K$1:$K101,0)-1,0))
D102: =IF(ISNUMBER($L102),OFFSET(Banco!$A$1,Composições!$L102-1,COLUMN(Composições!D102)-1),"") | E102: =IF(ISNUMBER($L102),OFFSET(Banco!$A$1,Composições!$L102-1,COLUMN(Composições!E102)-1),"") | F102: =TRUNC($H102*ROUND(I102,2),2) -> 0 | G102: =TRUNC($H102*ROUND(J102,2),2) -> 0 | I102: =IF(ISNUMBER($L102),VALUE(OFFSET(Banco!$A$1,Composições!$L102-1,COLUMN(Composições!I102)-4)),0) -> 0 | J102: =IF(ISNUMBER($L102),VALUE(OFFSET(Banco!$A$1,Composições!$L102-1,COLUMN(Composições!J102)-4)),0) -> 0 | K102: =COUNTA($A$1:$A102)-1 -> 8 | L102: =MATCH(Composições!CONCATENAR,Banco!$A:$A,0) -> #N/A | M102: =IF(OR(ISERROR($L102),$H102="",$H102=0),"",OFFSET(M$1,MATCH($K102,$K$1:$K102,0)-1,0))
D103: =IF(ISNUMBER($L103),OFFSET(Banco!$A$1,Composições!$L103-1,COLUMN(Composições!D103)-1),"") | E103: =IF(ISNUMBER($L103),OFFSET(Banco!$A$1,Composições!$L103-1,COLUMN(Composições!E103)-1),"") | F103: =TRUNC($H103*ROUND(I103,2),2) -> 0 | G103: =TRUNC($H103*ROUND(J103,2),2) -> 0 | I103: =IF(ISNUMBER($L103),VALUE(OFFSET(Banco!$A$1,Composições!$L103-1,COLUMN(Composições!I103)-4)),0) -> 0 | J103: =IF(ISNUMBER($L103),VALUE(OFFSET(Banco!$A$1,Composições!$L103-1,COLUMN(Composições!J103)-4)),0) -> 0 | K103: =COUNTA($A$1:$A103)-1 -> 8 | L103: =MATCH(Composições!CONCATENAR,Banco!$A:$A,0) -> #N/A | M103: =IF(OR(ISERROR($L103),$H103="",$H103=0),"",OFFSET(M$1,MATCH($K103,$K$1:$K103,0)-1,0))
...

Sheet Cotações
B1: COTAÇÕES | K1: Mediana
K2: Média
K3: 1
B6: =OFFSET(Cotações!$A$1,MATCH(COUNTIF($H$1:$H6,"Cotações"),Cotações!$J:$J,0)-1,COLUMN(Banco!B$6)-1) -> COTAÇÃO | C6: =OFFSET(Cotações!$A$1,MATCH(COUNTIF($H$1:$H6,"Cotações"),Cotações!$J:$J,0)-1,COLUMN(Banco!C$6)-1) -> 0 | D6: =IF(COUNTIF(OFFSET(Banco!$A$6,1+NCOMPOSICOES,0,NCOTACOES),$A6)>1,"CÓDIGO REPETIDO",OFFSET(Cotações!$A$1,MATCH(COUNTIF($H$1:$H6,"Cotações"),Cotações!$J:$J,0)-1,COLUMN(Banco!D$6)-1)) -> 0 | E6: =OFFSET(Cotações!$A$1,MATCH(COUNTIF($H$1:$H6,"Cotações"),Cotações!$J:$J,0)-1,COLUMN(Banco!E$6)-1) -> 0 | F6: =OFFSET(Cotações!$A$1,MATCH(COUNTIF($H$1:$H6,"Cotações"),Cotações!$J:$J,0)-1,COLUMN(Banco!F$6)-1) -> #NUM! | G6: =OFFSET(Cotações!$A$1,MATCH(COUNTIF($H$1:$H6,"Cotações"),Cotações!$J:$J,0)-1,COLUMN(Banco!F$6)-1) -> #NUM! | H6: Cotações
B8: I001 | I8: =F8/H8 -> #DIV/0! | J8: I | L8: =IF(ISNUMBER(I8),IF(I8<>0,"F",""),"")
B10: E001 | J10: E | L10: =IF(COUNTA(C10:I10)>0,"F","")
B12: FONTE | C12: CÓDIGO | D12: DESCRIÇÃO | E12: UNIDADE | F12: =CHOOSE($K$3,"MEDIANA","MÉDIA")&IF(H13="",""," RETROAGIDA") -> MEDIANA | H12: ÍNDICE RETROAÇÃO | L12: =IF(AND(ISNUMBER(F13),M13="Sim"),"F","")
A13: =CONCATENAR -> COTAÇÃO | B13: COTAÇÃO | F13: =CHOOSE($K$3,MEDIAN(OFFSET(F14,1,0,ROW(C16)-ROW(C14)-1)),AVERAGE(OFFSET(F14,1,0,ROW(C16)-ROW(C14)-1)))*IF(H13="",1,VLOOKUP(H13,INDICES,8)) -> #NUM! | J13: =COUNTA($A$1:$A13)-1 -> 0 | K13: =ROW(C16)-ROW(C14)-1 -> 1 | L13: =IF(AND(ISNUMBER(F13),M13="Sim"),"F","") | M13: Sim
C14: EMPRESA | D14: NOME DA EMPRESA | F14: COTAÇÕES | H14: DATA COTAÇÃO | J14: C | L14: =IF(AND(ISNUMBER(F13),M13="Sim"),"F","")
D15: =IF(C15<>"",VLOOKUP(C15,EMPRESAS,3,FALSE),"") | J15: C | L15: =IF(AND(ISNUMBER(OFFSET($F$1,MATCH(MAX($J$1:$J15),$J$1:$J15,0)-1,0)),ISNUMBER(F15),INDEX($M$1:$M15,MATCH("ZZZZ",$M$1:$M15))="Sim"),"F","")
C16: OBSERVAÇÕES: | L16: =IF(AND(ISNUMBER(F13),M13="Sim"),"F","")
L17: =IF(AND(ISNUMBER(F13),M13="Sim"),"F","")
L18: FILTRO | M18: IMPRIMIR
B19: ÍNDICES DE RETROAÇÃO: | L19: =IF(NINDICES>0,"F","") -> F
B20: ÍNDICE | C20: NOME DO ÍNDICE | D20: DESCRIÇÃO | E20: DATA BASE | F20: ÍNDICE DT BASE | G20: DT COTAÇÃO | H20: ÍNDICE DT COT. | I20: COEFICIENTE | J20: I | L20: =IF(NINDICES>0,"F","") -> F
B21: I001 | I21: =F21/H21 -> #DIV/0! | J21: I | L21: =IF(ISNUMBER(I21),IF(I21<>0,"F",""),"")
B22: I002 | I22: =F22/H22 -> #DIV/0! | J22: I | L22: =IF(ISNUMBER(I22),IF(I22<>0,"F",""),"")
B23: I003 | I23: =F23/H23 -> #DIV/0! | J23: I | L23: =IF(ISNUMBER(I23),IF(I23<>0,"F",""),"")
B24: EMPRESAS FORNECEDORAS: | L24: =IF(NEMPRESAS>0,"F","") -> F
B25: EMPRESAS | C25: CNPJ | D25: NOME | F25: FONE | H25: CONTATO | J25: E | L25: =IF(NEMPRESAS>0,"F","") -> F
B26: E001 | J26: E | L26: =IF(COUNTA(C26:I26)>0,"F","")
B27: E002 | J27: E | L27: =IF(COUNTA(C27:I27)>0,"F","")
B28: E003 | J28: E | L28: =IF(COUNTA(C28:I28)>0,"F","")
B29: E004 | J29: E | L29: =IF(COUNTA(C29:I29)>0,"F","")
B30: E005 | J30: E | L30: =IF(COUNTA(C30:I30)>0,"F","")
B31: E006 | J31: E | L31: =IF(COUNTA(C31:I31)>0,"F","")
B32: E007 | J32: E | L32: =IF(COUNTA(C32:I32)>0,"F","")
B33: E008 | J33: E | L33: =IF(COUNTA(C33:I33)>0,"F","")
B34: E009 | J34: E | L34: =IF(COUNTA(C34:I34)>0,"F","")
B35: E010 | J35: E | L35: =IF(COUNTA(C35:I35)>0,"F","")
B36: E011 | J36: E | L36: =IF(COUNTA(C36:I36)>0,"F","")
B37: E012 | J37: E | L37: =IF(COUNTA(C37:I37)>0,"F","")
... B40: E015 | J40: E | L40: =IF(COUNTA(C40:I40)>0,"F","")
B41: COTAÇÕES: | L41: =IF(NCOTACOES>0,"F","") -> F
B42: FONTE | C42: CÓDIGO | D42: DESCRIÇÃO | E42: UNIDADE | F42: =CHOOSE($K$3,"MEDIANA","MÉDIA")&IF(H43="",""," RETROAGIDA") -> MEDIANA | H42: ÍNDICE RETROAÇÃO | L42: =IF(AND(ISNUMBER(F43),M43="Sim"),"F","")
A43: =CONCATENAR -> COTAÇÃO | B43: COTAÇÃO | F43: =CHOOSE($K$3,MEDIAN(OFFSET(F44,1,0,ROW(C50)-ROW(C44)-1)),AVERAGE(OFFSET(F44,1,0,ROW(C50)-ROW(C44)-1)))*IF(H43="",1,VLOOKUP(H43,INDICES,8)) -> #NUM! | J43: =COUNTA($A$1:$A43)-1 -> 1 | K43: =ROW(C50)-ROW(C44)-1 -> 5 | L43: =IF(AND(ISNUMBER(F43),M43="Sim"),"F","") | M43: Sim
C44: EMPRESA | D44: NOME DA EMPRESA | F44: COTAÇÕES | H44: DATA COTAÇÃO | J44: C | L44: =IF(AND(ISNUMBER(F43),M43="Sim"),"F","")
D45: =IF(C45<>"",VLOOKUP(C45,EMPRESAS,3,FALSE),"") | J45: C | L45: =IF(AND(ISNUMBER(OFFSET($F$1,MATCH(MAX($J$1:$J45),$J$1:$J45,0)-1,0)),ISNUMBER(F45),INDEX($M$1:$M45,MATCH("ZZZZ",$M$1:$M45))="Sim"),"F","")
D46: =IF(C46<>"",VLOOKUP(C46,EMPRESAS,3,FALSE),"") | J46: C | L46: =IF(AND(ISNUMBER(OFFSET($F$1,MATCH(MAX($J$1:$J46),$J$1:$J46,0)-1,0)),ISNUMBER(F46),INDEX($M$1:$M46,MATCH("ZZZZ",$M$1:$M46))="Sim"),"F","")
D47: =IF(C47<>"",VLOOKUP(C47,EMPRESAS,3,FALSE),"") | J47: C | L47: =IF(AND(ISNUMBER(OFFSET($F$1,MATCH(MAX($J$1:$J47),$J$1:$J47,0)-1,0)),ISNUMBER(F47),INDEX($M$1:$M47,MATCH("ZZZZ",$M$1:$M47))="Sim"),"F","")
D48: =IF(C48<>"",VLOOKUP(C48,EMPRESAS,3,FALSE),"") | J48: C | L48: =IF(AND(ISNUMBER(OFFSET($F$1,MATCH(MAX($J$1:$J48),$J$1:$J48,0)-1,0)),ISNUMBER(F48),INDEX($M$1:$M48,MATCH("ZZZZ",$M$1:$M48))="Sim"),"F","")
D49: =IF(C49<>"",VLOOKUP(C49,EMPRESAS,3,FALSE),"") | J49: C | L49: =IF(AND(ISNUMBER(OFFSET($F$1,MATCH(MAX($J$1:$J49),$J$1:$J49,0)-1,0)),ISNUMBER(F49),INDEX($M$1:$M49,MATCH("ZZZZ",$M$1:$M49))="Sim"),"F","")
C50: OBSERVAÇÕES: | L50: =IF(AND(ISNUMBER(F43),M43="Sim"),"F","")
L51: =IF(AND(ISNUMBER(F43),M43="Sim"),"F","")
B52: FONTE | C52: CÓDIGO | D52: DESCRIÇÃO | E52: UNIDADE | F52: =CHOOSE($K$3,"MEDIANA","MÉDIA")&IF(H53="",""," RETROAGIDA") -> MEDIANA | H52: ÍNDICE RETROAÇÃO | L52: =IF(AND(ISNUMBER(F53),M53="Sim"),"F","")
A53: =CONCATENAR -> COTAÇÃO | B53: COTAÇÃO | F53: =CHOOSE($K$3,MEDIAN(OFFSET(F54,1,0,ROW(C60)-ROW(C54)-1)),AVERAGE(OFFSET(F54,1,0,ROW(C60)-ROW(C54)-1)))*IF(H53="",1,VLOOKUP(H53,INDICES,8)) -> #NUM! | J53: =COUNTA($A$1:$A53)-1 -> 2 | K53: =ROW(C60)-ROW(C54)-1 -> 5 | L53: =IF(AND(ISNUMBER(F53),M53="Sim"),"F","") | M53: Sim
C54: EMPRESA | D54: NOME DA EMPRESA | F54: COTAÇÕES | H54: DATA COTAÇÃO | J54: C | L54: =IF(AND(ISNUMBER(F53),M53="Sim"),"F","")
D55: =IF(C55<>"",VLOOKUP(C55,EMPRESAS,3,FALSE),"") | J55: C | L55: =IF(AND(ISNUMBER(OFFSET($F$1,MATCH(MAX($J$1:$J55),$J$1:$J55,0)-1,0)),ISNUMBER(F55),INDEX($M$1:$M55,MATCH("ZZZZ",$M$1:$M55))="Sim"),"F","")
D56: =IF(C56<>"",VLOOKUP(C56,EMPRESAS,3,FALSE),"") | J56: C | L56: =IF(AND(ISNUMBER(OFFSET($F$1,MATCH(MAX($J$1:$J56),$J$1:$J56,0)-1,0)),ISNUMBER(F56),INDEX($M$1:$M56,MATCH("ZZZZ",$M$1:$M56))="Sim"),"F","")
D57: =IF(C57<>"",VLOOKUP(C57,EMPRESAS,3,FALSE),"") | J57: C | L57: =IF(AND(ISNUMBER(OFFSET($F$1,MATCH(MAX($J$1:$J57),$J$1:$J57,0)-1,0)),ISNUMBER(F57),INDEX($M$1:$M57,MATCH("ZZZZ",$M$1:$M57))="Sim"),"F","")
D58: =IF(C58<>"",VLOOKUP(C58,EMPRESAS,3,FALSE),"") | J58: C | L58: =IF(AND(ISNUMBER(OFFSET($F$1,MATCH(MAX($J$1:$J58),$J$1:$J58,0)-1,0)),ISNUMBER(F58),INDEX($M$1:$M58,MATCH("ZZZZ",$M$1:$M58))="Sim"),"F","")
D59: =IF(C59<>"",VLOOKUP(C59,EMPRESAS,3,FALSE),"") | J59: C | L59: =IF(AND(ISNUMBER(OFFSET($F$1,MATCH(MAX($J$1:$J59),$J$1:$J59,0)-1,0)),ISNUMBER(F59),INDEX($M$1:$M59,MATCH("ZZZZ",$M$1:$M59))="Sim"),"F","")
C60: OBSERVAÇÕES: | L60: =IF(AND(ISNUMBER(F53),M53="Sim"),"F","")
L61: =IF(AND(ISNUMBER(F53),M53="Sim"),"F","")
B62: FONTE | C62: CÓDIGO | D62: DESCRIÇÃO | E62: UNIDADE | F62: =CHOOSE($K$3,"MEDIANA","MÉDIA")&IF(H63="",""," RETROAGIDA") -> MEDIANA | H62: ÍNDICE RETROAÇÃO | L62: =IF(AND(ISNUMBER(F63),M63="Sim"),"F","")
A63: =CONCATENAR -> COTAÇÃO | B63: COTAÇÃO | F63: =CHOOSE($K$3,MEDIAN(OFFSET(F64,1,0,ROW(C70)-ROW(C64)-1)),AVERAGE(OFFSET(F64,1,0,ROW(C70)-ROW(C64)-1)))*IF(H63="",1,VLOOKUP(H63,INDICES,8)) -> #NUM! | J63: =COUNTA($A$1:$A63)-1 -> 3 | K63: =ROW(C70)-ROW(C64)-1 -> 5 | L63: =IF(AND(ISNUMBER(F63),M63="Sim"),"F","") | M63: Sim
C64: EMPRESA | D64: NOME DA EMPRESA | F64: COTAÇÕES | H64: DATA COTAÇÃO | J64: C | L64: =IF(AND(ISNUMBER(F63),M63="Sim"),"F","")
D65: =IF(C65<>"",VLOOKUP(C65,EMPRESAS,3,FALSE),"") | J65: C | L65: =IF(AND(ISNUMBER(OFFSET($F$1,MATCH(MAX($J$1:$J65),$J$1:$J65,0)-1,0)),ISNUMBER(F65),INDEX($M$1:$M65,MATCH("ZZZZ",$M$1:$M65))="Sim"),"F","")
D66: =IF(C66<>"",VLOOKUP(C66,EMPRESAS,3,FALSE),"") | J66: C | L66: =IF(AND(ISNUMBER(OFFSET($F$1,MATCH(MAX($J$1:$J66),$J$1:$J66,0)-1,0)),ISNUMBER(F66),INDEX($M$1:$M66,MATCH("ZZZZ",$M$1:$M66))="Sim"),"F","")
D67: =IF(C67<>"",VLOOKUP(C67,EMPRESAS,3,FALSE),"") | J67: C | L67: =IF(AND(ISNUMBER(OFFSET($F$1,MATCH(MAX($J$1:$J67),$J$1:$J67,0)-1,0)),ISNUMBER(F67),INDEX($M$1:$M67,MATCH("ZZZZ",$M$1:$M67))="Sim"),"F","")
D68: =IF(C68<>"",VLOOKUP(C68,EMPRESAS,3,FALSE),"") | J68: C | L68: =IF(AND(ISNUMBER(OFFSET($F$1,MATCH(MAX($J$1:$J68),$J$1:$J68,0)-1,0)),ISNUMBER(F68),INDEX($M$1:$M68,MATCH("ZZZZ",$M$1:$M68))="Sim"),"F","")
D69: =IF(C69<>"",VLOOKUP(C69,EMPRESAS,3,FALSE),"") | J69: C | L69: =IF(AND(ISNUMBER(OFFSET($F$1,MATCH(MAX($J$1:$J69),$J$1:$J69,0)-1,0)),ISNUMBER(F69),INDEX($M$1:$M69,MATCH("ZZZZ",$M$1:$M69))="Sim"),"F","")
C70: OBSERVAÇÕES: | L70: =IF(AND(ISNUMBER(F63),M63="Sim"),"F","")
L71: =IF(AND(ISNUMBER(F63),M63="Sim"),"F","")
B72: FONTE | C72: CÓDIGO | D72: DESCRIÇÃO | E72: UNIDADE | F72: =CHOOSE($K$3,"MEDIANA","MÉDIA")&IF(H73="",""," RETROAGIDA") -> MEDIANA | H72: ÍNDICE RETROAÇÃO | L72: =IF(AND(ISNUMBER(F73),M73="Sim"),"F","")
A73: =CONCATENAR -> COTAÇÃO | B73: COTAÇÃO | F73: =CHOOSE($K$3,MEDIAN(OFFSET(F74,1,0,ROW(C80)-ROW(C74)-1)),AVERAGE(OFFSET(F74,1,0,ROW(C80)-ROW(C74)-1)))*IF(H73="",1,VLOOKUP(H73,INDICES,8)) -> #NUM! | J73: =COUNTA($A$1:$A73)-1 -> 4 | K73: =ROW(C80)-ROW(C74)-1 -> 5 | L73: =IF(AND(ISNUMBER(F73),M73="Sim"),"F","") | M73: Sim
C74: EMPRESA | D74: NOME DA EMPRESA | F74: COTAÇÕES | H74: DATA COTAÇÃO | J74: C | L74: =IF(AND(ISNUMBER(F73),M73="Sim"),"F","")
D75: =IF(C75<>"",VLOOKUP(C75,EMPRESAS,3,FALSE),"") | J75: C | L75: =IF(AND(ISNUMBER(OFFSET($F$1,MATCH(MAX($J$1:$J75),$J$1:$J75,0)-1,0)),ISNUMBER(F75),INDEX($M$1:$M75,MATCH("ZZZZ",$M$1:$M75))="Sim"),"F","")
D76: =IF(C76<>"",VLOOKUP(C76,EMPRESAS,3,FALSE),"") | J76: C | L76: =IF(AND(ISNUMBER(OFFSET($F$1,MATCH(MAX($J$1:$J76),$J$1:$J76,0)-1,0)),ISNUMBER(F76),INDEX($M$1:$M76,MATCH("ZZZZ",$M$1:$M76))="Sim"),"F","")
D77: =IF(C77<>"",VLOOKUP(C77,EMPRESAS,3,FALSE),"") | J77: C | L77: =IF(AND(ISNUMBER(OFFSET($F$1,MATCH(MAX($J$1:$J77),$J$1:$J77,0)-1,0)),ISNUMBER(F77),INDEX($M$1:$M77,MATCH("ZZZZ",$M$1:$M77))="Sim"),"F","")
D78: =IF(C78<>"",VLOOKUP(C78,EMPRESAS,3,FALSE),"") | J78: C | L78: =IF(AND(ISNUMBER(OFFSET($F$1,MATCH(MAX($J$1:$J78),$J$1:$J78,0)-1,0)),ISNUMBER(F78),INDEX($M$1:$M78,MATCH("ZZZZ",$M$1:$M78))="Sim"),"F","")
D79: =IF(C79<>"",VLOOKUP(C79,EMPRESAS,3,FALSE),"") | J79: C | L79: =IF(AND(ISNUMBER(OFFSET($F$1,MATCH(MAX($J$1:$J79),$J$1:$J79,0)-1,0)),ISNUMBER(F79),INDEX($M$1:$M79,MATCH("ZZZZ",$M$1:$M79))="Sim"),"F","")
C80: OBSERVAÇÕES: | L80: =IF(AND(ISNUMBER(F73),M73="Sim"),"F","")
L81: =IF(AND(ISNUMBER(F73),M73="Sim"),"F","")
B82: FONTE | C82: CÓDIGO | D82: DESCRIÇÃO | E82: UNIDADE | F82: =CHOOSE($K$3,"MEDIANA","MÉDIA")&IF(H83="",""," RETROAGIDA") -> MEDIANA | H82: ÍNDICE RETROAÇÃO | L82: =IF(AND(ISNUMBER(F83),M83="Sim"),"F","")
A83: =CONCATENAR -> COTAÇÃO | B83: COTAÇÃO | F83: =CHOOSE($K$3,MEDIAN(OFFSET(F84,1,0,ROW(C90)-ROW(C84)-1)),AVERAGE(OFFSET(F84,1,0,ROW(C90)-ROW(C84)-1)))*IF(H83="",1,VLOOKUP(H83,INDICES,8)) -> #NUM! | J83: =COUNTA($A$1:$A83)-1 -> 5 | K83: =ROW(C90)-ROW(C84)-1 -> 5 | L83: =IF(AND(ISNUMBER(F83),M83="Sim"),"F","") | M83: Sim
C84: EMPRESA | D84: NOME DA EMPRESA | F84: COTAÇÕES | H84: DATA COTAÇÃO | J84: C | L84: =IF(AND(ISNUMBER(F83),M83="Sim"),"F","")
D85: =IF(C85<>"",VLOOKUP(C85,EMPRESAS,3,FALSE),"") | J85: C | L85: =IF(AND(ISNUMBER(OFFSET($F$1,MATCH(MAX($J$1:$J85),$J$1:$J85,0)-1,0)),ISNUMBER(F85),INDEX($M$1:$M85,MATCH("ZZZZ",$M$1:$M85))="Sim"),"F","")
D86: =IF(C86<>"",VLOOKUP(C86,EMPRESAS,3,FALSE),"") | J86: C | L86: =IF(AND(ISNUMBER(OFFSET($F$1,MATCH(MAX($J$1:$J86),$J$1:$J86,0)-1,0)),ISNUMBER(F86),INDEX($M$1:$M86,MATCH("ZZZZ",$M$1:$M86))="Sim"),"F","")
D87: =IF(C87<>"",VLOOKUP(C87,EMPRESAS,3,FALSE),"") | J87: C | L87: =IF(AND(ISNUMBER(OFFSET($F$1,MATCH(MAX($J$1:$J87),$J$1:$J87,0)-1,0)),ISNUMBER(F87),INDEX($M$1:$M87,MATCH("ZZZZ",$M$1:$M87))="Sim"),"F","")
D88: =IF(C88<>"",VLOOKUP(C88,EMPRESAS,3,FALSE),"") | J88: C | L88: =IF(AND(ISNUMBER(OFFSET($F$1,MATCH(MAX($J$1:$J88),$J$1:$J88,0)-1,0)),ISNUMBER(F88),INDEX($M$1:$M88,MATCH("ZZZZ",$M$1:$M88))="Sim"),"F","")
D89: =IF(C89<>"",VLOOKUP(C89,EMPRESAS,3,FALSE),"") | J89: C | L89: =IF(AND(ISNUMBER(OFFSET($F$1,MATCH(MAX($J$1:$J89),$J$1:$J89,0)-1,0)),ISNUMBER(F89),INDEX($M$1:$M89,MATCH("ZZZZ",$M$1:$M89))="Sim"),"F","")
C90: OBSERVAÇÕES: | L90: =IF(AND(ISNUMBER(F83),M83="Sim"),"F","")
L91: =IF(AND(ISNUMBER(F83),M83="Sim"),"F","")
B92: FONTE | C92: CÓDIGO | D92: DESCRIÇÃO | E92: UNIDADE | F92: =CHOOSE($K$3,"MEDIANA","MÉDIA")&IF(H93="",""," RETROAGIDA") -> MEDIANA | H92: ÍNDICE RETROAÇÃO | L92: =IF(AND(ISNUMBER(F93),M93="Sim"),"F","")
A93: =CONCATENAR -> COTAÇÃO | B93: COTAÇÃO | F93: =CHOOSE($K$3,MEDIAN(OFFSET(F94,1,0,ROW(C100)-ROW(C94)-1)),AVERAGE(OFFSET(F94,1,0,ROW(C100)-ROW(C94)-1)))*IF(H93="",1,VLOOKUP(H93,INDICES,8)) -> #NUM! | J93: =COUNTA($A$1:$A93)-1 -> 6 | K93: =ROW(C100)-ROW(C94)-1 -> 5 | L93: =IF(AND(ISNUMBER(F93),M93="Sim"),"F","") | M93: Sim
C94: EMPRESA | D94: NOME DA EMPRESA | F94: COTAÇÕES | H94: DATA COTAÇÃO | J94: C | L94: =IF(AND(ISNUMBER(F93),M93="Sim"),"F","")
D95: =IF(C95<>"",VLOOKUP(C95,EMPRESAS,3,FALSE),"") | J95: C | L95: =IF(AND(ISNUMBER(OFFSET($F$1,MATCH(MAX($J$1:$J95),$J$1:$J95,0)-1,0)),ISNUMBER(F95),INDEX($M$1:$M95,MATCH("ZZZZ",$M$1:$M95))="Sim"),"F","")
D96: =IF(C96<>"",VLOOKUP(C96,EMPRESAS,3,FALSE),"") | J96: C | L96: =IF(AND(ISNUMBER(OFFSET($F$1,MATCH(MAX($J$1:$J96),$J$1:$J96,0)-1,0)),ISNUMBER(F96),INDEX($M$1:$M96,MATCH("ZZZZ",$M$1:$M96))="Sim"),"F","")
D97: =IF(C97<>"",VLOOKUP(C97,EMPRESAS,3,FALSE),"") | J97: C | L97: =IF(AND(ISNUMBER(OFFSET($F$1,MATCH(MAX($J$1:$J97),$J$1:$J97,0)-1,0)),ISNUMBER(F97),INDEX($M$1:$M97,MATCH("ZZZZ",$M$1:$M97))="Sim"),"F","")
D98: =IF(C98<>"",VLOOKUP(C98,EMPRESAS,3,FALSE),"") | J98: C | L98: =IF(AND(ISNUMBER(OFFSET($F$1,MATCH(MAX($J$1:$J98),$J$1:$J98,0)-1,0)),ISNUMBER(F98),INDEX($M$1:$M98,MATCH("ZZZZ",$M$1:$M98))="Sim"),"F","")
D99: =IF(C99<>"",VLOOKUP(C99,EMPRESAS,3,FALSE),"") | J99: C | L99: =IF(AND(ISNUMBER(OFFSET($F$1,MATCH(MAX($J$1:$J99),$J$1:$J99,0)-1,0)),ISNUMBER(F99),INDEX($M$1:$M99,MATCH("ZZZZ",$M$1:$M99))="Sim"),"F","")
C100: OBSERVAÇÕES: | L100: =IF(AND(ISNUMBER(F93),M93="Sim"),"F","")
L101: =IF(AND(ISNUMBER(F93),M93="Sim"),"F","")
B102: FONTE | C102: CÓDIGO | D102: DESCRIÇÃO | E102: UNIDADE | F102: =CHOOSE($K$3,"MEDIANA","MÉDIA")&IF(H103="",""," RETROAGIDA") -> MEDIANA | H102: ÍNDICE RETROAÇÃO | L102: =IF(AND(ISNUMBER(F103),M103="Sim"),"F","")
A103: =CONCATENAR -> COTAÇÃO | B103: COTAÇÃO | F103: =CHOOSE($K$3,MEDIAN(OFFSET(F104,1,0,ROW(C110)-ROW(C104)-1)),AVERAGE(OFFSET(F104,1,0,ROW(C110)-ROW(C104)-1)))*IF(H103="",1,VLOOKUP(H103,INDICES,8)) -> #NUM! | J103: =COUNTA($A$1:$A103)-1 -> 7 | K103: =ROW(C110)-ROW(C104)-1 -> 5 | L103: =IF(AND(ISNUMBER(F103),M103="Sim"),"F","") | M103: Sim
C104: EMPRESA | D104: NOME DA EMPRESA | F104: COTAÇÕES | H104: DATA COTAÇÃO | J104: C | L104: =IF(AND(ISNUMBER(F103),M103="Sim"),"F","")
D105: =IF(C105<>"",VLOOKUP(C105,EMPRESAS,3,FALSE),"") | J105: C | L105: =IF(AND(ISNUMBER(OFFSET($F$1,MATCH(MAX($J$1:$J105),$J$1:$J105,0)-1,0)),ISNUMBER(F105),INDEX($M$1:$M105,MATCH("ZZZZ",$M$1:$M105))="Sim"),"F","")
D106: =IF(C106<>"",VLOOKUP(C106,EMPRESAS,3,FALSE),"") | J106: C | L106: =IF(AND(ISNUMBER(OFFSET($F$1,MATCH(MAX($J$1:$J106),$J$1:$J106,0)-1,0)),ISNUMBER(F106),INDEX($M$1:$M106,MATCH("ZZZZ",$M$1:$M106))="Sim"),"F","")
D107: =IF(C107<>"",VLOOKUP(C107,EMPRESAS,3,FALSE),"") | J107: C | L107: =IF(AND(ISNUMBER(OFFSET($F$1,MATCH(MAX($J$1:$J107),$J$1:$J107,0)-1,0)),ISNUMBER(F107),INDEX($M$1:$M107,MATCH("ZZZZ",$M$1:$M107))="Sim"),"F","")
...

Sheet Relatórios
A1: DADOS DOS RELATÓRIOS IMPORTADOS
A5: TIPO | B5: ENCARGOS SOCIAIS | C5: ABRANGÊNCIA | D5: LOCALIDADE | E5: VÍNCULO | F5: DATA PREÇOS | G5: DATA DE RT | H5: DATA EMISSÃO
A6: SINAPI-I | B6: HORISTA 108,90 MENSALISTA 67,79 | D6: BELO HORIZONTE | F6: 07/2024
A7: SINAPI-I | B7: NERADOS (%) HORISTA 81,79 MENSALISTA 45,83 | D7: BELO HORIZONTE | F7: 07/2024
A8: SINAPI | B8: SOBRE PREÇOS DA MÃO-DE-OBRA: 108,90%(HORA) 67,79%(MÊS) | C8: NACIONAL | D8: BELO HORIZONTE | E8: CAIXA REFERENCIAL | F8: 07/2024 | G8: 14/08/2024 | H8: 14/08/2024
A9: SINAPI | B9: DESONERADOS: 81,79%(HORA) 45,83%(MÊS) | C9: NACIONAL | D9: BELO HORIZONTE | E9: CAIXA REFERENCIAL | F9: 07/2024 | G9: 14/08/2024 | H9: 14/08/2024
A10: SETOP | D10: SUL | F10: 04/2024
A11: SETOP | D11: SUL | F11: 04/2024
A12: SETOP | D12: SUL | F12: 04/2024

Sheet Busca
B1: BUSCA
B2: CONTÉM:
B3: NÃO CONTÉM:
B4: RELATÓRIOS:
B5: FONTE | C5: CÓDIGO | D5: DESCRIÇÃO | E5: UNIDADE | F5: DESONERADO | G5: NÃO DESONERADO | I5: ORIGEM DO PREÇO

Sheet P.O.
A1: PO - PLANILHA ORÇAMENTÁRIA
D2: SOLICITANTE: | E2: REGIME: | G2: DATA BASE SETOP: | I2: DATA BASE SINAPI:
D3: Prefeitura Municipal de Monte Sião MG | E3: SEM Desoneração | G3: =VLOOKUP("SETOP",Relatórios!A:H,6,FALSE) -> 04/2024 | I3: =VLOOKUP("SINAPI",Relatórios!A:H,6,FALSE) -> 07/2024
D5: OBJETO: | E5: LOCAL:
D6: Reconstrução de pavimento asfáltico | E6: Av. Rafael David Comparini e Geraldo A. da Silva – Loteamento São Rafael.
D8: COORDENADAS DA OBRA (INICIO E FINAL): | E8: BDI 1: | F8: BDI 2: | G8: VALOR TOTAL DA OBRA:
E9: 0.2414 | G9: =J12+J14 -> 142852.81
A11: Item | B11: Fonte | C11: Código | D11: Descrição | E11: Unidade | F11: Quantidade | G11: Custo Unitário (sem BDI) (R$) | H11: BDI (%) | I11: Preço Unitário (com BDI) (R$) | J11: Preço Total (R$)
A12: 1 | D12: SERVIÇOS PRELIMINARES | H12: VALOR: | J12: =SUM(J13:J13) -> 1732.095
A13: 1.1 | B13: SETOP | C13: ED-16660 | D13: =IFERROR(VLOOKUP(CONCATENATE(B13," ",C13),Banco!A:L,4,FALSE),"") -> FORNECIMENTO E COLOCAÇÃO DE PLACA DE OBRA EM CHAPA GALVANIZADA #26, ESP. 0,45 MM, PLOTADA COM ADESIVO VINÍLICO, AFIXADA COM REBITES 4,8X40 MM, EM ESTRUTURA METÁLICA DE METALON 20X20 MM, ESP. 1,25 MM, INCLUSIVE SUPORTE EM EUCALIPTO AUTOCLAVADO PINTADO COM TINTA PVA DUAS (2) DEMÃOS | E13: =IFERROR(VLOOKUP(CONCATENATE(B13," ",C13),Banco!A:L,5,FALSE),"") -> m2 | F13: 4.5 | G13: =IFERROR(VLOOKUP(CONCATENATE(B13," ",C13),Banco!A:L,IF($E$3="(SELECIONAR)",0,IF($E$3="COM Desoneração",6,IF($E$3="SEM Desoneração",7))),FALSE),"") -> 310.06 | H13: BDI 1 | I13: =IFERROR(ROUND(G13+(G13*(IF(H13="BDI 1",$E$9,IF(H13="BDI 2",$F$9,)))),2),"") -> 384.91 | J13: =IFERROR((I13*F13),"") -> 1732.095
A14: 2 | D14: RECONSTRUÇÃO DO TRECHO | H14: VALOR: | J14: =SUM(J16:J40) -> 141120.71
D15: FRESAGEM
A16: 2.1 | B16: SINAPI | C16: 96001 | D16: =IFERROR(VLOOKUP(CONCATENATE(B16," ",C16),Banco!A:L,4,FALSE),"") -> FRESAGEM DE PAVIMENTO ASFÁLTICO (PROFUNDIDADE ATÉ 5,0 CM) - EXCLUSIVE TRANSPORTE. AF_11/2019 | E16: =IFERROR(VLOOKUP(CONCATENATE(B16," ",C16),Banco!A:L,5,FALSE),"") -> M2 | F16: 752.36 | G16: =IFERROR(VLOOKUP(CONCATENATE(B16," ",C16),Banco!A:L,IF($E$3="(SELECIONAR)",0,IF($E$3="COM Desoneração",6,IF($E$3="SEM Desoneração",7))),FALSE),"") -> 7,27 | H16: BDI 1 | I16: =IFERROR(ROUND(G16+(G16*(IF(H16="BDI 1",$E$9,IF(H16="BDI 2",$F$9,)))),2),"") -> 9.02 | J16: =IFERROR((I16*F16),"") -> 6786.2872
A17: 2.2 | B17: SINAPI | C17: 93591 | D17: =IFERROR(VLOOKUP(CONCATENATE(B17," ",C17),Banco!A:L,4,FALSE),"") -> TRANSPORTE COM CAMINHÃO BASCULANTE DE 14 M³, EM VIA URBANA EM LEITO NATURAL (UNIDADE: M3XKM). AF_07/2020 | E17: =IFERROR(VLOOKUP(CONCATENATE(B17," ",C17),Banco!A:L,5,FALSE),"") -> M3XKM | F17: 241.95 | G17: =IFERROR(VLOOKUP(CONCATENATE(B17," ",C17),Banco!A:L,IF($E$3="(SELECIONAR)",0,IF($E$3="COM Desoneração",6,IF($E$3="SEM Desoneração",7))),FALSE),"") -> 2,78 | H17: BDI 1 | I17: =IFERROR(ROUND(G17+(G17*(IF(H17="BDI 1",$E$9,IF(H17="BDI 2",$F$9,)))),2),"") -> 3.45 | J17: =IFERROR((I17*F17),"") -> 834.7275
D18: REMOÇÃO DA BASE
A19: 2.3 | B19: SINAPI | C19: 101122 | D19: =IFERROR(VLOOKUP(CONCATENATE(B19," ",C19),Banco!A:L,4,FALSE),"") -> ESCAVAÇÃO HORIZONTAL, INCLUINDO ESCARIFICAÇÃO EM SOLO DE 2A CATEGORIA COM TRATOR DE ESTEIRAS (347HP/LÂMINA: 8,70M3). AF_07/2020 | E19: =IFERROR(VLOOKUP(CONCATENATE(B19," ",C19),Banco!A:L,5,FALSE),"") -> M3 | F19: 75.25 | G19: =IFERROR(VLOOKUP(CONCATENATE(B19," ",C19),Banco!A:L,IF($E$3="(SELECIONAR)",0,IF($E$3="COM Desoneração",6,IF($E$3="SEM Desoneração",7))),FALSE),"") -> 6,42 | H19: BDI 1 | I19: =IFERROR(ROUND(G19+(G19*(IF(H19="BDI 1",$E$9,IF(H19="BDI 2",$F$9,)))),2),"") -> 7.97 | J19: =IFERROR((I19*F19),"") -> 599.7425
A20: 2.4 | B20: SINAPI | C20: 93591 | D20: =IFERROR(VLOOKUP(CONCATENATE(B20," ",C20),Banco!A:L,4,FALSE),"") -> TRANSPORTE COM CAMINHÃO BASCULANTE DE 14 M³, EM VIA URBANA EM LEITO NATURAL (UNIDADE: M3XKM). AF_07/2020 | E20: =IFERROR(VLOOKUP(CONCATENATE(B20," ",C20),Banco!A:L,5,FALSE),"") -> M3XKM | F20: 604.84 | G20: =IFERROR(VLOOKUP(CONCATENATE(B20," ",C20),Banco!A:L,IF($E$3="(SELECIONAR)",0,IF($E$3="COM Desoneração",6,IF($E$3="SEM Desoneração",7))),FALSE),"") -> 2,78 | H20: BDI 1 | I20: =IFERROR(ROUND(G20+(G20*(IF(H20="BDI 1",$E$9,IF(H20="BDI 2",$F$9,)))),2),"") -> 3.45 | J20: =IFERROR((I20*F20),"") -> 2086.698
A21: 2.5 | B21: SINAPI | C21: 100975 | D21: =IFERROR(VLOOKUP(CONCATENATE(B21," ",C21),Banco!A:L,4,FALSE),"") -> CARGA, MANOBRA E DESCARGA DE SOLOS E MATERIAIS GRANULARES EM CAMINHÃO BASCULANTE 14 M³ - CARGA COM PÁ CARREGADEIRA (CAÇAMBA DE 1,7 A 2,8 M³ / 128 HP) E DESCARGA LIVRE (UNIDADE: M3). AF_07/2020 | E21: =IFERROR(VLOOKUP(CONCATENATE(B21," ",C21),Banco!A:L,5,FALSE),"") -> M3 | F21: 75.25 | G21: =IFERROR(VLOOKUP(CONCATENATE(B21," ",C21),Banco!A:L,IF($E$3="(SELECIONAR)",0,IF($E$3="COM Desoneração",6,IF($E$3="SEM Desoneração",7))),FALSE),"") -> 8,98 | H21: BDI 1 | I21: =IFERROR(ROUND(G21+(G21*(IF(H21="BDI 1",$E$9,IF(H21="BDI 2",$F$9,)))),2),"") -> 11.15 | J21: =IFERROR((I21*F21),"") -> 839.0375
D22: EXECUÇÃO DA BASE NOVA
A23: 2.6 | B23: SINAPI | C23: 100975 | D23: =IFERROR(VLOOKUP(CONCATENATE(B23," ",C23),Banco!A:L,4,FALSE),"") -> CARGA, MANOBRA E DESCARGA DE SOLOS E MATERIAIS GRANULARES EM CAMINHÃO BASCULANTE 14 M³ - CARGA COM PÁ CARREGADEIRA (CAÇAMBA DE 1,7 A 2,8 M³ / 128 HP) E DESCARGA LIVRE (UNIDADE: M3). AF_07/2020 | E23: =IFERROR(VLOOKUP(CONCATENATE(B23," ",C23),Banco!A:L,5,FALSE),"") -> M3 | F23: 60.18 | G23: =IFERROR(VLOOKUP(CONCATENATE(B23," ",C23),Banco!A:L,IF($E$3="(SELECIONAR)",0,IF($E$3="COM Desoneração",6,IF($E$3="SEM Desoneração",7))),FALSE),"") -> 8,98 | H23: BDI 1 | I23: =IFERROR(ROUND(G23+(G23*(IF(H23="BDI 1",$E$9,IF(H23="BDI 2",$F$9,)))),2),"") -> 11.15 | J23: =IFERROR((I23*F23),"") -> 671.007
A24: 2.7 | B24: SINAPI | C24: 95876 | D24: =IFERROR(VLOOKUP(CONCATENATE(B24," ",C24),Banco!A:L,4,FALSE),"") -> TRANSPORTE COM CAMINHÃO BASCULANTE DE 14 M³, EM VIA URBANA PAVIMENTADA, DMT ATÉ 30 KM (UNIDADE: M3XKM). AF_07/2020 | E24: =IFERROR(VLOOKUP(CONCATENATE(B24," ",C24),Banco!A:L,5,FALSE),"") -> M3XKM | F24: 1805.4 | G24: =IFERROR(VLOOKUP(CONCATENATE(B24," ",C24),Banco!A:L,IF($E$3="(SELECIONAR)",0,IF($E$3="COM Desoneração",6,IF($E$3="SEM Desoneração",7))),FALSE),"") -> 2,18 | H24: BDI 1 | I24: =IFERROR(ROUND(G24+(G24*(IF(H24="BDI 1",$E$9,IF(H24="BDI 2",$F$9,)))),2),"") -> 2.71 | J24: =IFERROR((I24*F24),"") -> 4892.634
A25: 2.8 | B25: SINAPI | C25: 93593 | D25: =IFERROR(VLOOKUP(CONCATENATE(B25," ",C25),Banco!A:L,4,FALSE),"") -> TRANSPORTE COM CAMINHÃO BASCULANTE DE 14 M³, EM VIA URBANA PAVIMENTADA, ADICIONAL PARA DMT EXCEDENTE A 30 KM (UNIDADE: M3XKM). AF_07/2020 | E25: =IFERROR(VLOOKUP(CONCATENATE(B25," ",C25),Banco!A:L,5,FALSE),"") -> M3XKM | F25: 1293.87 | G25: =IFERROR(VLOOKUP(CONCATENATE(B25," ",C25),Banco!A:L,IF($E$3="(SELECIONAR)",0,IF($E$3="COM Desoneração",6,IF($E$3="SEM Desoneração",7))),FALSE),"") -> 0,88 | H25: BDI 1 | I25: =IFERROR(ROUND(G25+(G25*(IF(H25="BDI 1",$E$9,IF(H25="BDI 2",$F$9,)))),2),"") -> 1.09 | J25: =IFERROR((I25*F25),"") -> 1410.3183
A26: 2.9 | B26: SINAPI | C26: 96396 | D26: =IFERROR(VLOOKUP(CONCATENATE(B26," ",C26),Banco!A:L,4,FALSE),"") -> EXECUÇÃO E COMPACTAÇÃO DE BASE E OU SUB BASE PARA PAVIMENTAÇÃO DE BRITA GRADUADA SIMPLES - EXCLUSIVE CARGA E TRANSPORTE. AF_11/2019 | E26: =IFERROR(VLOOKUP(CONCATENATE(B26," ",C26),Banco!A:L,5,FALSE),"") -> M3 | F26: 60.18 | G26: =IFERROR(VLOOKUP(CONCATENATE(B26," ",C26),Banco!A:L,IF($E$3="(SELECIONAR)",0,IF($E$3="COM Desoneração",6,IF($E$3="SEM Desoneração",7))),FALSE),"") -> 214,99 | H26: BDI 1 | I26: =IFERROR(ROUND(G26+(G26*(IF(H26="BDI 1",$E$9,IF(H26="BDI 2",$F$9,)))),2),"") -> 266.89 | J26: =IFERROR((I26*F26),"") -> 16061.44
D27: PAVIMENTAÇÃO
A28: 2.10 | B28: SETOP | C28: RO-00388 | D28: =IFERROR(VLOOKUP(CONCATENATE(B28," ",C28),Banco!A:L,4,FALSE),"") -> Imprimação com emulsão asfáltica (Execução, exclui fornecimento e transporte do material betuminoso até a obra) | E28: =IFERROR(VLOOKUP(CONCATENATE(B28," ",C28),Banco!A:L,5,FALSE),"") -> m2 | F28: 752.36 | G28: =IFERROR(VLOOKUP(CONCATENATE(B28," ",C28),Banco!A:L,IF($E$3="(SELECIONAR)",0,IF($E$3="COM Desoneração",6,IF($E$3="SEM Desoneração",7))),FALSE),"") -> 0.4 | H28: BDI 1 | I28: =IFERROR(ROUND(G28+(G28*(IF(H28="BDI 1",$E$9,IF(H28="BDI 2",$F$9,)))),2),"") -> 0.5 | J28: =IFERROR((I28*F28),"") -> 376.18
A29: 2.11 | B29: ANP | C29: ANP | D29: ASFALTOS DILUÍDOS CM-30 | E29: t | F29: 0.9 | G29: 4667.8 | H29: BDI 1 | I29: =IFERROR(ROUND(G29+(G29*(IF(H29="BDI 1",$E$9,IF(H29="BDI 2",$F$9,)))),2),"") -> 5794.61 | J29: =IFERROR((I29*F29),"") -> 5215.149
A30: 2.12 | B30: SINAPI | C30: 102330 | D30: =IFERROR(VLOOKUP(CONCATENATE(B30," ",C30),Banco!A:L,4,FALSE),"") -> TRANSPORTE COM CAMINHÃO TANQUE DE TRANSPORTE DE MATERIAL ASFÁLTICO DE 30000 L, EM VIA URBANA PAVIMENTADA, DMT ATÉ 30KM (UNIDADE: TXKM). AF_07/2020 | E30: =IFERROR(VLOOKUP(CONCATENATE(B30," ",C30),Banco!A:L,5,FALSE),"") -> TXKM | F30: 27.08 | G30: =IFERROR(VLOOKUP(CONCATENATE(B30," ",C30),Banco!A:L,IF($E$3="(SELECIONAR)",0,IF($E$3="COM Desoneração",6,IF($E$3="SEM Desoneração",7))),FALSE),"") -> 1,40 | H30: BDI 1 | I30: =IFERROR(ROUND(G30+(G30*(IF(H30="BDI 1",$E$9,IF(H30="BDI 2",$F$9,)))),2),"") -> 1.74 | J30: =IFERROR((I30*F30),"") -> 47.1192
A31: 2.13 | B31: SINAPI | C31: 102331 | D31: =IFERROR(VLOOKUP(CONCATENATE(B31," ",C31),Banco!A:L,4,FALSE),"") -> TRANSPORTE COM CAMINHÃO TANQUE DE TRANSPORTE DE MATERIAL ASFÁLTICO DE 30000 L, EM VIA URBANA PAVIMENTADA, ADICIONAL PARA DMT EXCEDENTE A 30 KM (UNIDADE: TXKM). AF_07/2020 | E31: =IFERROR(VLOOKUP(CONCATENATE(B31," ",C31),Banco!A:L,5,FALSE),"") -> TXKM | F31: 21.5 | G31: =IFERROR(VLOOKUP(CONCATENATE(B31," ",C31),Banco!A:L,IF($E$3="(SELECIONAR)",0,IF($E$3="COM Desoneração",6,IF($E$3="SEM Desoneração",7))),FALSE),"") -> 0,55 | H31: BDI 1 | I31: =IFERROR(ROUND(G31+(G31*(IF(H31="BDI 1",$E$9,IF(H31="BDI 2",$F$9,)))),2),"") -> 0.68 | J31: =IFERROR((I31*F31),"") -> 14.62
A32: 2.14 | B32: SETOP | C32: RO-00389 | D32: =IFERROR(VLOOKUP(CONCATENATE(B32," ",C32),Banco!A:L,4,FALSE),"") -> Pintura de ligação (Execução, exclui fornecimento e transporte do material betuminoso até a obra) | E32: =IFERROR(VLOOKUP(CONCATENATE(B32," ",C32),Banco!A:L,5,FALSE),"") -> m2 | F32: 752 | G32: =IFERROR(VLOOKUP(CONCATENATE(B32," ",C32),Banco!A:L,IF($E$3="(SELECIONAR)",0,IF($E$3="COM Desoneração",6,IF($E$3="SEM Desoneração",7))),FALSE),"") -> 0.31 | H32: BDI 1 | I32: =IFERROR(ROUND(G32+(G32*(IF(H32="BDI 1",$E$9,IF(H32="BDI 2",$F$9,)))),2),"") -> 0.38 | J32: =IFERROR((I32*F32),"") -> 285.76
A33: 2.15 | B33: ANP | C33: ANP | D33: Emulsão asfáltica - RR-1C | E33: t | F33: 0.37 | G33: 2556.8 | H33: BDI 1 | I33: =IFERROR(ROUND(G33+(G33*(IF(H33="BDI 1",$E$9,IF(H33="BDI 2",$F$9,)))),2),"") -> 3174.01 | J33: =IFERROR((I33*F33),"") -> 1174.3837
A34: 2.16 | B34: SINAPI | C34: 102330 | D34: =IFERROR(VLOOKUP(CONCATENATE(B34," ",C34),Banco!A:L,4,FALSE),"") -> TRANSPORTE COM CAMINHÃO TANQUE DE TRANSPORTE DE MATERIAL ASFÁLTICO DE 30000 L, EM VIA URBANA PAVIMENTADA, DMT ATÉ 30KM (UNIDADE: TXKM). AF_07/2020 | E34: =IFERROR(VLOOKUP(CONCATENATE(B34," ",C34),Banco!A:L,5,FALSE),"") -> TXKM | F34: 11.28 | G34: =IFERROR(VLOOKUP(CONCATENATE(B34," ",C34),Banco!A:L,IF($E$3="(SELECIONAR)",0,IF($E$3="COM Desoneração",6,IF($E$3="SEM Desoneração",7))),FALSE),"") -> 1,40 | H34: BDI 1 | I34: =IFERROR(ROUND(G34+(G34*(IF(H34="BDI 1",$E$9,IF(H34="BDI 2",$F$9,)))),2),"") -> 1.74 | J34: =IFERROR((I34*F34),"") -> 19.6272
A35: 2.17 | B35: SINAPI | C35: 102331 | D35: =IFERROR(VLOOKUP(CONCATENATE(B35," ",C35),Banco!A:L,4,FALSE),"") -> TRANSPORTE COM CAMINHÃO TANQUE DE TRANSPORTE DE MATERIAL ASFÁLTICO DE 30000 L, EM VIA URBANA PAVIMENTADA, ADICIONAL PARA DMT EXCEDENTE A 30 KM (UNIDADE: TXKM). AF_07/2020 | E35: =IFERROR(VLOOKUP(CONCATENATE(B35," ",C35),Banco!A:L,5,FALSE),"") -> TXKM | F35: 8.07 | G35: =IFERROR(VLOOKUP(CONCATENATE(B35," ",C35),Banco!A:L,IF($E$3="(SELECIONAR)",0,IF($E$3="COM Desoneração",6,IF($E$3="SEM Desoneração",7))),FALSE),"") -> 0,55 | H35: BDI 1 | I35: =IFERROR(ROUND(G35+(G35*(IF(H35="BDI 1",$E$9,IF(H35="BDI 2",$F$9,)))),2),"") -> 0.68 | J35: =IFERROR((I35*F35),"") -> 5.4876
A36: 2.18 | B36: SINAPI | C36: 95995 | D36: =IFERROR(VLOOKUP(CONCATENATE(B36," ",C36),Banco!A:L,4,FALSE),"") -> EXECUÇÃO DE PAVIMENTO COM APLICAÇÃO DE CONCRETO ASFÁLTICO, CAMADA DE ROLAMENTO - EXCLUSIVE CARGA E TRANSPORTE. AF_11/2019 | E36: =IFERROR(VLOOKUP(CONCATENATE(B36," ",C36),Banco!A:L,5,FALSE),"") -> M3 | F36: 30.09 | G36: =IFERROR(VLOOKUP(CONCATENATE(B36," ",C36),Banco!A:L,IF($E$3="(SELECIONAR)",0,IF($E$3="COM Desoneração",6,IF($E$3="SEM Desoneração",7))),FALSE),"") -> 1.853,08 | H36: BDI 1 | I36: =IFERROR(ROUND(G36+(G36*(IF(H36="BDI 1",$E$9,IF(H36="BDI 2",$F$9,)))),2),"") -> 2300.41 | J36: =IFERROR((I36*F36),"") -> 69219.337
A37: 2.19 | B37: SINAPI | C37: 100987 | D37: =IFERROR(VLOOKUP(CONCATENATE(B37," ",C37),Banco!A:L,4,FALSE),"") -> CARGA DE MISTURA ASFÁLTICA EM CAMINHÃO BASCULANTE 14 M³ (UNIDADE: M3). AF_07/2020 | E37: =IFERROR(VLOOKUP(CONCATENATE(B37," ",C37),Banco!A:L,5,FALSE),"") -> M3 | F37: 30.09 | G37: =IFERROR(VLOOKUP(CONCATENATE(B37," ",C37),Banco!A:L,IF($E$3="(SELECIONAR)",0,IF($E$3="COM Desoneração",6,IF($E$3="SEM Desoneração",7))),FALSE),"") -> 10,56 | H37: BDI 1 | I37: =IFERROR(ROUND(G37+(G37*(IF(H37="BDI 1",$E$9,IF(H37="BDI 2",$F$9,)))),2),"") -> 13.11 | J37: =IFERROR((I37*F37),"") -> 394.4799
A38: 2.20 | B38: SINAPI | C38: 95876 | D38: =IFERROR(VLOOKUP(CONCATENATE(B38," ",C38),Banco!A:L,4,FALSE),"") -> TRANSPORTE COM CAMINHÃO BASCULANTE DE 14 M³, EM VIA URBANA PAVIMENTADA, DMT ATÉ 30 KM (UNIDADE: M3XKM). AF_07/2020 | E38: =IFERROR(VLOOKUP(CONCATENATE(B38," ",C38),Banco!A:L,5,FALSE),"") -> M3XKM | F38: 902.7 | G38: =IFERROR(VLOOKUP(CONCATENATE(B38," ",C38),Banco!A:L,IF($E$3="(SELECIONAR)",0,IF($E$3="COM Desoneração",6,IF($E$3="SEM Desoneração",7))),FALSE),"") -> 2,18 | H38: BDI 1 | I38: =IFERROR(ROUND(G38+(G38*(IF(H38="BDI 1",$E$9,IF(H38="BDI 2",$F$9,)))),2),"") -> 2.71 | J38: =IFERROR((I38*F38),"") -> 2446.317
A39: 2.21 | B39: SINAPI | C39: 93593 | D39: =IFERROR(VLOOKUP(CONCATENATE(B39," ",C39),Banco!A:L,4,FALSE),"") -> TRANSPORTE COM CAMINHÃO BASCULANTE DE 14 M³, EM VIA URBANA PAVIMENTADA, ADICIONAL PARA DMT EXCEDENTE A 30 KM (UNIDADE: M3XKM). AF_07/2020 | E39: =IFERROR(VLOOKUP(CONCATENATE(B39," ",C39),Banco!A:L,5,FALSE),"") -> M3XKM | F39: 646.93 | G39: =IFERROR(VLOOKUP(CONCATENATE(B39," ",C39),Banco!A:L,IF($E$3="(SELECIONAR)",0,IF($E$3="COM Desoneração",6,IF($E$3="SEM Desoneração",7))),FALSE),"") -> 0,88 | H39: BDI 1 | I39: =IFERROR(ROUND(G39+(G39*(IF(H39="BDI 1",$E$9,IF(H39="BDI 2",$F$9,)))),2),"") -> 1.09 | J39: =IFERROR((I39*F39),"") -> 705.1537
A40: 2.22 | B40: SINAPI | C40: 94287 | D40: =IFERROR(VLOOKUP(CONCATENATE(B40," ",C40),Banco!A:L,4,FALSE),"") -> EXECUÇÃO DE SARJETA DE CONCRETO USINADO, MOLDADA IN LOCO EM TRECHO RETO, 30 CM BASE X 10 CM ALTURA. AF_01/2024 | E40: =IFERROR(VLOOKUP(CONCATENATE(B40," ",C40),Banco!A:L,5,FALSE),"") -> M | F40: 646.93 | G40: =IFERROR(VLOOKUP(CONCATENATE(B40," ",C40),Banco!A:L,IF($E$3="(SELECIONAR)",0,IF($E$3="COM Desoneração",6,IF($E$3="SEM Desoneração",7))),FALSE),"") -> 33,66 | H40: BDI 1 | I40: =IFERROR(ROUND(G40+(G40*(IF(H40="BDI 1",$E$9,IF(H40="BDI 2",$F$9,)))),2),"") -> 41.79 | J40: =IFERROR((I40*F40),"") -> 27035.205
B42: Monte Sião MG
B43: Local | F43: Responsável Técnico
F44: Nome: | G44: Marcelino Antonio Vicentim
B45: 45534 | F45: CREA/CAU: | G45: ENG. CIVIL - CREA 69.396/D
B46: Data | F46: ART/RRT:

Sheet CRONO
A1: CRONOGRAMA
D2: SOLICITANTE:
D3: =P.O.!D3 -> Prefeitura Municipal de Monte Sião MG
D5: OBJETO: | F5: LOCAL:
D6: =P.O.!D6 -> Reconstrução de pavimento asfáltico | F6: =P.O.!E6 -> Av. Rafael David Comparini e Geraldo A. da Silva – Loteamento São Rafael.
D8: COORDENADAS DA OBRA (INICIO E FINAL): | F8: TEMPO DE OBRA: | H8: VALOR TOTAL DA OBRA:
F9: 1 | H9: =P.O.!G9 -> 142852.81
B11: TOTAL: | F11: FÍSICO % | G11: =SUMIF(E:E,1,G:G) -> 1 | H11: =H12/$G$12 -> 1
F12: FINANCEIRO | G12: =SUMIF(E:E,2,G:G) -> 142852.81 | H12: =SUMIF($E:$E,2,H:H) -> 142852.81
F13: FÍSICO % | G13: ACUMULADO | H13: =H11 -> 1
F14: FINANCEIRO | G14: ACUMULADO | H14: =H12 -> 142852.81
B16: Item | C16: Descrição | F16: Fisico / Financeiro | G16: Total das etapas | H16: 1
B17: 1 | C17: =IFERROR(VLOOKUP(B17,P.O.!A:J,4,FALSE),"") -> SERVIÇOS PRELIMINARES | E17: 1 | F17: FÍSICO % | G17: =G18/$H$9 -> 0.012125033 | H17: 1
E18: 2 | F18: FINANCEIRO | G18: =IFERROR(VLOOKUP(B17,P.O.!A:J,10,FALSE),0) -> 1732.095 | H18: =(VLOOKUP($F18,$F17:$AJ18,2,FALSE))*H17 -> 1732.095
B19: 2 | C19: =IFERROR(VLOOKUP(B19,P.O.!A:J,4,FALSE),"") -> RECONSTRUÇÃO DO TRECHO | E19: =$E$17 -> 1 | F19: FÍSICO % | G19: =G20/$H$9 -> 0.98787497 | H19: 1
E20: =$E$18 -> 2 | F20: FINANCEIRO | G20: =IFERROR(VLOOKUP(B19,P.O.!A:J,10,FALSE),0) -> 141120.71 | H20: =(VLOOKUP($F20,$F19:$AJ20,2,FALSE))*H19 -> 141120.71
B24: =P.O.!B42 -> Monte Sião MG
B25: Local | F25: Responsável Técnico
F26: Nome: | G26: =IFERROR(P.O.!G44,"") -> Marcelino Antonio Vicentim
B27: =P.O.!B45 -> 45534 | F27: CREA/CAU: | G27: =IFERROR(P.O.!G45,"") -> ENG. CIVIL - CREA 69.396/D
B28: Data | F28: ART/RRT: | G28: =IFERROR(P.O.!G46,"") -> 0
